Workbook

Sheet Menu
C7: Planilha Interativa
C8: Interactive Spreadsheet
C10: Última atualização em: | D10: 46022
C11: Last update on
C12: Linguagem: | D12: PT
C13: Language

Sheet Dados Financeiros
E1: =VALUE(IF(LEN(E2)=4,0,9)&MID(E2,3,2)&LEFT(E2,1)) -> 71 | F1: =VALUE(IF(LEN(F2)=4,0,9)&MID(F2,3,2)&LEFT(F2,1)) -> 72 | G1: =VALUE(IF(LEN(G2)=4,0,9)&MID(G2,3,2)&LEFT(G2,1)) -> 73 | H1: =VALUE(IF(LEN(H2)=4,0,9)&MID(H2,3,2)&LEFT(H2,1)) -> 74 | I1: =VALUE(IF(LEN(I2)=4,0,9)&MID(I2,3,2)&LEFT(I2,1)) -> 81 | J1: =VALUE(IF(LEN(J2)=4,0,9)&MID(J2,3,2)&LEFT(J2,1)) -> 82 | K1: =VALUE(IF(LEN(K2)=4,0,9)&MID(K2,3,2)&LEFT(K2,1)) -> 83 | L1: =VALUE(IF(LEN(L2)=4,0,9)&MID(L2,3,2)&LEFT(L2,1)) -> 84 | ... CF1: =VALUE(IF(LEN(CF2)=4,0,9)&MID(CF2,3,2)&LEFT(CF2,1)) -> 254
E2: 1T07 | F2: 2T07 | G2: 3T07 | H2: 4T07 | I2: 1T08 | J2: 2T08 | K2: 3T08 | L2: 4T08 | M2: 1T09 | N2: 2T09 | O2: 3T09 | P2: 4T09 | Q2: 1T10 | R2: 2T10 | S2: 3T10 | T2: 4T10 | U2: 1T11 | V2: 2T11 | W2: 3T11 | X2: 4T11 | Y2: 1T12* | Z2: 1T12 | AA2: 2T12* | AB2: 2T12 | AC2: 3T12* | AD2: 3T12 | AE2: 4T12* | AF2: 4T12 | AG2: 1T13 | AH2: 2T13 | AI2: 3T13 | AJ2: 4T13 | AK2: 1T14 | AL2: 2T14 | AM2: 3T14 | AN2: 4T14 | AO2: 1T15 | AP2: 2T15 | AQ2: 3T15 | AR2: 4T15 | AS2: 1T16 | AT2: 2T16 | AU2: 3T16 | AV2: 4T16 | AW2: 1T17 | AX2: 2T17 | AY2: 3T17 | AZ2: 4T17 | BA2: 1T18 | BB2: 2T18 | BC2: 3T18 | BD2: 4T18 | BE2: 1T19 | BF2: 2T19 | BG2: 3T19 | BH2: 4T19 | BI2: 1T20 | BJ2: 2T20 | BK2: 3T20 | BL2: 4T20 | BM2: 1T21 | BN2: 2T21 | BO2: 3T21 | BP2: 4T21 | BQ2: 1T22 | BR2: 2T22 | BS2: 3T22 | BT2: 4T22 | BU2: 1T23 | BV2: 2T23 | BW2: 3T23 | BX2: 4T23 | BY2: 1T24 | BZ2: 2T24 | CA2: 3T24 | CB2: 4T24 | CC2: 1T25 | CD2: 2T25 | CE2: 3T25 | CF2: 4T25 | CH2: 1S07 | CI2: 9M07 | CJ2: 2007 | CK2: 1S08 | CL2: 9M08 | CM2: 2008 | CN2: 1S09 | CO2: 9M09 | CP2: 2009 | CQ2: 1S10 | CR2: 9M10 | CS2: 2010 | CT2: 1S11 | CU2: 9M11 | CV2: 2011 | CW2: 1S12 | CX2: 9M12 | CY2: 2012 | CZ2: 1S13 | DA2: 9M13 | DB2: 2013 | DC2: 1S14 | DD2: 9M14 | DE2: 2014 | DF2: 1S15 | DG2: 9M15 | DH2: 2015 | DI2: 1S16 | DJ2: 9M16 | DK2: 2016 | DL2: 1S17 | DM2: 9M17 | DN2: 2017 | DO2: 1S18 | DP2: 9M18 | DQ2: 2018 | DR2: 1S19 | DS2: 9M19 | DT2: 2019 | DU2: 1S20 | DV2: 9M20 | DW2: 2020 | DX2: 1S21 | DY2: 9M21 | DZ2: 2021 | EA2: 1S22 | EB2: 9M22 | EC2: 2022 | ED2: 1S23 | EE2: 9M23 | EF2: 2023 | EG2: 1S24 | EH2: 9M24 | EI2: 2024 | EJ2: 1S25 | EK2: 9M25 | EL2: 2025
B3: Trimestre | C3: Quarter | D3: =IF(Menu!$D$12="PT",'Dados Financeiros'!B3,'Dados Financeiros'!C3) -> Trimestre | E3: =IF(Menu!$D$12="PT",'Dados Financeiros'!E2,IF(MID('Dados Financeiros'!E2,2,1)="T",MID('Dados Financeiros'!E2,1,1)&"Q"&MID('Dados Financeiros'!E2,3,2),IF(MID('Dados Financeiros'!E2,2,1)="S",MID('Dados Financeiros'!E2,1,1)&"H"&MID('Dados Financeiros'!E2,3,2),IF(MID('Dados Financeiros'!E2,2,1)="M",MID('Dados Financeiros'!E2,1,1)&"M"&MID('Dados Financeiros'!E2,3,2),'Dados Financeiros'!E2)))) -> 1T07 | F3: =IF(Menu!$D$12="PT",'Dados Financeiros'!F2,IF(MID('Dados Financeiros'!F2,2,1)="T",MID('Dados Financeiros'!F2,1,1)&"Q"&MID('Dados Financeiros'!F2,3,2),IF(MID('Dados Financeiros'!F2,2,1)="S",MID('Dados Financeiros'!F2,1,1)&"H"&MID('Dados Financeiros'!F2,3,2),IF(MID('Dados Financeiros'!F2,2,1)="M",MID('Dados Financeiros'!F2,1,1)&"M"&MID('Dados Financeiros'!F2,3,2),'Dados Financeiros'!F2)))) -> 2T07 | G3: =IF(Menu!$D$12="PT",'Dados Financeiros'!G2,IF(MID('Dados Financeiros'!G2,2,1)="T",MID('Dados Financeiros'!G2,1,1)&"Q"&MID('Dados Financeiros'!G2,3,2),IF(MID('Dados Financeiros'!G2,2,1)="S",MID('Dados Financeiros'!G2,1,1)&"H"&MID('Dados Financeiros'!G2,3,2),IF(MID('Dados Financeiros'!G2,2,1)="M",MID('Dados Financeiros'!G2,1,1)&"M"&MID('Dados Financeiros'!G2,3,2),'Dados Financeiros'!G2)))) -> 3T07 | H3: =IF(Menu!$D$12="PT",'Dados Financeiros'!H2,IF(MID('Dados Financeiros'!H2,2,1)="T",MID('Dados Financeiros'!H2,1,1)&"Q"&MID('Dados Financeiros'!H2,3,2),IF(MID('Dados Financeiros'!H2,2,1)="S",MID('Dados Financeiros'!H2,1,1)&"H"&MID('Dados Financeiros'!H2,3,2),IF(MID('Dados Financeiros'!H2,2,1)="M",MID('Dados Financeiros'!H2,1,1)&"M"&MID('Dados Financeiros'!H2,3,2),'Dados Financeiros'!H2)))) -> 4T07 | I3: =IF(Menu!$D$12="PT",'Dados Financeiros'!I2,IF(MID('Dados Financeiros'!I2,2,1)="T",MID('Dados Financeiros'!I2,1,1)&"Q"&MID('Dados Financeiros'!I2,3,2),IF(MID('Dados Financeiros'!I2,2,1)="S",MID('Dados Financeiros'!I2,1,1)&"H"&MID('Dados Financeiros'!I2,3,2),IF(MID('Dados Financeiros'!I2,2,1)="M",MID('Dados Financeiros'!I2,1,1)&"M"&MID('Dados Financeiros'!I2,3,2),'Dados Financeiros'!I2)))) -> 1T08 | J3: =IF(Menu!$D$12="PT",'Dados Financeiros'!J2,IF(MID('Dados Financeiros'!J2,2,1)="T",MID('Dados Financeiros'!J2,1,1)&"Q"&MID('Dados Financeiros'!J2,3,2),IF(MID('Dados Financeiros'!J2,2,1)="S",MID('Dados Financeiros'!J2,1,1)&"H"&MID('Dados Financeiros'!J2,3,2),IF(MID('Dados Financeiros'!J2,2,1)="M",MID('Dados Financeiros'!J2,1,1)&"M"&MID('Dados Financeiros'!J2,3,2),'Dados Financeiros'!J2)))) -> 2T08 | K3: =IF(Menu!$D$12="PT",'Dados Financeiros'!K2,IF(MID('Dados Financeiros'!K2,2,1)="T",MID('Dados Financeiros'!K2,1,1)&"Q"&MID('Dados Financeiros'!K2,3,2),IF(MID('Dados Financeiros'!K2,2,1)="S",MID('Dados Financeiros'!K2,1,1)&"H"&MID('Dados Financeiros'!K2,3,2),IF(MID('Dados Financeiros'!K2,2,1)="M",MID('Dados Financeiros'!K2,1,1)&"M"&MID('Dados Financeiros'!K2,3,2),'Dados Financeiros'!K2)))) -> 3T08 | L3: =IF(Menu!$D$12="PT",'Dados Financeiros'!L2,IF(MID('Dados Financeiros'!L2,2,1)="T",MID('Dados Financeiros'!L2,1,1)&"Q"&MID('Dados Financeiros'!L2,3,2),IF(MID('Dados Financeiros'!L2,2,1)="S",MID('Dados Financeiros'!L2,1,1)&"H"&MID('Dados Financeiros'!L2,3,2),IF(MID('Dados Financeiros'!L2,2,1)="M",MID('Dados Financeiros'!L2,1,1)&"M"&MID('Dados Financeiros'!L2,3,2),'Dados Financeiros'!L2)))) -> 4T08 | ... CB3: =IF(Menu!$D$12="PT",'Dados Financeiros'!CB2,IF(MID('Dados Financeiros'!CB2,2,1)="T",MID('Dados Financeiros'!CB2,1,1)&"Q"&MID('Dados Financeiros'!CB2,3,2),IF(MID('Dados Financeiros'!CB2,2,1)="S",MID('Dados Financeiros'!CB2,1,1)&"H"&MID('Dados Financeiros'!CB2,3,2),IF(MID('Dados Financeiros'!CB2,2,1)="M",MID('Dados Financeiros'!CB2,1,1)&"M"&MID('Dados Financeiros'!CB2,3,2),'Dados Financeiros'!CB2)))) -> 4T24 | CC3: {=IF(Menu!$D$12="PT",'Dados Financeiros'!CC2,IF(DXT.TEXTO('Dados Financeiros'!CC2,2,1)="T",MID('Dados Financeiros'!CC2,1,1)&"Q"&MID('Dados Financeiros'!CC2,3,2),IF(DXT.TEXTO('Dados Financeiros'!CC2,2,1)="S",MID('Dados Financeiros'!CC2,1,1)&"H"&MID('Dados Financeiros'!CC2,3,2),IF(DXT.TEXTO('Dados Financeiros'!CC2,2,1)="M",MID('Dados Financeiros'!CC2,1,1)&"M"&MID('Dados Financeiros'!CC2,3,2),'Dados Financeiros'!CC2))))} -> 1T25 | CD3: {=IF(Menu!$D$12="PT",'Dados Financeiros'!CD2,IF(DXT.TEXTO('Dados Financeiros'!CD2,2,1)="T",MID('Dados Financeiros'!CD2,1,1)&"Q"&MID('Dados Financeiros'!CD2,3,2),IF(DXT.TEXTO('Dados Financeiros'!CD2,2,1)="S",MID('Dados Financeiros'!CD2,1,1)&"H"&MID('Dados Financeiros'!CD2,3,2),IF(DXT.TEXTO('Dados Financeiros'!CD2,2,1)="M",MID('Dados Financeiros'!CD2,1,1)&"M"&MID('Dados Financeiros'!CD2,3,2),'Dados Financeiros'!CD2))))} -> 2T25 | CE3: {=IF(Menu!$D$12="PT",'Dados Financeiros'!CE2,IF(DXT.TEXTO('Dados Financeiros'!CE2,2,1)="T",MID('Dados Financeiros'!CE2,1,1)&"Q"&MID('Dados Financeiros'!CE2,3,2),IF(DXT.TEXTO('Dados Financeiros'!CE2,2,1)="S",MID('Dados Financeiros'!CE2,1,1)&"H"&MID('Dados Financeiros'!CE2,3,2),IF(DXT.TEXTO('Dados Financeiros'!CE2,2,1)="M",MID('Dados Financeiros'!CE2,1,1)&"M"&MID('Dados Financeiros'!CE2,3,2),'Dados Financeiros'!CE2))))} -> 3T25 | CF3: {=IF(Menu!$D$12="PT",'Dados Financeiros'!CF2,IF(DXT.TEXTO('Dados Financeiros'!CF2,2,1)="T",MID('Dados Financeiros'!CF2,1,1)&"Q"&MID('Dados Financeiros'!CF2,3,2),IF(DXT.TEXTO('Dados Financeiros'!CF2,2,1)="S",MID('Dados Financeiros'!CF2,1,1)&"H"&MID('Dados Financeiros'!CF2,3,2),IF(DXT.TEXTO('Dados Financeiros'!CF2,2,1)="M",MID('Dados Financeiros'!CF2,1,1)&"M"&MID('Dados Financeiros'!CF2,3,2),'Dados Financeiros'!CF2))))} -> 4T25 | CH3: =IF(Menu!$D$12="PT",'Dados Financeiros'!CH2,IF(MID('Dados Financeiros'!CH2,2,1)="T",MID('Dados Financeiros'!CH2,1,1)&"Q"&MID('Dados Financeiros'!CH2,3,2),IF(MID('Dados Financeiros'!CH2,2,1)="S",MID('Dados Financeiros'!CH2,1,1)&"H"&MID('Dados Financeiros'!CH2,3,2),IF(MID('Dados Financeiros'!CH2,2,1)="M",MID('Dados Financeiros'!CH2,1,1)&"M"&MID('Dados Financeiros'!CH2,3,2),'Dados Financeiros'!CH2)))) -> 1S07 | CI3: =IF(Menu!$D$12="PT",'Dados Financeiros'!CI2,IF(MID('Dados Financeiros'!CI2,2,1)="T",MID('Dados Financeiros'!CI2,1,1)&"Q"&MID('Dados Financeiros'!CI2,3,2),IF(MID('Dados Financeiros'!CI2,2,1)="S",MID('Dados Financeiros'!CI2,1,1)&"H"&MID('Dados Financeiros'!CI2,3,2),IF(MID('Dados Financeiros'!CI2,2,1)="M",MID('Dados Financeiros'!CI2,1,1)&"M"&MID('Dados Financeiros'!CI2,3,2),'Dados Financeiros'!CI2)))) -> 9M07 | CJ3: =IF(Menu!$D$12="PT",'Dados Financeiros'!CJ2,IF(MID('Dados Financeiros'!CJ2,2,1)="T",MID('Dados Financeiros'!CJ2,1,1)&"Q"&MID('Dados Financeiros'!CJ2,3,2),IF(MID('Dados Financeiros'!CJ2,2,1)="S",MID('Dados Financeiros'!CJ2,1,1)&"H"&MID('Dados Financeiros'!CJ2,3,2),IF(MID('Dados Financeiros'!CJ2,2,1)="M",MID('Dados Financeiros'!CJ2,1,1)&"M"&MID('Dados Financeiros'!CJ2,3,2),'Dados Financeiros'!CJ2)))) -> 2007 | CK3: =IF(Menu!$D$12="PT",'Dados Financeiros'!CK2,IF(MID('Dados Financeiros'!CK2,2,1)="T",MID('Dados Financeiros'!CK2,1,1)&"Q"&MID('Dados Financeiros'!CK2,3,2),IF(MID('Dados Financeiros'!CK2,2,1)="S",MID('Dados Financeiros'!CK2,1,1)&"H"&MID('Dados Financeiros'!CK2,3,2),IF(MID('Dados Financeiros'!CK2,2,1)="M",MID('Dados Financeiros'!CK2,1,1)&"M"&MID('Dados Financeiros'!CK2,3,2),'Dados Financeiros'!CK2)))) -> 1S08 | CL3: =IF(Menu!$D$12="PT",'Dados Financeiros'!CL2,IF(MID('Dados Financeiros'!CL2,2,1)="T",MID('Dados Financeiros'!CL2,1,1)&"Q"&MID('Dados Financeiros'!CL2,3,2),IF(MID('Dados Financeiros'!CL2,2,1)="S",MID('Dados Financeiros'!CL2,1,1)&"H"&MID('Dados Financeiros'!CL2,3,2),IF(MID('Dados Financeiros'!CL2,2,1)="M",MID('Dados Financeiros'!CL2,1,1)&"M"&MID('Dados Financeiros'!CL2,3,2),'Dados Financeiros'!CL2)))) -> 9M08 | CM3: =IF(Menu!$D$12="PT",'Dados Financeiros'!CM2,IF(MID('Dados Financeiros'!CM2,2,1)="T",MID('Dados Financeiros'!CM2,1,1)&"Q"&MID('Dados Financeiros'!CM2,3,2),IF(MID('Dados Financeiros'!CM2,2,1)="S",MID('Dados Financeiros'!CM2,1,1)&"H"&MID('Dados Financeiros'!CM2,3,2),IF(MID('Dados Financeiros'!CM2,2,1)="M",MID('Dados Financeiros'!CM2,1,1)&"M"&MID('Dados Financeiros'!CM2,3,2),'Dados Financeiros'!CM2)))) -> 2008 | CN3: =IF(Menu!$D$12="PT",'Dados Financeiros'!CN2,IF(MID('Dados Financeiros'!CN2,2,1)="T",MID('Dados Financeiros'!CN2,1,1)&"Q"&MID('Dados Financeiros'!CN2,3,2),IF(MID('Dados Financeiros'!CN2,2,1)="S",MID('Dados Financeiros'!CN2,1,1)&"H"&MID('Dados Financeiros'!CN2,3,2),IF(MID('Dados Financeiros'!CN2,2,1)="M",MID('Dados Financeiros'!CN2,1,1)&"M"&MID('Dados Financeiros'!CN2,3,2),'Dados Financeiros'!CN2)))) -> 1S09 | CO3: =IF(Menu!$D$12="PT",'Dados Financeiros'!CO2,IF(MID('Dados Financeiros'!CO2,2,1)="T",MID('Dados Financeiros'!CO2,1,1)&"Q"&MID('Dados Financeiros'!CO2,3,2),IF(MID('Dados Financeiros'!CO2,2,1)="S",MID('Dados Financeiros'!CO2,1,1)&"H"&MID('Dados Financeiros'!CO2,3,2),IF(MID('Dados Financeiros'!CO2,2,1)="M",MID('Dados Financeiros'!CO2,1,1)&"M"&MID('Dados Financeiros'!CO2,3,2),'Dados Financeiros'!CO2)))) -> 9M09 | ... EL3: =IF(Menu!$D$12="PT",'Dados Financeiros'!EL2,IF(MID('Dados Financeiros'!EL2,2,1)="T",MID('Dados Financeiros'!EL2,1,1)&"Q"&MID('Dados Financeiros'!EL2,3,2),IF(MID('Dados Financeiros'!EL2,2,1)="S",MID('Dados Financeiros'!EL2,1,1)&"H"&MID('Dados Financeiros'!EL2,3,2),IF(MID('Dados Financeiros'!EL2,2,1)="M",MID('Dados Financeiros'!EL2,1,1)&"M"&MID('Dados Financeiros'!EL2,3,2),'Dados Financeiros'!EL2)))) -> 2025
B5: Balanço Patrimonial | C5: Balance Sheet | D5: =IF(Menu!$D$12="PT",'Dados Financeiros'!B5,'Dados Financeiros'!C5) -> Balanço Patrimonial
B7: Ativo | C7: Assets | D7: =IF(Menu!$D$12="PT",'Dados Financeiros'!B7,'Dados Financeiros'!C7) -> Ativo
B9: Circulante | C9: Current assets | D9: =IF(Menu!$D$12="PT",'Dados Financeiros'!B9,'Dados Financeiros'!C9) -> Circulante | E9: =SUM(E10:E18) -> 943774 | F9: =SUM(F10:F18) -> 846422 | G9: =SUM(G10:G18) -> 858375 | H9: =SUM(H10:H18) -> 646579 | I9: =SUM(I10:I18) -> 646901 | J9: =SUM(J10:J18) -> 757328 | K9: =SUM(K10:K18) -> 785964 | L9: =SUM(L10:L18) -> 849603 | ... BN9: =SUM(BN10:BN18) -> 679448 | BO9: 706226 | BP9: =SUM(BP10:BP18) -> 767890 | BQ9: =SUM(BQ10:BQ18) -> 790823 | BR9: =SUM(BR10:BR18) -> 783354 | BS9: =SUM(BS10:BS18) -> 795778 | BT9: =SUM(BT10:BT18) -> 861002 | BU9: =SUM(BU10:BU18) -> 892586 | BV9: =SUM(BV10:BV18) -> 831367 | BW9: =SUM(BW10:BW18) -> 799938 | ... CF9: =SUM(CF10:CF18) -> 493526 | CH9: =SUM(CH10:CH18) -> 846422 | CI9: =SUM(CI10:CI18) -> 858375 | CJ9: =SUM(CJ10:CJ18) -> 646579 | CK9: =SUM(CK10:CK18) -> 757328 | CL9: =SUM(CL10:CL18) -> 785964 | CM9: =SUM(CM10:CM18) -> 849603 | CN9: =SUM(CN10:CN18) -> 970478 | CO9: =SUM(CO10:CO18) -> 1085032 | ... EL9: =SUM(EL10:EL18) -> 395120
B10: Caixa e Equivalentes de Caixa | C10: Cash and cash equivalents | D10: =IF(Menu!$D$12="PT",'Dados Financeiros'!B10,'Dados Financeiros'!C10) -> Caixa e Equivalentes de Caixa | E10: 423716 | F10: 217050 | G10: 147447 | H10: 52905 | I10: 102298 | J10: 121451 | K10: 119571 | L10: 43666 | M10: 79996 | N10: 69908 | O10: 34971 | P10: 356723 | Q10: 327833 | R10: 270959 | S10: 340250 | T10: 278124 | U10: 570288 | V10: =288691+11989 -> 300680 | W10: 464173 | X10: 414467 | Y10: 396013 | Z10: 350044 | AA10: 375638 | AB10: 316811 | AC10: 319117 | AD10: 257010 | AE10: 178042 | AF10: 95264 | AG10: 286345 | AH10: 412433 | AI10: 331538 | AJ10: 335134 | AK10: 310585 | AL10: 407890 | AM10: 246175 | AN10: 251831 | AO10: 365272 | AP10: 313126 | AQ10: 168896 | AR10: 99026 | AS10: 43857 | AT10: 16849 | AU10: 39180 | AV10: 12117 | AW10: 10300 | AX10: 23208 | AY10: 34503 | AZ10: 10254 | BA10: 11173 | BB10: 10609 | BC10: 12584 | BD10: 14536 | BE10: 6065 | BF10: 4269 | BG10: 231912 | BH10: 251919 | BI10: 196418 | BJ10: 221021 | BK10: 161565 | BL10: 101813 | BM10: 121139 | BN10: 90213 | BO10: 113496 | BP10: 103863 | BQ10: 126761 | BR10: 98666 | BS10: 88982 | BT10: 113662 | BU10: 168018 | BV10: 143211 | BW10: 143418 | BX10: 83865 | BY10: 176331 | BZ10: 178968 | CA10: 148797 | CB10: 130821 | CC10: 121619 | CD10: 65101 | CE10: 42380 | CF10: 199508 | CH10: =INDIRECT(ADDRESS(ROW(),MATCH(IF(LEFT(CH$2,2)="1S","2T",IF(LEFT(CH$2,2)="9M","3T","4T"))&RIGHT(CH$2,2),$A$2:$CG$2,0))) -> 217050 | CI10: =INDIRECT(ADDRESS(ROW(),MATCH(IF(LEFT(CI$2,2)="1S","2T",IF(LEFT(CI$2,2)="9M","3T","4T"))&RIGHT(CI$2,2),$A$2:$CG$2,0))) -> 147447 | CJ10: =INDIRECT(ADDRESS(ROW(),MATCH(IF(LEFT(CJ$2,2)="1S","2T",IF(LEFT(CJ$2,2)="9M","3T","4T"))&RIGHT(CJ$2,2),$A$2:$CG$2,0))) -> 52905 | CK10: =INDIRECT(ADDRESS(ROW(),MATCH(IF(LEFT(CK$2,2)="1S","2T",IF(LEFT(CK$2,2)="9M","3T","4T"))&RIGHT(CK$2,2),$A$2:$CG$2,0))) -> 121451 | CL10: =INDIRECT(ADDRESS(ROW(),MATCH(IF(LEFT(CL$2,2)="1S","2T",IF(LEFT(CL$2,2)="9M","3T","4T"))&RIGHT(CL$2,2),$A$2:$CG$2,0))) -> 119571 | CM10: =INDIRECT(ADDRESS(ROW(),MATCH(IF(LEFT(CM$2,2)="1S","2T",IF(LEFT(CM$2,2)="9M","3T","4T"))&RIGHT(CM$2,2),$A$2:$CG$2,0))) -> 43666 | CN10: =INDIRECT(ADDRESS(ROW(),MATCH(IF(LEFT(CN$2,2)="1S","2T",IF(LEFT(CN$2,2)="9M","3T","4T"))&RIGHT(CN$2,2),$A$2:$CG$2,0))) -> 69908 | CO10: =INDIRECT(ADDRESS(ROW(),MATCH(IF(LEFT(CO$2,2)="1S","2T",IF(LEFT(CO$2,2)="9M","3T","4T"))&RIGHT(CO$2,2),$A$2:$CG$2,0))) -> 34971 | ... EL10: =INDIRECT(ADDRESS(ROW(),MATCH(IF(LEFT(EL$2,2)="1S","2T",IF(LEFT(EL$2,2)="9M","3T","4T"))&RIGHT(EL$2,2),$A$2:$CG$2,0))) -> 199508
B11: Títulos e Valores Mobiliários - CP | C11: Financial assets | D11: =IF(Menu!$D$12="PT",'Dados Financeiros'!B11,'Dados Financeiros'!C11) -> Títulos e Valores Mobiliários - CP | E11: 5132 | F11: 4779 | G11: 9041 | H11: 18146 | I11: 9106 | J11: 12096 | K11: 16690 | L11: 27396 | M11: 32157 | N11: 23449 | O11: 33895 | P11: 63194 | Q11: 37106 | R11: 57565 | S11: 54766 | T11: 11453 | U11: 11705 | V11: 31099 | W11: 11573 | X11: 11374 | Y11: 10941 | Z11: 10941 | AA11: 10996 | AB11: 10996 | AC11: 11222 | AD11: 11222 | AE11: 59408 | AF11: 59408 | AG11: 54487 | AH11: 31375 | AI11: 12455 | AJ11: 8147 | AK11: 3973 | AL11: 3496 | AM11: 3214 | AN11: 5351 | AO11: 1337 | AP11: 141 | AQ11: 36505 | AR11: 93709 | AS11: 65183 | AT11: 90076 | AU11: 51592 | AV11: 79430 | AW11: 14649 | AX11: 45803 | AY11: 11672 | AZ11: 22623 | BA11: 12669 | BB11: 57382 | BC11: 38470 | BD11: 15951 | BE11: 37910 | BF11: 29685 | BG11: 110046 | BH11: 73214 | BI11: 10171 | BJ11: 11563 | BK11: 78086 | BL11: 141889 | BM11: 150759 | BN11: 62873 | BO11: 69957 | BP11: 71145 | BQ11: 56566 | BR11: 60417 | BS11: 47086 | BT11: 87346 | BU11: 22250 | BV11: 17949 | BW11: 25120 | BX11: 16871 | BY11: 24285 | BZ11: 40525 | CA11: 47369 | CB11: 31447 | CC11: 22982 | CD11: 8526 | CE11: 5705 | CF11: 16372 | CH11: =INDIRECT(ADDRESS(ROW(),MATCH(IF(LEFT(CH$2,2)="1S","2T",IF(LEFT(CH$2,2)="9M","3T","4T"))&RIGHT(CH$2,2),$A$2:$CG$2,0))) -> 4779 | CI11: =INDIRECT(ADDRESS(ROW(),MATCH(IF(LEFT(CI$2,2)="1S","2T",IF(LEFT(CI$2,2)="9M","3T","4T"))&RIGHT(CI$2,2),$A$2:$CG$2,0))) -> 9041 | CJ11: =INDIRECT(ADDRESS(ROW(),MATCH(IF(LEFT(CJ$2,2)="1S","2T",IF(LEFT(CJ$2,2)="9M","3T","4T"))&RIGHT(CJ$2,2),$A$2:$CG$2,0))) -> 18146 | CK11: =INDIRECT(ADDRESS(ROW(),MATCH(IF(LEFT(CK$2,2)="1S","2T",IF(LEFT(CK$2,2)="9M","3T","4T"))&RIGHT(CK$2,2),$A$2:$CG$2,0))) -> 12096 | CL11: =INDIRECT(ADDRESS(ROW(),MATCH(IF(LEFT(CL$2,2)="1S","2T",IF(LEFT(CL$2,2)="9M","3T","4T"))&RIGHT(CL$2,2),$A$2:$CG$2,0))) -> 16690 | CM11: =INDIRECT(ADDRESS(ROW(),MATCH(IF(LEFT(CM$2,2)="1S","2T",IF(LEFT(CM$2,2)="9M","3T","4T"))&RIGHT(CM$2,2),$A$2:$CG$2,0))) -> 27396 | CN11: =INDIRECT(ADDRESS(ROW(),MATCH(IF(LEFT(CN$2,2)="1S","2T",IF(LEFT(CN$2,2)="9M","3T","4T"))&RIGHT(CN$2,2),$A$2:$CG$2,0))) -> 23449 | CO11: =INDIRECT(ADDRESS(ROW(),MATCH(IF(LEFT(CO$2,2)="1S","2T",IF(LEFT(CO$2,2)="9M","3T","4T"))&RIGHT(CO$2,2),$A$2:$CG$2,0))) -> 33895 | ... EL11: =INDIRECT(ADDRESS(ROW(),MATCH(IF(LEFT(EL$2,2)="1S","2T",IF(LEFT(EL$2,2)="9M","3T","4T"))&RIGHT(EL$2,2),$A$2:$CG$2,0))) -> 16372
B12: Contas a receber de clientes - CP | C12: Trade accounts receivable | D12: =IF(Menu!$D$12="PT",'Dados Financeiros'!B12,'Dados Financeiros'!C12) -> Contas a receber de clientes - CP | E12: 100421 | F12: 147192 | G12: 187312 | H12: 185738 | I12: 196212 | J12: 213126 | K12: 236965 | L12: 278420 | M12: 305971 | N12: 360537 | O12: 474569 | P12: 543999 | Q12: 587964 | R12: 661717 | S12: 821431 | T12: 928150 | U12: 1169156 | V12: 1255859 | W12: 1419249 | X12: 1405309 | Y12: 1396334 | Z12: 1077424 | AA12: 1452215 | AB12: 1132680 | AC12: 1540598 | AD12: 1225681 | AE12: 1465406 | AF12: 1197921 | AG12: 1347809 | AH12: 1467467 | AI12: 1709093 | AJ12: 1864565 | AK12: 1894604 | AL12: 1971807 | AM12: 1894446 | AN12: 1662028 | AO12: 1556598 | AP12: 1800586 | AQ12: 1847787 | AR12: 704285 | AS12: 753073 | AT12: 666367 | AU12: 528873 | AV12: 434132 | AW12: 371048 | AX12: 288715 | AY12: 193387 | AZ12: 174483 | BA12: 156373 | BB12: 118381 | BC12: 74816 | BD12: 83157 | BE12: 61537 | BF12: 52347 | BG12: 60693 | BH12: 80655 | BI12: 50951 | BJ12: 49821 | BK12: 50050 | BL12: 47172 | BM12: 31024 | BN12: 38884 | BO12: 28122 | BP12: 30556 | BQ12: 39623 | BR12: 58910 | BS12: 78531 | BT12: 99765 | BU12: 129269 | BV12: 155810 | BW12: 172452 | BX12: 220170 | BY12: 232052 | BZ12: 219325 | CA12: 220991 | CB12: 199736 | CC12: 130342 | CD12: 94847 | CE12: 81254 | CF12: 48797 | CH12: =INDIRECT(ADDRESS(ROW(),MATCH(IF(LEFT(CH$2,2)="1S","2T",IF(LEFT(CH$2,2)="9M","3T","4T"))&RIGHT(CH$2,2),$A$2:$CG$2,0))) -> 147192 | CI12: =INDIRECT(ADDRESS(ROW(),MATCH(IF(LEFT(CI$2,2)="1S","2T",IF(LEFT(CI$2,2)="9M","3T","4T"))&RIGHT(CI$2,2),$A$2:$CG$2,0))) -> 187312 | CJ12: =INDIRECT(ADDRESS(ROW(),MATCH(IF(LEFT(CJ$2,2)="1S","2T",IF(LEFT(CJ$2,2)="9M","3T","4T"))&RIGHT(CJ$2,2),$A$2:$CG$2,0))) -> 185738 | CK12: =INDIRECT(ADDRESS(ROW(),MATCH(IF(LEFT(CK$2,2)="1S","2T",IF(LEFT(CK$2,2)="9M","3T","4T"))&RIGHT(CK$2,2),$A$2:$CG$2,0))) -> 213126 | CL12: =INDIRECT(ADDRESS(ROW(),MATCH(IF(LEFT(CL$2,2)="1S","2T",IF(LEFT(CL$2,2)="9M","3T","4T"))&RIGHT(CL$2,2),$A$2:$CG$2,0))) -> 236965 | CM12: =INDIRECT(ADDRESS(ROW(),MATCH(IF(LEFT(CM$2,2)="1S","2T",IF(LEFT(CM$2,2)="9M","3T","4T"))&RIGHT(CM$2,2),$A$2:$CG$2,0))) -> 278420 | CN12: =INDIRECT(ADDRESS(ROW(),MATCH(IF(LEFT(CN$2,2)="1S","2T",IF(LEFT(CN$2,2)="9M","3T","4T"))&RIGHT(CN$2,2),$A$2:$CG$2,0))) -> 360537 | CO12: =INDIRECT(ADDRESS(ROW(),MATCH(IF(LEFT(CO$2,2)="1S","2T",IF(LEFT(CO$2,2)="9M","3T","4T"))&RIGHT(CO$2,2),$A$2:$CG$2,0))) -> 474569 | ... EL12: =INDIRECT(ADDRESS(ROW(),MATCH(IF(LEFT(EL$2,2)="1S","2T",IF(LEFT(EL$2,2)="9M","3T","4T"))&RIGHT(EL$2,2),$A$2:$CG$2,0))) -> 48797
D13: Dividendos a receber - CP | CF13: 98406
B14: Imóveis a comercializar - CP | C14: Properties for sale | D14: =IF(Menu!$D$12="PT",'Dados Financeiros'!B14,'Dados Financeiros'!C14) -> Imóveis a comercializar - CP | E14: 381805 | F14: 427160 | G14: 468709 | H14: 315730 | I14: 290768 | J14: 358717 | K14: 359990 | L14: 448501 | M14: 503882 | N14: 408154 | O14: 428617 | P14: 417587 | Q14: 439499 | R14: 500368 | S14: 707929 | T14: 587430 | U14: 752639 | V14: 719301 | W14: 773524 | X14: 773274 | Y14: 764155 | Z14: 613552 | AA14: 809027 | AB14: 674060 | AC14: 847029 | AD14: 726818 | AE14: 918088 | AF14: 777492 | AG14: 852663 | AH14: 842759 | AI14: 963470 | AJ14: 995216 | AK14: 1105830 | AL14: 1171883 | AM14: 1050317 | AN14: 1123302 | AO14: 916017 | AP14: 1072188 | AQ14: 1022839 | AR14: 1102404 | AS14: 1108253 | AT14: 1159470 | AU14: 1234261 | AV14: 1104722 | AW14: 1026987 | AX14: 1000919 | AY14: 949148 | AZ14: 801551 | BA14: 755620 | BB14: 672707 | BC14: 645687 | BD14: 539332 | BE14: 507003 | BF14: 468245 | BG14: 365843 | BH14: 281605 | BI14: 268755 | BJ14: 247964 | BK14: 258259 | BL14: 376296 | BM14: 334023 | BN14: 445967 | BO14: 449104 | BP14: 520421 | BQ14: 532119 | BR14: 528258 | BS14: 523805 | BT14: 504107 | BU14: 516647 | BV14: 457697 | BW14: 416436 | BX14: 388494 | BY14: 362037 | BZ14: 239817 | CA14: 203007 | CB14: 132402 | CC14: 123651 | CD14: 115055 | CE14: 127396 | CF14: 84239 | CH14: =INDIRECT(ADDRESS(ROW(),MATCH(IF(LEFT(CH$2,2)="1S","2T",IF(LEFT(CH$2,2)="9M","3T","4T"))&RIGHT(CH$2,2),$A$2:$CG$2,0))) -> 427160 | CI14: =INDIRECT(ADDRESS(ROW(),MATCH(IF(LEFT(CI$2,2)="1S","2T",IF(LEFT(CI$2,2)="9M","3T","4T"))&RIGHT(CI$2,2),$A$2:$CG$2,0))) -> 468709 | CJ14: =INDIRECT(ADDRESS(ROW(),MATCH(IF(LEFT(CJ$2,2)="1S","2T",IF(LEFT(CJ$2,2)="9M","3T","4T"))&RIGHT(CJ$2,2),$A$2:$CG$2,0))) -> 315730 | CK14: =INDIRECT(ADDRESS(ROW(),MATCH(IF(LEFT(CK$2,2)="1S","2T",IF(LEFT(CK$2,2)="9M","3T","4T"))&RIGHT(CK$2,2),$A$2:$CG$2,0))) -> 358717 | CL14: =INDIRECT(ADDRESS(ROW(),MATCH(IF(LEFT(CL$2,2)="1S","2T",IF(LEFT(CL$2,2)="9M","3T","4T"))&RIGHT(CL$2,2),$A$2:$CG$2,0))) -> 359990 | CM14: =INDIRECT(ADDRESS(ROW(),MATCH(IF(LEFT(CM$2,2)="1S","2T",IF(LEFT(CM$2,2)="9M","3T","4T"))&RIGHT(CM$2,2),$A$2:$CG$2,0))) -> 448501 | CN14: =INDIRECT(ADDRESS(ROW(),MATCH(IF(LEFT(CN$2,2)="1S","2T",IF(LEFT(CN$2,2)="9M","3T","4T"))&RIGHT(CN$2,2),$A$2:$CG$2,0))) -> 408154 | CO14: =INDIRECT(ADDRESS(ROW(),MATCH(IF(LEFT(CO$2,2)="1S","2T",IF(LEFT(CO$2,2)="9M","3T","4T"))&RIGHT(CO$2,2),$A$2:$CG$2,0))) -> 428617 | ... EL14: =INDIRECT(ADDRESS(ROW(),MATCH(IF(LEFT(EL$2,2)="1S","2T",IF(LEFT(EL$2,2)="9M","3T","4T"))&RIGHT(EL$2,2),$A$2:$CG$2,0))) -> 84239
B15: Despesas pagas antecipadamente | C15: Prepaid expenses | D15: =IF(Menu!$D$12="PT",'Dados Financeiros'!B15,'Dados Financeiros'!C15) -> Despesas pagas antecipadamente | E15: 16172 | F15: 20885 | G15: 14958 | H15: 35473 | I15: 3432 | J15: 3151 | K15: 0 | L15: 2779 | M15: 4183 | N15: 5555 | O15: 6778 | P15: 6180 | Q15: 6119 | R15: 6590 | S15: 6644 | T15: 5433 | U15: 5762 | V15: 7293 | W15: 7833 | X15: 8396 | Y15: 9454 | Z15: 7575 | AA15: 8100 | AB15: 6687 | AC15: 8486 | AD15: 7077 | AE15: 8229 | AF15: 6978 | AG15: 6356 | AH15: 10112 | AI15: 9160 | AJ15: 8852 | AK15: 9220 | AL15: 8778 | AM15: 7168 | AN15: 5390 | AO15: 5795 | AP15: 4959 | AQ15: 3112 | AR15: 1998 | AS15: 2937 | AT15: 2303 | AU15: 1399 | AV15: 1143 | AW15: 4869 | AX15: 6050 | AY15: 6100 | AZ15: 5993 | BA15: 5029 | BB15: 4499 | BC15: 3842 | BD15: 3290 | BE15: 2497 | BF15: 3821 | BG15: 1165 | BH15: 464 | BI15: 918 | BJ15: 703 | BK15: 563 | BL15: 512 | BM15: 1644 | BN15: 1366 | BO15: 1513 | BP15: 1224 | BQ15: 2813 | BR15: 2524 | BS15: 2249 | BT15: 2240 | BU15: 4062 | BV15: 3540 | BW15: 3035 | BX15: 2571 | BY15: 3950 | BZ15: 3300 | CA15: 2976 | CB15: 2037 | CC15: 4116 | CD15: 3482 | CE15: 2213 | CF15: 1416 | CH15: =INDIRECT(ADDRESS(ROW(),MATCH(IF(LEFT(CH$2,2)="1S","2T",IF(LEFT(CH$2,2)="9M","3T","4T"))&RIGHT(CH$2,2),$A$2:$CG$2,0))) -> 20885 | CI15: =INDIRECT(ADDRESS(ROW(),MATCH(IF(LEFT(CI$2,2)="1S","2T",IF(LEFT(CI$2,2)="9M","3T","4T"))&RIGHT(CI$2,2),$A$2:$CG$2,0))) -> 14958 | CJ15: =INDIRECT(ADDRESS(ROW(),MATCH(IF(LEFT(CJ$2,2)="1S","2T",IF(LEFT(CJ$2,2)="9M","3T","4T"))&RIGHT(CJ$2,2),$A$2:$CG$2,0))) -> 35473 | CK15: =INDIRECT(ADDRESS(ROW(),MATCH(IF(LEFT(CK$2,2)="1S","2T",IF(LEFT(CK$2,2)="9M","3T","4T"))&RIGHT(CK$2,2),$A$2:$CG$2,0))) -> 3151 | CL15: =INDIRECT(ADDRESS(ROW(),MATCH(IF(LEFT(CL$2,2)="1S","2T",IF(LEFT(CL$2,2)="9M","3T","4T"))&RIGHT(CL$2,2),$A$2:$CG$2,0))) -> 0 | CM15: =INDIRECT(ADDRESS(ROW(),MATCH(IF(LEFT(CM$2,2)="1S","2T",IF(LEFT(CM$2,2)="9M","3T","4T"))&RIGHT(CM$2,2),$A$2:$CG$2,0))) -> 2779 | CN15: =INDIRECT(ADDRESS(ROW(),MATCH(IF(LEFT(CN$2,2)="1S","2T",IF(LEFT(CN$2,2)="9M","3T","4T"))&RIGHT(CN$2,2),$A$2:$CG$2,0))) -> 5555 | CO15: =INDIRECT(ADDRESS(ROW(),MATCH(IF(LEFT(CO$2,2)="1S","2T",IF(LEFT(CO$2,2)="9M","3T","4T"))&RIGHT(CO$2,2),$A$2:$CG$2,0))) -> 6778 | ... EL15: =INDIRECT(ADDRESS(ROW(),MATCH(IF(LEFT(EL$2,2)="1S","2T",IF(LEFT(EL$2,2)="9M","3T","4T"))&RIGHT(EL$2,2),$A$2:$CG$2,0))) -> 1416
B16: Impostos a recuperar | C16: Taxes and contributions receivable | D16: =IF(Menu!$D$12="PT",'Dados Financeiros'!B16,'Dados Financeiros'!C16) -> Impostos a recuperar | E16: 1965 | F16: 4010 | G16: 5082 | H16: 7667 | I16: 7260 | J16: 7192 | K16: 7622 | L16: 8510 | M16: 9163 | N16: 9688 | O16: 9565 | P16: 9226 | Q16: 10088 | R16: 14435 | S16: 13760 | T16: 14151 | U16: 15683 | V16: 13900 | W16: 17042 | X16: 17029 | Y16: 18430 | Z16: 17133 | AA16: 21767 | AB16: 20256 | AC16: 21456 | AD16: 19566 | AE16: 20475 | AF16: 18436 | AG16: 15777 | AH16: 14573 | AI16: 14324 | AJ16: 14388 | AK16: 14702 | AL16: 15825 | AM16: 17020 | AN16: 16662 | AO16: 16561 | AP16: 20548 | AQ16: 30183 | AR16: 26324 | AS16: 27145 | AT16: 28448 | AU16: 27225 | AV16: 24910 | AW16: 28322 | AX16: 30040 | AY16: 30140 | AZ16: 25869 | BA16: 15472 | BB16: 15356 | BC16: 15298 | BD16: 12428 | BE16: 12371 | BF16: 11670 | BG16: 10368 | BH16: 16712 | BI16: 15783 | BJ16: 15300 | BK16: 14797 | BL16: 12626 | BM16: 13506 | BN16: 13866 | BO16: 13665 | BP16: 13811 | BQ16: 12007 | BR16: 13334 | BS16: 18761 | BT16: 18728 | BU16: 14067 | BV16: 12644 | BW16: 12954 | BX16: 12769 | BY16: 14635 | BZ16: 12231 | CA16: 13199 | CB16: 14162 | CC16: 13702 | CD16: 14208 | CE16: 12648 | CF16: 11510 | CH16: =INDIRECT(ADDRESS(ROW(),MATCH(IF(LEFT(CH$2,2)="1S","2T",IF(LEFT(CH$2,2)="9M","3T","4T"))&RIGHT(CH$2,2),$A$2:$CG$2,0))) -> 4010 | CI16: =INDIRECT(ADDRESS(ROW(),MATCH(IF(LEFT(CI$2,2)="1S","2T",IF(LEFT(CI$2,2)="9M","3T","4T"))&RIGHT(CI$2,2),$A$2:$CG$2,0))) -> 5082 | CJ16: =INDIRECT(ADDRESS(ROW(),MATCH(IF(LEFT(CJ$2,2)="1S","2T",IF(LEFT(CJ$2,2)="9M","3T","4T"))&RIGHT(CJ$2,2),$A$2:$CG$2,0))) -> 7667 | CK16: =INDIRECT(ADDRESS(ROW(),MATCH(IF(LEFT(CK$2,2)="1S","2T",IF(LEFT(CK$2,2)="9M","3T","4T"))&RIGHT(CK$2,2),$A$2:$CG$2,0))) -> 7192 | CL16: =INDIRECT(ADDRESS(ROW(),MATCH(IF(LEFT(CL$2,2)="1S","2T",IF(LEFT(CL$2,2)="9M","3T","4T"))&RIGHT(CL$2,2),$A$2:$CG$2,0))) -> 7622 | CM16: =INDIRECT(ADDRESS(ROW(),MATCH(IF(LEFT(CM$2,2)="1S","2T",IF(LEFT(CM$2,2)="9M","3T","4T"))&RIGHT(CM$2,2),$A$2:$CG$2,0))) -> 8510 | CN16: =INDIRECT(ADDRESS(ROW(),MATCH(IF(LEFT(CN$2,2)="1S","2T",IF(LEFT(CN$2,2)="9M","3T","4T"))&RIGHT(CN$2,2),$A$2:$CG$2,0))) -> 9688 | CO16: =INDIRECT(ADDRESS(ROW(),MATCH(IF(LEFT(CO$2,2)="1S","2T",IF(LEFT(CO$2,2)="9M","3T","4T"))&RIGHT(CO$2,2),$A$2:$CG$2,0))) -> 9565 | ... EL16: =INDIRECT(ADDRESS(ROW(),MATCH(IF(LEFT(EL$2,2)="1S","2T",IF(LEFT(EL$2,2)="9M","3T","4T"))&RIGHT(EL$2,2),$A$2:$CG$2,0))) -> 11510
B17: Outras contas a receber - CP | C17: Other receivables | D17: =IF(Menu!$D$12="PT",'Dados Financeiros'!B17,'Dados Financeiros'!C17) -> Outras contas a receber - CP | BW17: 0 | BX17: 0 | BY17: 0 | BZ17: 29771 | CA17: 0 | CB17: 0 | CC17: 0 | CD17: 38189 | CE17: 40101 | CF17: 33278 | CH17: =INDIRECT(ADDRESS(ROW(),MATCH(IF(LEFT(CH$2,2)="1S","2T",IF(LEFT(CH$2,2)="9M","3T","4T"))&RIGHT(CH$2,2),$A$2:$CG$2,0))) -> 0 | CI17: =INDIRECT(ADDRESS(ROW(),MATCH(IF(LEFT(CI$2,2)="1S","2T",IF(LEFT(CI$2,2)="9M","3T","4T"))&RIGHT(CI$2,2),$A$2:$CG$2,0))) -> 0 | CJ17: =INDIRECT(ADDRESS(ROW(),MATCH(IF(LEFT(CJ$2,2)="1S","2T",IF(LEFT(CJ$2,2)="9M","3T","4T"))&RIGHT(CJ$2,2),$A$2:$CG$2,0))) -> 0 | CK17: =INDIRECT(ADDRESS(ROW(),MATCH(IF(LEFT(CK$2,2)="1S","2T",IF(LEFT(CK$2,2)="9M","3T","4T"))&RIGHT(CK$2,2),$A$2:$CG$2,0))) -> 0 | CL17: =INDIRECT(ADDRESS(ROW(),MATCH(IF(LEFT(CL$2,2)="1S","2T",IF(LEFT(CL$2,2)="9M","3T","4T"))&RIGHT(CL$2,2),$A$2:$CG$2,0))) -> 0 | CM17: =INDIRECT(ADDRESS(ROW(),MATCH(IF(LEFT(CM$2,2)="1S","2T",IF(LEFT(CM$2,2)="9M","3T","4T"))&RIGHT(CM$2,2),$A$2:$CG$2,0))) -> 0 | CN17: =INDIRECT(ADDRESS(ROW(),MATCH(IF(LEFT(CN$2,2)="1S","2T",IF(LEFT(CN$2,2)="9M","3T","4T"))&RIGHT(CN$2,2),$A$2:$CG$2,0))) -> 0 | CO17: =INDIRECT(ADDRESS(ROW(),MATCH(IF(LEFT(CO$2,2)="1S","2T",IF(LEFT(CO$2,2)="9M","3T","4T"))&RIGHT(CO$2,2),$A$2:$CG$2,0))) -> 0 | ... EL17: =INDIRECT(ADDRESS(ROW(),MATCH(IF(LEFT(EL$2,2)="1S","2T",IF(LEFT(EL$2,2)="9M","3T","4T"))&RIGHT(EL$2,2),$A$2:$CG$2,0))) -> 33278
B18: Créditos diversos - CP | C18: Related parties CA | D18: =IF(Menu!$D$12="PT",'Dados Financeiros'!B18,'Dados Financeiros'!C18) -> Créditos diversos - CP | E18: 14563 | F18: 25346 | G18: 25826 | H18: 30920 | I18: 37825 | J18: 41595 | K18: 45126 | L18: 40331 | M18: 38665 | N18: 93187 | O18: 96637 | P18: =56393+50966 -> 107359 | Q18: 118257 | R18: 77683 | S18: 71040 | T18: 76272 | U18: 86527 | V18: 107747 | W18: 90177 | X18: 51268 | Y18: 88984 | Z18: 54607 | AA18: 100817 | AB18: 61697 | AC18: 61472 | AD18: 48574 | AE18: 60738 | AF18: 42957 | AG18: 86425 | AH18: 91796 | AI18: 95672 | AJ18: 62671 | AK18: 90007 | AL18: 61240 | AM18: 85333 | AN18: 59248 | AO18: 82634 | AP18: 67162 | AQ18: 69359 | AR18: 79566 | AS18: 52201 | AT18: 50854 | AU18: 63180 | AV18: 44769 | AW18: 65600 | AX18: 55870 | AY18: 56195 | AZ18: 28296 | BA18: 50855 | BB18: 59845 | BC18: 41437 | BD18: 43429 | BE18: 40752 | BF18: 26944 | BG18: 26343 | BH18: 26954 | BI18: 25959 | BJ18: 18665 | BK18: 30010 | BL18: 24122 | BM18: 30168 | BN18: 26279 | BO18: 30369 | BP18: 26870 | BQ18: 20934 | BR18: 21245 | BS18: 36364 | BT18: 35154 | BU18: 38273 | BV18: 40516 | BW18: 26523 | BX18: 26779 | BY18: 36603 | BZ18: 35027 | CA18: 37609 | CB18: 35041 | CC18: 35221 | CD18: 0 | CE18: 0 | CF18: 0 | CH18: =INDIRECT(ADDRESS(ROW(),MATCH(IF(LEFT(CH$2,2)="1S","2T",IF(LEFT(CH$2,2)="9M","3T","4T"))&RIGHT(CH$2,2),$A$2:$CG$2,0))) -> 25346 | CI18: =INDIRECT(ADDRESS(ROW(),MATCH(IF(LEFT(CI$2,2)="1S","2T",IF(LEFT(CI$2,2)="9M","3T","4T"))&RIGHT(CI$2,2),$A$2:$CG$2,0))) -> 25826 | CJ18: =INDIRECT(ADDRESS(ROW(),MATCH(IF(LEFT(CJ$2,2)="1S","2T",IF(LEFT(CJ$2,2)="9M","3T","4T"))&RIGHT(CJ$2,2),$A$2:$CG$2,0))) -> 30920 | CK18: =INDIRECT(ADDRESS(ROW(),MATCH(IF(LEFT(CK$2,2)="1S","2T",IF(LEFT(CK$2,2)="9M","3T","4T"))&RIGHT(CK$2,2),$A$2:$CG$2,0))) -> 41595 | CL18: =INDIRECT(ADDRESS(ROW(),MATCH(IF(LEFT(CL$2,2)="1S","2T",IF(LEFT(CL$2,2)="9M","3T","4T"))&RIGHT(CL$2,2),$A$2:$CG$2,0))) -> 45126 | CM18: =INDIRECT(ADDRESS(ROW(),MATCH(IF(LEFT(CM$2,2)="1S","2T",IF(LEFT(CM$2,2)="9M","3T","4T"))&RIGHT(CM$2,2),$A$2:$CG$2,0))) -> 40331 | CN18: =INDIRECT(ADDRESS(ROW(),MATCH(IF(LEFT(CN$2,2)="1S","2T",IF(LEFT(CN$2,2)="9M","3T","4T"))&RIGHT(CN$2,2),$A$2:$CG$2,0))) -> 93187 | CO18: =INDIRECT(ADDRESS(ROW(),MATCH(IF(LEFT(CO$2,2)="1S","2T",IF(LEFT(CO$2,2)="9M","3T","4T"))&RIGHT(CO$2,2),$A$2:$CG$2,0))) -> 96637 | ... EL18: =INDIRECT(ADDRESS(ROW(),MATCH(IF(LEFT(EL$2,2)="1S","2T",IF(LEFT(EL$2,2)="9M","3T","4T"))&RIGHT(EL$2,2),$A$2:$CG$2,0))) -> 0
B20: Realizável a longo prazo | C20: Noncurrent assets | D20: =IF(Menu!$D$12="PT",'Dados Financeiros'!B20,'Dados Financeiros'!C20) -> Realizável a longo prazo | E20: =SUM(E21:E29) -> 124774 | F20: =SUM(F21:F29) -> 123061 | G20: =SUM(G21:G29) -> 164380 | H20: =SUM(H21:H29) -> 408748 | I20: =SUM(I21:I29) -> 507703 | J20: =SUM(J21:J29) -> 497010 | K20: =SUM(K21:K29) -> 525251 | L20: =SUM(L21:L29) -> 528857 | ... BN20: =SUM(BN21:BN29) -> 286032 | BO20: 238141 | BP20: =SUM(BP21:BP29) -> 172155 | BQ20: =SUM(BQ21:BQ29) -> 152712 | BR20: =SUM(BR21:BR29) -> 179288 | BS20: =SUM(BS21:BS29) -> 187347 | BT20: =SUM(BT21:BT29) -> 219288 | BU20: =SUM(BU21:BU29) -> 188659 | BV20: =SUM(BV21:BV29) -> 252198 | BW20: =SUM(BW21:BW29) -> 262559 | ... CF20: =SUM(CF21:CF29) -> 229147 | CH20: =SUM(CH21:CH29) -> 123061 | CI20: =SUM(CI21:CI29) -> 164380 | CJ20: =SUM(CJ21:CJ29) -> 408748 | CK20: =SUM(CK21:CK29) -> 497010 | CL20: =SUM(CL21:CL29) -> 525251 | CM20: =SUM(CM21:CM29) -> 528857 | CN20: =SUM(CN21:CN29) -> 612759 | CO20: =SUM(CO21:CO29) -> 612927 | ... EL20: =SUM(EL21:EL29) -> 214277
B21: Títulos e valores mobiliários - LP | C21: Financial assets | D21: =IF(Menu!$D$12="PT",'Dados Financeiros'!B21,'Dados Financeiros'!C21) -> Títulos e valores mobiliários - LP | E21: 0 | F21: 0 | G21: 0 | H21: 0 | I21: 0 | J21: 0 | K21: 0 | L21: 0 | M21: 0 | N21: 0 | O21: 0 | P21: 0 | Q21: 0 | R21: 0 | S21: 0 | T21: 0 | U21: 0 | V21: 0 | W21: 0 | X21: 0 | Y21: 0 | Z21: 0 | AA21: 0 | AB21: 0 | AC21: 0 | AD21: 0 | AE21: 0 | AF21: 0 | AG21: 0 | AH21: 0 | AI21: 0 | AJ21: 0 | AK21: 0 | AL21: 0 | AM21: 0 | AN21: 0 | AO21: 0 | AP21: 43579 | AQ21: 70366 | AR21: 53849 | AS21: 78647 | AT21: 79285 | AU21: 81114 | AV21: 82471 | AW21: 49518 | AX21: 50752 | AY21: 51046 | AZ21: 53885 | BA21: 52578 | BB21: 53125 | BC21: 53338 | BD21: 53628 | BE21: 57640 | BF21: 52962 | BG21: 53764 | BH21: 54419 | BI21: 54462 | BJ21: 54857 | BK21: 56084 | BL21: 56339 | BM21: 56601 | BN21: 951 | BO21: 951 | BP21: 951 | BQ21: 2388 | BR21: 2388 | BS21: 2388 | BT21: 4127 | BU21: 4588 | BV21: 4729 | BW21: 4841 | BX21: 4976 | BY21: 5048 | BZ21: 5174 | CA21: 5344 | CB21: 9578 | CC21: 5383 | CD21: 11778 | CE21: 12021 | CF21: 0 | CH21: =INDIRECT(ADDRESS(ROW(),MATCH(IF(LEFT(CH$2,2)="1S","2T",IF(LEFT(CH$2,2)="9M","3T","4T"))&RIGHT(CH$2,2),$A$2:$CG$2,0))) -> 0 | CI21: =INDIRECT(ADDRESS(ROW(),MATCH(IF(LEFT(CI$2,2)="1S","2T",IF(LEFT(CI$2,2)="9M","3T","4T"))&RIGHT(CI$2,2),$A$2:$CG$2,0))) -> 0 | CJ21: =INDIRECT(ADDRESS(ROW(),MATCH(IF(LEFT(CJ$2,2)="1S","2T",IF(LEFT(CJ$2,2)="9M","3T","4T"))&RIGHT(CJ$2,2),$A$2:$CG$2,0))) -> 0 | CK21: =INDIRECT(ADDRESS(ROW(),MATCH(IF(LEFT(CK$2,2)="1S","2T",IF(LEFT(CK$2,2)="9M","3T","4T"))&RIGHT(CK$2,2),$A$2:$CG$2,0))) -> 0 | CL21: =INDIRECT(ADDRESS(ROW(),MATCH(IF(LEFT(CL$2,2)="1S","2T",IF(LEFT(CL$2,2)="9M","3T","4T"))&RIGHT(CL$2,2),$A$2:$CG$2,0))) -> 0 | CM21: =INDIRECT(ADDRESS(ROW(),MATCH(IF(LEFT(CM$2,2)="1S","2T",IF(LEFT(CM$2,2)="9M","3T","4T"))&RIGHT(CM$2,2),$A$2:$CG$2,0))) -> 0 | CN21: =INDIRECT(ADDRESS(ROW(),MATCH(IF(LEFT(CN$2,2)="1S","2T",IF(LEFT(CN$2,2)="9M","3T","4T"))&RIGHT(CN$2,2),$A$2:$CG$2,0))) -> 0 | CO21: =INDIRECT(ADDRESS(ROW(),MATCH(IF(LEFT(CO$2,2)="1S","2T",IF(LEFT(CO$2,2)="9M","3T","4T"))&RIGHT(CO$2,2),$A$2:$CG$2,0))) -> 0 | ... EL21: =INDIRECT(ADDRESS(ROW(),MATCH(IF(LEFT(EL$2,2)="1S","2T",IF(LEFT(EL$2,2)="9M","3T","4T"))&RIGHT(EL$2,2),$A$2:$CG$2,0))) -> 0
B22: Contas a receber de clientes - LP | C22: Trade accounts receivable | D22: =IF(Menu!$D$12="PT",'Dados Financeiros'!B22,'Dados Financeiros'!C22) -> Contas a receber de clientes - LP | E22: 103765 | F22: 100540 | G22: 134016 | H22: 135639 | I22: 164131 | J22: 200489 | K22: 214020 | L22: 222485 | M22: 263282 | N22: 299777 | O22: 275278 | P22: 287106 | Q22: 375025 | R22: 425004 | S22: 404913 | T22: 624375 | U22: 540177 | V22: 655862 | W22: 630037 | X22: 625725 | Y22: 638961 | Z22: 548813 | AA22: 697082 | AB22: 618125 | AC22: 728191 | AD22: 650988 | AE22: 717878 | AF22: 633869 | AG22: 646912 | AH22: 608748 | AI22: 476536 | AJ22: 362988 | AK22: 425323 | AL22: 435084 | AM22: 474525 | AN22: 514425 | AO22: 546462 | AP22: 233055 | AQ22: 138813 | AR22: 54589 | AS22: 38724 | AT22: 26833 | AU22: 24269 | AV22: 22443 | AW22: 29152 | AX22: 28458 | AY22: 27341 | AZ22: 22204 | BA22: 22886 | BB22: 24031 | BC22: 14882 | BD22: 5789 | BE22: 15417 | BF22: 15660 | BG22: 16269 | BH22: 27246 | BI22: 69343 | BJ22: 88919 | BK22: 113847 | BL22: 126464 | BM22: 75436 | BN22: 76868 | BO22: 29729 | BP22: 37975 | BQ22: 43482 | BR22: 39264 | BS22: 42155 | BT22: 43996 | BU22: 46929 | BV22: 35885 | BW22: 42012 | BX22: 35112 | BY22: 30631 | BZ22: 20810 | CA22: 19663 | CB22: 21249 | CC22: 20852 | CD22: 10778 | CE22: 8997 | CF22: 15274 | CH22: =INDIRECT(ADDRESS(ROW(),MATCH(IF(LEFT(CH$2,2)="1S","2T",IF(LEFT(CH$2,2)="9M","3T","4T"))&RIGHT(CH$2,2),$A$2:$CG$2,0))) -> 100540 | CI22: =INDIRECT(ADDRESS(ROW(),MATCH(IF(LEFT(CI$2,2)="1S","2T",IF(LEFT(CI$2,2)="9M","3T","4T"))&RIGHT(CI$2,2),$A$2:$CG$2,0))) -> 134016 | CJ22: =INDIRECT(ADDRESS(ROW(),MATCH(IF(LEFT(CJ$2,2)="1S","2T",IF(LEFT(CJ$2,2)="9M","3T","4T"))&RIGHT(CJ$2,2),$A$2:$CG$2,0))) -> 135639 | CK22: =INDIRECT(ADDRESS(ROW(),MATCH(IF(LEFT(CK$2,2)="1S","2T",IF(LEFT(CK$2,2)="9M","3T","4T"))&RIGHT(CK$2,2),$A$2:$CG$2,0))) -> 200489 | CL22: =INDIRECT(ADDRESS(ROW(),MATCH(IF(LEFT(CL$2,2)="1S","2T",IF(LEFT(CL$2,2)="9M","3T","4T"))&RIGHT(CL$2,2),$A$2:$CG$2,0))) -> 214020 | CM22: =INDIRECT(ADDRESS(ROW(),MATCH(IF(LEFT(CM$2,2)="1S","2T",IF(LEFT(CM$2,2)="9M","3T","4T"))&RIGHT(CM$2,2),$A$2:$CG$2,0))) -> 222485 | CN22: =INDIRECT(ADDRESS(ROW(),MATCH(IF(LEFT(CN$2,2)="1S","2T",IF(LEFT(CN$2,2)="9M","3T","4T"))&RIGHT(CN$2,2),$A$2:$CG$2,0))) -> 299777 | CO22: =INDIRECT(ADDRESS(ROW(),MATCH(IF(LEFT(CO$2,2)="1S","2T",IF(LEFT(CO$2,2)="9M","3T","4T"))&RIGHT(CO$2,2),$A$2:$CG$2,0))) -> 275278 | ... EL22: =INDIRECT(ADDRESS(ROW(),MATCH(IF(LEFT(EL$2,2)="1S","2T",IF(LEFT(EL$2,2)="9M","3T","4T"))&RIGHT(EL$2,2),$A$2:$CG$2,0))) -> 15274
D23: Dividendos a receber - LP | CF23: 14870
B24: Imóveis a comercializar - LP | C24: Properties for sale | D24: =IF(Menu!$D$12="PT",'Dados Financeiros'!B24,'Dados Financeiros'!C24) -> Imóveis a comercializar - LP | E24: 0 | F24: 0 | G24: 0 | H24: 237281 | I24: 307735 | J24: 253268 | K24: 256600 | L24: 236183 | M24: 185242 | N24: 237357 | O24: 240144 | P24: 294562 | Q24: 304086 | R24: 373837 | S24: 415787 | T24: 460976 | U24: 333829 | V24: 312453 | W24: 310395 | X24: 479867 | Y24: 486157 | Z24: 460710 | AA24: 445550 | AB24: 422757 | AC24: 425060 | AD24: 406711 | AE24: 496914 | AF24: 488968 | AG24: 443697 | AH24: 442451 | AI24: 457412 | AJ24: 425155 | AK24: 421181 | AL24: 347303 | AM24: 530144 | AN24: 543149 | AO24: 744655 | AP24: 625129 | AQ24: 684629 | AR24: 497125 | AS24: 470554 | AT24: 464947 | AU24: 448926 | AV24: 332936 | AW24: 344248 | AX24: 209236 | AY24: 237366 | AZ24: 226906 | BA24: 216313 | BB24: 216346 | BC24: 216090 | BD24: 208513 | BE24: 182489 | BF24: 146487 | BG24: 148112 | BH24: 114798 | BI24: 113851 | BJ24: 113403 | BK24: 115292 | BL24: 115132 | BM24: 200381 | BN24: 91160 | BO24: 92096 | BP24: 36299 | BQ24: 12511 | BR24: 41545 | BS24: 44921 | BT24: 86710 | BU24: 46386 | BV24: 114584 | BW24: 96365 | BX24: 88332 | BY24: 88619 | BZ24: 67409 | CA24: 84103 | CB24: 86574 | CC24: 86725 | CD24: 86929 | CE24: 51717 | CF24: 71585 | CH24: =INDIRECT(ADDRESS(ROW(),MATCH(IF(LEFT(CH$2,2)="1S","2T",IF(LEFT(CH$2,2)="9M","3T","4T"))&RIGHT(CH$2,2),$A$2:$CG$2,0))) -> 0 | CI24: =INDIRECT(ADDRESS(ROW(),MATCH(IF(LEFT(CI$2,2)="1S","2T",IF(LEFT(CI$2,2)="9M","3T","4T"))&RIGHT(CI$2,2),$A$2:$CG$2,0))) -> 0 | CJ24: =INDIRECT(ADDRESS(ROW(),MATCH(IF(LEFT(CJ$2,2)="1S","2T",IF(LEFT(CJ$2,2)="9M","3T","4T"))&RIGHT(CJ$2,2),$A$2:$CG$2,0))) -> 237281 | CK24: =INDIRECT(ADDRESS(ROW(),MATCH(IF(LEFT(CK$2,2)="1S","2T",IF(LEFT(CK$2,2)="9M","3T","4T"))&RIGHT(CK$2,2),$A$2:$CG$2,0))) -> 253268 | CL24: =INDIRECT(ADDRESS(ROW(),MATCH(IF(LEFT(CL$2,2)="1S","2T",IF(LEFT(CL$2,2)="9M","3T","4T"))&RIGHT(CL$2,2),$A$2:$CG$2,0))) -> 256600 | CM24: =INDIRECT(ADDRESS(ROW(),MATCH(IF(LEFT(CM$2,2)="1S","2T",IF(LEFT(CM$2,2)="9M","3T","4T"))&RIGHT(CM$2,2),$A$2:$CG$2,0))) -> 236183 | CN24: =INDIRECT(ADDRESS(ROW(),MATCH(IF(LEFT(CN$2,2)="1S","2T",IF(LEFT(CN$2,2)="9M","3T","4T"))&RIGHT(CN$2,2),$A$2:$CG$2,0))) -> 237357 | CO24: =INDIRECT(ADDRESS(ROW(),MATCH(IF(LEFT(CO$2,2)="1S","2T",IF(LEFT(CO$2,2)="9M","3T","4T"))&RIGHT(CO$2,2),$A$2:$CG$2,0))) -> 240144 | ... EL24: =INDIRECT(ADDRESS(ROW(),MATCH(IF(LEFT(EL$2,2)="1S","2T",IF(LEFT(EL$2,2)="9M","3T","4T"))&RIGHT(EL$2,2),$A$2:$CG$2,0))) -> 71585
B25: Partes Relacionadas - AT | C25: Related parties | D25: =IF(Menu!$D$12="PT",'Dados Financeiros'!B25,'Dados Financeiros'!C25) -> Partes Relacionadas - AT | E25: 0 | F25: 0 | G25: 0 | H25: 0 | I25: 0 | J25: 0 | K25: 0 | L25: 0 | M25: 0 | N25: 0 | O25: 0 | P25: 0 | Q25: 0 | R25: 0 | S25: 0 | T25: 0 | U25: 0 | V25: 0 | W25: 0 | X25: 0 | Y25: 0 | Z25: 73305 | AA25: 0 | AB25: 82913 | AC25: 0 | AD25: 66611 | AE25: 0 | AF25: 58390 | AG25: 55195 | AH25: 87547 | AI25: 90860 | AJ25: 65979 | AK25: 56282 | AL25: 72645 | AM25: 73042 | AN25: 73740 | AO25: 91357 | AP25: 22035 | AQ25: 13416 | AR25: 16165 | AS25: 17504 | AT25: 18038 | AU25: 20472 | AV25: 13444 | AW25: 17519 | AX25: 17083 | AY25: 23608 | AZ25: 18486 | BA25: 10809 | BB25: 7481 | BC25: 8074 | BD25: 8465 | BE25: 8494 | BF25: 8138 | BG25: 8157 | BH25: 8967 | BI25: 39494 | BJ25: 40581 | BK25: 65849 | BL25: 10732 | BM25: 19954 | BN25: 11933 | BO25: 17284 | BP25: 6070 | BQ25: 6893 | BR25: 7377 | BS25: 7289 | BT25: 1286 | BU25: 4733 | BV25: 6678 | BW25: 6855 | BX25: 37386 | BY25: 2786 | BZ25: 3032 | CA25: 3591 | CB25: 3780 | CC25: 4563 | CD25: 4903 | CE25: 5373 | CF25: 13492 | CH25: =INDIRECT(ADDRESS(ROW(),MATCH(IF(LEFT(CH$2,2)="1S","2T",IF(LEFT(CH$2,2)="9M","3T","4T"))&RIGHT(CH$2,2),$A$2:$CG$2,0))) -> 0 | CI25: =INDIRECT(ADDRESS(ROW(),MATCH(IF(LEFT(CI$2,2)="1S","2T",IF(LEFT(CI$2,2)="9M","3T","4T"))&RIGHT(CI$2,2),$A$2:$CG$2,0))) -> 0 | CJ25: =INDIRECT(ADDRESS(ROW(),MATCH(IF(LEFT(CJ$2,2)="1S","2T",IF(LEFT(CJ$2,2)="9M","3T","4T"))&RIGHT(CJ$2,2),$A$2:$CG$2,0))) -> 0 | CK25: =INDIRECT(ADDRESS(ROW(),MATCH(IF(LEFT(CK$2,2)="1S","2T",IF(LEFT(CK$2,2)="9M","3T","4T"))&RIGHT(CK$2,2),$A$2:$CG$2,0))) -> 0 | CL25: =INDIRECT(ADDRESS(ROW(),MATCH(IF(LEFT(CL$2,2)="1S","2T",IF(LEFT(CL$2,2)="9M","3T","4T"))&RIGHT(CL$2,2),$A$2:$CG$2,0))) -> 0 | CM25: =INDIRECT(ADDRESS(ROW(),MATCH(IF(LEFT(CM$2,2)="1S","2T",IF(LEFT(CM$2,2)="9M","3T","4T"))&RIGHT(CM$2,2),$A$2:$CG$2,0))) -> 0 | CN25: =INDIRECT(ADDRESS(ROW(),MATCH(IF(LEFT(CN$2,2)="1S","2T",IF(LEFT(CN$2,2)="9M","3T","4T"))&RIGHT(CN$2,2),$A$2:$CG$2,0))) -> 0 | CO25: =INDIRECT(ADDRESS(ROW(),MATCH(IF(LEFT(CO$2,2)="1S","2T",IF(LEFT(CO$2,2)="9M","3T","4T"))&RIGHT(CO$2,2),$A$2:$CG$2,0))) -> 0 | ... EL25: =INDIRECT(ADDRESS(ROW(),MATCH(IF(LEFT(EL$2,2)="1S","2T",IF(LEFT(EL$2,2)="9M","3T","4T"))&RIGHT(EL$2,2),$A$2:$CG$2,0))) -> 13492
B26: Parceiro em Negócios - AT | C26: Business partners | D26: =IF(Menu!$D$12="PT",'Dados Financeiros'!B26,'Dados Financeiros'!C26) -> Parceiro em Negócios - AT | E26: 2929 | F26: 2995 | G26: 5724 | H26: 10966 | I26: 16931 | J26: 22979 | K26: 33921 | L26: 44820 | M26: 47712 | N26: 48282 | O26: 69512 | P26: 77169 | Q26: 84988 | R26: 61890 | S26: 69982 | T26: 69169 | U26: 80943 | V26: 79966 | W26: 95656 | X26: 61821 | Y26: 91359 | Z26: 55143 | AA26: 80801 | AB26: 41001 | AC26: 86240 | AD26: 51749 | AE26: 97605 | AF26: 76285 | AG26: 56810 | AH26: 56993 | AI26: 72908 | AJ26: 60654 | AK26: 85105 | AL26: 86333 | AM26: 84333 | AN26: 66194 | AO26: 65753 | AP26: 79313 | AQ26: 71068 | AR26: 49288 | AS26: 61808 | AT26: 84829 | AU26: 76784 | AV26: 82690 | AW26: 94690 | AX26: 106885 | AY26: 65569 | AZ26: 67519 | BA26: 69316 | BB26: 71042 | BC26: 91463 | BD26: 104557 | BE26: 115642 | BF26: 91911 | BG26: 93023 | BH26: 95888 | BI26: 96351 | BJ26: 96727 | BK26: 93479 | BL26: 86498 | BM26: 81158 | BN26: 74601 | BO26: 68684 | BP26: 63076 | BQ26: 62801 | BR26: 67013 | BS26: 66582 | BT26: 6422 | BU26: 7970 | BV26: 55013 | BW26: 50091 | BX26: 55226 | BY26: 54457 | BZ26: 34864 | CA26: 34959 | CB26: 34012 | CC26: 33258 | CD26: 34854 | CE26: 32776 | CF26: 13723 | CH26: =INDIRECT(ADDRESS(ROW(),MATCH(IF(LEFT(CH$2,2)="1S","2T",IF(LEFT(CH$2,2)="9M","3T","4T"))&RIGHT(CH$2,2),$A$2:$CG$2,0))) -> 2995 | CI26: =INDIRECT(ADDRESS(ROW(),MATCH(IF(LEFT(CI$2,2)="1S","2T",IF(LEFT(CI$2,2)="9M","3T","4T"))&RIGHT(CI$2,2),$A$2:$CG$2,0))) -> 5724 | CJ26: =INDIRECT(ADDRESS(ROW(),MATCH(IF(LEFT(CJ$2,2)="1S","2T",IF(LEFT(CJ$2,2)="9M","3T","4T"))&RIGHT(CJ$2,2),$A$2:$CG$2,0))) -> 10966 | CK26: =INDIRECT(ADDRESS(ROW(),MATCH(IF(LEFT(CK$2,2)="1S","2T",IF(LEFT(CK$2,2)="9M","3T","4T"))&RIGHT(CK$2,2),$A$2:$CG$2,0))) -> 22979 | CL26: =INDIRECT(ADDRESS(ROW(),MATCH(IF(LEFT(CL$2,2)="1S","2T",IF(LEFT(CL$2,2)="9M","3T","4T"))&RIGHT(CL$2,2),$A$2:$CG$2,0))) -> 33921 | CM26: =INDIRECT(ADDRESS(ROW(),MATCH(IF(LEFT(CM$2,2)="1S","2T",IF(LEFT(CM$2,2)="9M","3T","4T"))&RIGHT(CM$2,2),$A$2:$CG$2,0))) -> 44820 | CN26: =INDIRECT(ADDRESS(ROW(),MATCH(IF(LEFT(CN$2,2)="1S","2T",IF(LEFT(CN$2,2)="9M","3T","4T"))&RIGHT(CN$2,2),$A$2:$CG$2,0))) -> 48282 | CO26: =INDIRECT(ADDRESS(ROW(),MATCH(IF(LEFT(CO$2,2)="1S","2T",IF(LEFT(CO$2,2)="9M","3T","4T"))&RIGHT(CO$2,2),$A$2:$CG$2,0))) -> 69512 | ... EL26: =INDIRECT(ADDRESS(ROW(),MATCH(IF(LEFT(EL$2,2)="1S","2T",IF(LEFT(EL$2,2)="9M","3T","4T"))&RIGHT(EL$2,2),$A$2:$CG$2,0))) -> 13723
B27: Participações em consórcios | C27: Interest in consortia | D27: =IF(Menu!$D$12="PT",'Dados Financeiros'!B27,'Dados Financeiros'!C27) -> Participações em consórcios | E27: 12166 | F27: 12572 | G27: 12775 | H27: 12515 | I27: 10976 | J27: 10956 | K27: 11691 | L27: 14263 | M27: 14716 | N27: 15909 | O27: 16902 | P27: 21832 | Q27: 20816 | R27: 16119 | S27: 16894 | T27: 11527 | U27: 11159 | V27: 11045 | W27: 12759 | X27: 13047 | Y27: 10607 | Z27: 11347 | AA27: 10627 | AB27: 11170 | AC27: 10074 | AD27: 11435 | AE27: 17841 | AF27: 16885 | AG27: 20789 | AH27: 18199 | AI27: 18501 | AJ27: 19247 | AK27: 19482 | AL27: 20214 | AM27: 20504 | AN27: 22129 | AO27: 19053 | AP27: 16983 | AQ27: 19276 | AR27: 18363 | AS27: 19011 | AT27: 19236 | AU27: 16569 | AV27: 16934 | AW27: 17380 | AX27: 17489 | AY27: 19724 | AZ27: 45 | BA27: 41 | BB27: 72 | BC27: 72 | BD27: 72 | BE27: 31 | BF27: 32 | BG27: 32 | BH27: 0 | BI27: 0 | BJ27: 0 | BK27: 0 | BL27: 0 | BM27: 0 | BN27: 0 | BO27: 0 | BP27: 0 | BQ27: 0 | BR27: 0 | BS27: 0 | BT27: 54994 | BU27: 56085 | BV27: 0 | BW27: 0 | BX27: 0 | BY27: 0 | BZ27: 0 | CA27: 0 | CB27: 0 | CC27: 0 | CD27: 0 | CE27: 0 | CF27: 0 | CH27: =INDIRECT(ADDRESS(ROW(),MATCH(IF(LEFT(CH$2,2)="1S","2T",IF(LEFT(CH$2,2)="9M","3T","4T"))&RIGHT(CH$2,2),$A$2:$CG$2,0))) -> 12572 | CI27: =INDIRECT(ADDRESS(ROW(),MATCH(IF(LEFT(CI$2,2)="1S","2T",IF(LEFT(CI$2,2)="9M","3T","4T"))&RIGHT(CI$2,2),$A$2:$CG$2,0))) -> 12775 | CJ27: =INDIRECT(ADDRESS(ROW(),MATCH(IF(LEFT(CJ$2,2)="1S","2T",IF(LEFT(CJ$2,2)="9M","3T","4T"))&RIGHT(CJ$2,2),$A$2:$CG$2,0))) -> 12515 | CK27: =INDIRECT(ADDRESS(ROW(),MATCH(IF(LEFT(CK$2,2)="1S","2T",IF(LEFT(CK$2,2)="9M","3T","4T"))&RIGHT(CK$2,2),$A$2:$CG$2,0))) -> 10956 | CL27: =INDIRECT(ADDRESS(ROW(),MATCH(IF(LEFT(CL$2,2)="1S","2T",IF(LEFT(CL$2,2)="9M","3T","4T"))&RIGHT(CL$2,2),$A$2:$CG$2,0))) -> 11691 | CM27: =INDIRECT(ADDRESS(ROW(),MATCH(IF(LEFT(CM$2,2)="1S","2T",IF(LEFT(CM$2,2)="9M","3T","4T"))&RIGHT(CM$2,2),$A$2:$CG$2,0))) -> 14263 | CN27: =INDIRECT(ADDRESS(ROW(),MATCH(IF(LEFT(CN$2,2)="1S","2T",IF(LEFT(CN$2,2)="9M","3T","4T"))&RIGHT(CN$2,2),$A$2:$CG$2,0))) -> 15909 | CO27: =INDIRECT(ADDRESS(ROW(),MATCH(IF(LEFT(CO$2,2)="1S","2T",IF(LEFT(CO$2,2)="9M","3T","4T"))&RIGHT(CO$2,2),$A$2:$CG$2,0))) -> 16902 | ... EL27: =INDIRECT(ADDRESS(ROW(),MATCH(IF(LEFT(EL$2,2)="1S","2T",IF(LEFT(EL$2,2)="9M","3T","4T"))&RIGHT(EL$2,2),$A$2:$CG$2,0))) -> 0
B28: Impostos a recuperar - LP | C28: Taxes and contributions receivable | D28: =IF(Menu!$D$12="PT",'Dados Financeiros'!B28,'Dados Financeiros'!C28) -> Impostos a recuperar - LP | E28: 0 | F28: 0 | G28: 0 | H28: 0 | I28: 0 | J28: 0 | K28: 0 | L28: 0 | M28: 0 | N28: 0 | O28: 0 | P28: 0 | Q28: 0 | R28: 0 | S28: 0 | T28: 0 | U28: 0 | V28: 0 | W28: 0 | X28: 0 | Y28: 0 | Z28: 0 | AA28: 0 | AB28: 0 | AC28: 0 | AD28: 0 | AE28: 0 | AF28: 0 | AG28: 0 | AH28: 0 | AI28: 0 | AJ28: 0 | AK28: 0 | AL28: 0 | AM28: 0 | AN28: 0 | AO28: 0 | AP28: 0 | AQ28: 0 | AR28: 0 | AS28: 0 | AT28: 0 | AU28: 0 | AV28: 0 | AW28: 0 | AX28: 0 | AY28: 0 | AZ28: 0 | BA28: 0 | BB28: 0 | BC28: 0 | BD28: 0 | BE28: 0 | BF28: 0 | BG28: 0 | BH28: 0 | BI28: 0 | BJ28: 0 | BK28: 0 | BL28: 0 | BM28: 10217 | BN28: 10892 | BO28: 10062 | BP28: 9895 | BQ28: 8828 | BR28: 6193 | BS28: 1788 | BT28: 0 | BU28: 0 | BV28: 7292 | BW28: 7292 | BX28: 7292 | BY28: 7853 | BZ28: 7853 | CA28: 7853 | CB28: 3284 | CC28: 4409 | CD28: 5203 | CE28: 4990 | CF28: 4527 | CH28: =INDIRECT(ADDRESS(ROW(),MATCH(IF(LEFT(CH$2,2)="1S","2T",IF(LEFT(CH$2,2)="9M","3T","4T"))&RIGHT(CH$2,2),$A$2:$CG$2,0))) -> 0 | CI28: =INDIRECT(ADDRESS(ROW(),MATCH(IF(LEFT(CI$2,2)="1S","2T",IF(LEFT(CI$2,2)="9M","3T","4T"))&RIGHT(CI$2,2),$A$2:$CG$2,0))) -> 0 | CJ28: =INDIRECT(ADDRESS(ROW(),MATCH(IF(LEFT(CJ$2,2)="1S","2T",IF(LEFT(CJ$2,2)="9M","3T","4T"))&RIGHT(CJ$2,2),$A$2:$CG$2,0))) -> 0 | CK28: =INDIRECT(ADDRESS(ROW(),MATCH(IF(LEFT(CK$2,2)="1S","2T",IF(LEFT(CK$2,2)="9M","3T","4T"))&RIGHT(CK$2,2),$A$2:$CG$2,0))) -> 0 | CL28: =INDIRECT(ADDRESS(ROW(),MATCH(IF(LEFT(CL$2,2)="1S","2T",IF(LEFT(CL$2,2)="9M","3T","4T"))&RIGHT(CL$2,2),$A$2:$CG$2,0))) -> 0 | CM28: =INDIRECT(ADDRESS(ROW(),MATCH(IF(LEFT(CM$2,2)="1S","2T",IF(LEFT(CM$2,2)="9M","3T","4T"))&RIGHT(CM$2,2),$A$2:$CG$2,0))) -> 0 | CN28: =INDIRECT(ADDRESS(ROW(),MATCH(IF(LEFT(CN$2,2)="1S","2T",IF(LEFT(CN$2,2)="9M","3T","4T"))&RIGHT(CN$2,2),$A$2:$CG$2,0))) -> 0 | CO28: =INDIRECT(ADDRESS(ROW(),MATCH(IF(LEFT(CO$2,2)="1S","2T",IF(LEFT(CO$2,2)="9M","3T","4T"))&RIGHT(CO$2,2),$A$2:$CG$2,0))) -> 0 | ... EL28: =INDIRECT(ADDRESS(ROW(),MATCH(IF(LEFT(EL$2,2)="1S","2T",IF(LEFT(EL$2,2)="9M","3T","4T"))&RIGHT(EL$2,2),$A$2:$CG$2,0))) -> 4527
B29: Outras contas a receber - LP | C29: Other receivables | D29: =IF(Menu!$D$12="PT",'Dados Financeiros'!B29,'Dados Financeiros'!C29) -> Outras contas a receber - LP | E29: 5914 | F29: 6954 | G29: 11865 | H29: 12347 | I29: 7930 | J29: 9318 | K29: 9019 | L29: 11106 | M29: 10093 | N29: 11434 | O29: 11091 | P29: 6626 | Q29: 6700 | R29: 8518 | S29: 8960 | T29: 10316 | U29: 10156 | V29: 10728 | W29: 11479 | X29: 11874 | Y29: 11834 | Z29: 11723 | AA29: 11258 | AB29: 11186 | AC29: 13335 | AD29: 12565 | AE29: 10962 | AF29: 10877 | AG29: 10902 | AH29: 11568 | AI29: 11745 | AJ29: 18304 | AK29: 19246 | AL29: 19348 | AM29: 19888 | AN29: 19889 | AO29: 22011 | AP29: 22966 | AQ29: 26638 | AR29: 17435 | AS29: 17208 | AT29: 21909 | AU29: 22567 | AV29: 21780 | AW29: 22726 | AX29: 23245 | AY29: 23737 | AZ29: 23101 | BA29: 32161 | BB29: 26790 | BC29: 27903 | BD29: 35283 | BE29: 32899 | BF29: 33354 | BG29: 33053 | BH29: 30491 | BI29: 30535 | BJ29: 31047 | BK29: 32018 | BL29: 32240 | BM29: 18059 | BN29: 19627 | BO29: 19335 | BP29: 17889 | BQ29: =24637-BQ28 -> 15809 | BR29: 15508 | BS29: 22224 | BT29: 21753 | BU29: 21968 | BV29: 28017 | BW29: 55103 | BX29: 52556 | BY29: 59492 | BZ29: 90947 | CA29: 83271 | CB29: 82931 | CC29: 89149 | CD29: 89282 | CE29: 93975 | CF29: 95676 | CH29: =INDIRECT(ADDRESS(ROW(),MATCH(IF(LEFT(CH$2,2)="1S","2T",IF(LEFT(CH$2,2)="9M","3T","4T"))&RIGHT(CH$2,2),$A$2:$CG$2,0))) -> 6954 | CI29: =INDIRECT(ADDRESS(ROW(),MATCH(IF(LEFT(CI$2,2)="1S","2T",IF(LEFT(CI$2,2)="9M","3T","4T"))&RIGHT(CI$2,2),$A$2:$CG$2,0))) -> 11865 | CJ29: =INDIRECT(ADDRESS(ROW(),MATCH(IF(LEFT(CJ$2,2)="1S","2T",IF(LEFT(CJ$2,2)="9M","3T","4T"))&RIGHT(CJ$2,2),$A$2:$CG$2,0))) -> 12347 | CK29: =INDIRECT(ADDRESS(ROW(),MATCH(IF(LEFT(CK$2,2)="1S","2T",IF(LEFT(CK$2,2)="9M","3T","4T"))&RIGHT(CK$2,2),$A$2:$CG$2,0))) -> 9318 | CL29: =INDIRECT(ADDRESS(ROW(),MATCH(IF(LEFT(CL$2,2)="1S","2T",IF(LEFT(CL$2,2)="9M","3T","4T"))&RIGHT(CL$2,2),$A$2:$CG$2,0))) -> 9019 | CM29: =INDIRECT(ADDRESS(ROW(),MATCH(IF(LEFT(CM$2,2)="1S","2T",IF(LEFT(CM$2,2)="9M","3T","4T"))&RIGHT(CM$2,2),$A$2:$CG$2,0))) -> 11106 | CN29: =INDIRECT(ADDRESS(ROW(),MATCH(IF(LEFT(CN$2,2)="1S","2T",IF(LEFT(CN$2,2)="9M","3T","4T"))&RIGHT(CN$2,2),$A$2:$CG$2,0))) -> 11434 | CO29: =INDIRECT(ADDRESS(ROW(),MATCH(IF(LEFT(CO$2,2)="1S","2T",IF(LEFT(CO$2,2)="9M","3T","4T"))&RIGHT(CO$2,2),$A$2:$CG$2,0))) -> 11091 | ... EL29: =INDIRECT(ADDRESS(ROW(),MATCH(IF(LEFT(EL$2,2)="1S","2T",IF(LEFT(EL$2,2)="9M","3T","4T"))&RIGHT(EL$2,2),$A$2:$CG$2,0))) -> 95676
B31: Permanente | C31: Permanent assets | D31: =IF(Menu!$D$12="PT",'Dados Financeiros'!B31,'Dados Financeiros'!C31) -> Permanente | E31: =SUM(E32:E34) -> 27966 | F31: =SUM(F32:F34) -> 31092 | G31: =SUM(G32:G34) -> 35270 | H31: =SUM(H32:H34) -> 66611 | I31: =SUM(I32:I34) -> 56093 | J31: =SUM(J32:J34) -> 64201 | K31: =SUM(K32:K34) -> 69840 | L31: =SUM(L32:L34) -> 76885 | ... BN31: =SUM(BN32:BN34) -> 632661 | BO31: 619978 | BP31: =SUM(BP32:BP34) -> 616363 | BQ31: =SUM(BQ32:BQ34) -> 620097 | BR31: =SUM(BR32:BR34) -> 575811 | BS31: =SUM(BS32:BS34) -> 561903 | BT31: =SUM(BT32:BT34) -> 527538 | BU31: =SUM(BU32:BU34) -> 480168 | BV31: =SUM(BV32:BV34) -> 484190 | BW31: =SUM(BW32:BW34) -> 487795 | ... CF31: =SUM(CF32:CF34) -> 475110 | CH31: =SUM(CH32:CH34) -> 31092 | CI31: =SUM(CI32:CI34) -> 35270 | CJ31: =SUM(CJ32:CJ34) -> 66611 | CK31: =SUM(CK32:CK34) -> 64201 | CL31: =SUM(CL32:CL34) -> 69840 | CM31: =SUM(CM32:CM34) -> 76885 | CN31: =SUM(CN32:CN34) -> 52753 | CO31: =SUM(CO32:CO34) -> 54108 | ... EL31: =SUM(EL32:EL34) -> 475110
B32: Investimentos | C32: Investments | D32: =IF(Menu!$D$12="PT",'Dados Financeiros'!B32,'Dados Financeiros'!C32) -> Investimentos | E32: 24864 | F32: 27417 | G32: 30449 | H32: 60480 | I32: 0 | J32: 0 | K32: 32006 | L32: 0 | M32: 0 | N32: 0 | O32: 0 | P32: 0 | Q32: 0 | R32: 0 | S32: 0 | T32: 0 | U32: 0 | V32: 0 | W32: 0 | X32: 0 | Y32: 0 | Z32: 368496 | AA32: 0 | AB32: 363374 | AC32: 0 | AD32: 360971 | AE32: 0 | AF32: 364803 | AG32: 340453 | AH32: 361017 | AI32: 352239 | AJ32: 342434 | AK32: 350004 | AL32: 348815 | AM32: 329444 | AN32: 339204 | AO32: 352565 | AP32: 345645 | AQ32: 349324 | AR32: 841200 | AS32: 857798 | AT32: 828932 | AU32: 818895 | AV32: 802028 | AW32: 792984 | AX32: 794036 | AY32: 781959 | AZ32: 795239 | BA32: 788187 | BB32: 789411 | BC32: 764637 | BD32: 776199 | BE32: 749179 | BF32: 715587 | BG32: 704848 | BH32: 626818 | BI32: 617037 | BJ32: 605120 | BK32: 592426 | BL32: 583615 | BM32: 595498 | BN32: 607316 | BO32: 591247 | BP32: 589630 | BQ32: 596655 | BR32: 555739 | BS32: 540428 | BT32: 505589 | BU32: 458292 | BV32: 458991 | BW32: 463300 | BX32: 472426 | BY32: 467120 | BZ32: 516992 | CA32: 519574 | CB32: 535445 | CC32: 543455 | CD32: 549759 | CE32: 565551 | CF32: 464375 | CH32: =INDIRECT(ADDRESS(ROW(),MATCH(IF(LEFT(CH$2,2)="1S","2T",IF(LEFT(CH$2,2)="9M","3T","4T"))&RIGHT(CH$2,2),$A$2:$CG$2,0))) -> 27417 | CI32: =INDIRECT(ADDRESS(ROW(),MATCH(IF(LEFT(CI$2,2)="1S","2T",IF(LEFT(CI$2,2)="9M","3T","4T"))&RIGHT(CI$2,2),$A$2:$CG$2,0))) -> 30449 | CJ32: =INDIRECT(ADDRESS(ROW(),MATCH(IF(LEFT(CJ$2,2)="1S","2T",IF(LEFT(CJ$2,2)="9M","3T","4T"))&RIGHT(CJ$2,2),$A$2:$CG$2,0))) -> 60480 | CK32: =INDIRECT(ADDRESS(ROW(),MATCH(IF(LEFT(CK$2,2)="1S","2T",IF(LEFT(CK$2,2)="9M","3T","4T"))&RIGHT(CK$2,2),$A$2:$CG$2,0))) -> 0 | CL32: =INDIRECT(ADDRESS(ROW(),MATCH(IF(LEFT(CL$2,2)="1S","2T",IF(LEFT(CL$2,2)="9M","3T","4T"))&RIGHT(CL$2,2),$A$2:$CG$2,0))) -> 32006 | CM32: =INDIRECT(ADDRESS(ROW(),MATCH(IF(LEFT(CM$2,2)="1S","2T",IF(LEFT(CM$2,2)="9M","3T","4T"))&RIGHT(CM$2,2),$A$2:$CG$2,0))) -> 0 | CN32: =INDIRECT(ADDRESS(ROW(),MATCH(IF(LEFT(CN$2,2)="1S","2T",IF(LEFT(CN$2,2)="9M","3T","4T"))&RIGHT(CN$2,2),$A$2:$CG$2,0))) -> 0 | CO32: =INDIRECT(ADDRESS(ROW(),MATCH(IF(LEFT(CO$2,2)="1S","2T",IF(LEFT(CO$2,2)="9M","3T","4T"))&RIGHT(CO$2,2),$A$2:$CG$2,0))) -> 0 | ... EL32: =INDIRECT(ADDRESS(ROW(),MATCH(IF(LEFT(EL$2,2)="1S","2T",IF(LEFT(EL$2,2)="9M","3T","4T"))&RIGHT(EL$2,2),$A$2:$CG$2,0))) -> 464375
B33: Imobilizado | C33: Property, plant and equipment | D33: =IF(Menu!$D$12="PT",'Dados Financeiros'!B33,'Dados Financeiros'!C33) -> Imobilizado | E33: 2739 | F33: 3276 | G33: 3914 | H33: 5455 | I33: 56093 | J33: 26402 | K33: 34936 | L33: 36288 | M33: 38645 | N33: 33971 | O33: 30698 | P33: 29207 | Q33: 25942 | R33: 29125 | S33: 31340 | T33: 36022 | U33: 38397 | V33: 31991 | W33: 36669 | X33: 40171 | Y33: 41398 | Z33: 38111 | AA33: 53205 | AB33: 49878 | AC33: 66447 | AD33: 63272 | AE33: 71436 | AF33: 68593 | AG33: 69307 | AH33: 69048 | AI33: 67154 | AJ33: 66246 | AK33: 64292 | AL33: 62794 | AM33: 60188 | AN33: 57349 | AO33: 54630 | AP33: 48796 | AQ33: 45922 | AR33: 20266 | AS33: 20232 | AT33: 19109 | AU33: 17690 | AV33: 17319 | AW33: 17018 | AX33: 12983 | AY33: 10133 | AZ33: 9612 | BA33: 9124 | BB33: 3727 | BC33: 5187 | BD33: 4698 | BE33: 9056 | BF33: 8894 | BG33: 6726 | BH33: 6335 | BI33: 6949 | BJ33: 6504 | BK33: 8067 | BL33: 9945 | BM33: 8523 | BN33: 9451 | BO33: 14026 | BP33: 13117 | BQ33: 11049 | BR33: 8347 | BS33: 10508 | BT33: 11478 | BU33: 11889 | BV33: 12767 | BW33: 12682 | BX33: 10526 | BY33: 9611 | BZ33: 8867 | CA33: 7103 | CB33: 6187 | CC33: 5934 | CD33: 5280 | CE33: 3569 | CF33: 3126 | CH33: =INDIRECT(ADDRESS(ROW(),MATCH(IF(LEFT(CH$2,2)="1S","2T",IF(LEFT(CH$2,2)="9M","3T","4T"))&RIGHT(CH$2,2),$A$2:$CG$2,0))) -> 3276 | CI33: =INDIRECT(ADDRESS(ROW(),MATCH(IF(LEFT(CI$2,2)="1S","2T",IF(LEFT(CI$2,2)="9M","3T","4T"))&RIGHT(CI$2,2),$A$2:$CG$2,0))) -> 3914 | CJ33: =INDIRECT(ADDRESS(ROW(),MATCH(IF(LEFT(CJ$2,2)="1S","2T",IF(LEFT(CJ$2,2)="9M","3T","4T"))&RIGHT(CJ$2,2),$A$2:$CG$2,0))) -> 5455 | CK33: =INDIRECT(ADDRESS(ROW(),MATCH(IF(LEFT(CK$2,2)="1S","2T",IF(LEFT(CK$2,2)="9M","3T","4T"))&RIGHT(CK$2,2),$A$2:$CG$2,0))) -> 26402 | CL33: =INDIRECT(ADDRESS(ROW(),MATCH(IF(LEFT(CL$2,2)="1S","2T",IF(LEFT(CL$2,2)="9M","3T","4T"))&RIGHT(CL$2,2),$A$2:$CG$2,0))) -> 34936 | CM33: =INDIRECT(ADDRESS(ROW(),MATCH(IF(LEFT(CM$2,2)="1S","2T",IF(LEFT(CM$2,2)="9M","3T","4T"))&RIGHT(CM$2,2),$A$2:$CG$2,0))) -> 36288 | CN33: =INDIRECT(ADDRESS(ROW(),MATCH(IF(LEFT(CN$2,2)="1S","2T",IF(LEFT(CN$2,2)="9M","3T","4T"))&RIGHT(CN$2,2),$A$2:$CG$2,0))) -> 33971 | CO33: =INDIRECT(ADDRESS(ROW(),MATCH(IF(LEFT(CO$2,2)="1S","2T",IF(LEFT(CO$2,2)="9M","3T","4T"))&RIGHT(CO$2,2),$A$2:$CG$2,0))) -> 30698 | ... EL33: =INDIRECT(ADDRESS(ROW(),MATCH(IF(LEFT(EL$2,2)="1S","2T",IF(LEFT(EL$2,2)="9M","3T","4T"))&RIGHT(EL$2,2),$A$2:$CG$2,0))) -> 3126
B34: Intangível | C34: Intangible assets | D34: =IF(Menu!$D$12="PT",'Dados Financeiros'!B34,'Dados Financeiros'!C34) -> Intangível | E34: 363 | F34: 399 | G34: 907 | H34: 676 | I34: 0 | J34: 37799 | K34: 2898 | L34: 40597 | M34: 40954 | N34: 18782 | O34: 23410 | P34: 27665 | Q34: 23261 | R34: 22564 | S34: 21922 | T34: 21672 | U34: 21244 | V34: 22402 | W34: 25984 | X34: 30139 | Y34: 30566 | Z34: 30566 | AA34: 31508 | AB34: 31508 | AC34: 46422 | AD34: 46422 | AE34: 44969 | AF34: 44969 | AG34: 42118 | AH34: 40525 | AI34: 40291 | AJ34: 40115 | AK34: 38759 | AL34: 37506 | AM34: 37034 | AN34: 38488 | AO34: 38494 | AP34: 37892 | AQ34: 37288 | AR34: 37220 | AS34: 36670 | AT34: 35850 | AU34: 35160 | AV34: 34972 | AW34: 34581 | AX34: 34122 | AY34: 33991 | AZ34: 33071 | BA34: 31583 | BB34: 30089 | BC34: 28622 | BD34: 27173 | BE34: 25749 | BF34: 24348 | BG34: 23006 | BH34: 22053 | BI34: 20781 | BJ34: 19668 | BK34: 18671 | BL34: 18412 | BM34: 17107 | BN34: 15894 | BO34: 14705 | BP34: 13616 | BQ34: 12393 | BR34: 11725 | BS34: 10967 | BT34: 10471 | BU34: 9987 | BV34: 12432 | BW34: 11813 | BX34: 11761 | BY34: 11062 | BZ34: 11163 | CA34: 10677 | CB34: 10384 | CC34: 9748 | CD34: 8972 | CE34: 8349 | CF34: 7609 | CH34: =INDIRECT(ADDRESS(ROW(),MATCH(IF(LEFT(CH$2,2)="1S","2T",IF(LEFT(CH$2,2)="9M","3T","4T"))&RIGHT(CH$2,2),$A$2:$CG$2,0))) -> 399 | CI34: =INDIRECT(ADDRESS(ROW(),MATCH(IF(LEFT(CI$2,2)="1S","2T",IF(LEFT(CI$2,2)="9M","3T","4T"))&RIGHT(CI$2,2),$A$2:$CG$2,0))) -> 907 | CJ34: =INDIRECT(ADDRESS(ROW(),MATCH(IF(LEFT(CJ$2,2)="1S","2T",IF(LEFT(CJ$2,2)="9M","3T","4T"))&RIGHT(CJ$2,2),$A$2:$CG$2,0))) -> 676 | CK34: =INDIRECT(ADDRESS(ROW(),MATCH(IF(LEFT(CK$2,2)="1S","2T",IF(LEFT(CK$2,2)="9M","3T","4T"))&RIGHT(CK$2,2),$A$2:$CG$2,0))) -> 37799 | CL34: =INDIRECT(ADDRESS(ROW(),MATCH(IF(LEFT(CL$2,2)="1S","2T",IF(LEFT(CL$2,2)="9M","3T","4T"))&RIGHT(CL$2,2),$A$2:$CG$2,0))) -> 2898 | CM34: =INDIRECT(ADDRESS(ROW(),MATCH(IF(LEFT(CM$2,2)="1S","2T",IF(LEFT(CM$2,2)="9M","3T","4T"))&RIGHT(CM$2,2),$A$2:$CG$2,0))) -> 40597 | CN34: =INDIRECT(ADDRESS(ROW(),MATCH(IF(LEFT(CN$2,2)="1S","2T",IF(LEFT(CN$2,2)="9M","3T","4T"))&RIGHT(CN$2,2),$A$2:$CG$2,0))) -> 18782 | CO34: =INDIRECT(ADDRESS(ROW(),MATCH(IF(LEFT(CO$2,2)="1S","2T",IF(LEFT(CO$2,2)="9M","3T","4T"))&RIGHT(CO$2,2),$A$2:$CG$2,0))) -> 23410 | ... EL34: =INDIRECT(ADDRESS(ROW(),MATCH(IF(LEFT(EL$2,2)="1S","2T",IF(LEFT(EL$2,2)="9M","3T","4T"))&RIGHT(EL$2,2),$A$2:$CG$2,0))) -> 7609
DY35: =BO35 -> 0
B36: Total do ativo | C36: Total assets | D36: =IF(Menu!$D$12="PT",'Dados Financeiros'!B36,'Dados Financeiros'!C36) -> Total do ativo | E36: =E31+E20+E9 -> 1096514 | F36: =F31+F20+F9 -> 1000575 | G36: =G31+G20+G9 -> 1058025 | H36: =H31+H20+H9 -> 1121938 | I36: =I31+I20+I9 -> 1210697 | J36: =J31+J20+J9 -> 1318539 | K36: =K31+K20+K9 -> 1381055 | L36: =L31+L20+L9 -> 1455345 | ... BN36: =BN31+BN20+BN9 -> 1598141 | BO36: 1564345 | BP36: =BP31+BP20+BP9 -> 1556408 | BQ36: =BQ31+BQ20+BQ9 -> 1563632 | BR36: =BR31+BR20+BR9 -> 1538453 | BS36: =BS31+BS20+BS9 -> 1545028 | BT36: =BT31+BT20+BT9 -> 1607828 | BU36: =BU31+BU20+BU9 -> 1561413 | BV36: =BV31+BV20+BV9 -> 1567755 | BW36: =BW31+BW20+BW9 -> 1550292 | ... CF36: =CF31+CF20+CF9 -> 1197783 | CH36: =CH31+CH20+CH9 -> 1000575 | CI36: =CI31+CI20+CI9 -> 1058025 | CJ36: =CJ31+CJ20+CJ9 -> 1121938 | CK36: =CK31+CK20+CK9 -> 1318539 | CL36: =CL31+CL20+CL9 -> 1381055 | CM36: =CM31+CM20+CM9 -> 1455345 | CN36: =CN31+CN20+CN9 -> 1635990 | CO36: =CO31+CO20+CO9 -> 1752067 | ... EL36: =EL31+EL20+EL9 -> 1084507
B38: Passivo | C38: Liabilities | D38: =IF(Menu!$D$12="PT",'Dados Financeiros'!B38,'Dados Financeiros'!C38) -> Passivo
B40: Circulante | C40: Current liabilities | D40: =IF(Menu!$D$12="PT",'Dados Financeiros'!B40,'Dados Financeiros'!C40) -> Circulante | E40: =SUM(E41:E55) -> 227373 | F40: =SUM(F41:F55) -> 108843 | G40: =SUM(G41:G55) -> 125899 | H40: =SUM(H41:H55) -> 195271 | I40: =SUM(I41:I55) -> 180374 | J40: =SUM(J41:J55) -> 185819 | K40: =SUM(K41:K55) -> 213963 | L40: =SUM(L41:L55) -> 259228 | ... BN40: =SUM(BN41:BN55) -> 241377 | BO40: 251640 | BP40: =SUM(BP41:BP55) -> 244539 | BQ40: =SUM(BQ41:BQ55) -> 251899 | BR40: =SUM(BR41:BR55) -> 236740 | BS40: =SUM(BS41:BS55) -> 254894 | BT40: =SUM(BT41:BT55) -> 236788 | BU40: =SUM(BU41:BU55) -> 237879 | BV40: =SUM(BV41:BV55) -> 234925 | BW40: =SUM(BW41:BW55) -> 269256 | ... CF40: =SUM(CF41:CF55) -> 342557 | CH40: =SUM(CH41:CH55) -> 108843 | CI40: =SUM(CI41:CI55) -> 125899 | CJ40: =SUM(CJ41:CJ55) -> 195271 | CK40: =SUM(CK41:CK55) -> 185819 | CL40: =SUM(CL41:CL55) -> 213963 | CM40: =SUM(CM41:CM55) -> 259228 | CN40: =SUM(CN41:CN55) -> 354219 | CO40: =SUM(CO41:CO55) -> 449135 | ... EL40: =SUM(EL41:EL55) -> 342557
B41: Empréstimos e financiamentos - CP | C41: Loans and financing | D41: =IF(Menu!$D$12="PT",'Dados Financeiros'!B41,'Dados Financeiros'!C41) -> Empréstimos e financiamentos - CP | E41: 23408 | F41: 24922 | G41: 47374 | H41: 58869 | I41: 75802 | J41: 85806 | K41: 102277 | L41: 108270 | M41: 161846 | N41: 207042 | O41: 283720 | P41: 373454 | Q41: 348947 | R41: 501861 | S41: 560094 | T41: 497396 | U41: 624295 | V41: =537684+94800 -> 632484 | W41: 661114 | X41: 583040 | Y41: 546924 | Z41: 420616 | AA41: 587033 | AB41: 489653 | AC41: 711541 | AD41: 659200 | AE41: 845688 | AF41: 722394 | AG41: 693738 | AH41: 639003 | AI41: 945076 | AJ41: 978727 | AK41: 1149458 | AL41: 1246019 | AM41: 1139133 | AN41: 1257258 | AO41: 1347199 | AP41: 973510 | AQ41: 1198749 | AR41: 787052 | AS41: 782356 | AT41: 836308 | AU41: 760619 | AV41: 675488 | AW41: 663446 | AX41: 410118 | AY41: 326109 | AZ41: 248182 | BA41: 193792 | BB41: 199900 | BC41: 189172 | BD41: 173807 | BE41: 170368 | BF41: 193150 | BG41: 153941 | BH41: 110963 | BI41: 83253 | BJ41: 57548 | BK41: 58608 | BL41: 51568 | BM41: 44678 | BN41: 41864 | BO41: 41606 | BP41: 41881 | BQ41: 54468 | BR41: 49488 | BS41: 54547 | BT41: 51199 | BU41: 77124 | BV41: 89047 | BW41: 125250 | BX41: 226318 | BY41: 218757 | BZ41: 229420 | CA41: 217083 | CB41: 222060 | CC41: 207939 | CD41: 552390 | CE41: 222413 | CF41: 206148 | CH41: =INDIRECT(ADDRESS(ROW(),MATCH(IF(LEFT(CH$2,2)="1S","2T",IF(LEFT(CH$2,2)="9M","3T","4T"))&RIGHT(CH$2,2),$A$2:$CG$2,0))) -> 24922 | CI41: =INDIRECT(ADDRESS(ROW(),MATCH(IF(LEFT(CI$2,2)="1S","2T",IF(LEFT(CI$2,2)="9M","3T","4T"))&RIGHT(CI$2,2),$A$2:$CG$2,0))) -> 47374 | CJ41: =INDIRECT(ADDRESS(ROW(),MATCH(IF(LEFT(CJ$2,2)="1S","2T",IF(LEFT(CJ$2,2)="9M","3T","4T"))&RIGHT(CJ$2,2),$A$2:$CG$2,0))) -> 58869 | CK41: =INDIRECT(ADDRESS(ROW(),MATCH(IF(LEFT(CK$2,2)="1S","2T",IF(LEFT(CK$2,2)="9M","3T","4T"))&RIGHT(CK$2,2),$A$2:$CG$2,0))) -> 85806 | CL41: =INDIRECT(ADDRESS(ROW(),MATCH(IF(LEFT(CL$2,2)="1S","2T",IF(LEFT(CL$2,2)="9M","3T","4T"))&RIGHT(CL$2,2),$A$2:$CG$2,0))) -> 102277 | CM41: =INDIRECT(ADDRESS(ROW(),MATCH(IF(LEFT(CM$2,2)="1S","2T",IF(LEFT(CM$2,2)="9M","3T","4T"))&RIGHT(CM$2,2),$A$2:$CG$2,0))) -> 108270 | CN41: =INDIRECT(ADDRESS(ROW(),MATCH(IF(LEFT(CN$2,2)="1S","2T",IF(LEFT(CN$2,2)="9M","3T","4T"))&RIGHT(CN$2,2),$A$2:$CG$2,0))) -> 207042 | CO41: =INDIRECT(ADDRESS(ROW(),MATCH(IF(LEFT(CO$2,2)="1S","2T",IF(LEFT(CO$2,2)="9M","3T","4T"))&RIGHT(CO$2,2),$A$2:$CG$2,0))) -> 283720 | ... EL41: =INDIRECT(ADDRESS(ROW(),MATCH(IF(LEFT(EL$2,2)="1S","2T",IF(LEFT(EL$2,2)="9M","3T","4T"))&RIGHT(EL$2,2),$A$2:$CG$2,0))) -> 206148
B42: Fornecedores | C42: Suppliers | D42: =IF(Menu!$D$12="PT",'Dados Financeiros'!B42,'Dados Financeiros'!C42) -> Fornecedores | E42: 15425 | F42: 11027 | G42: 12633 | H42: 13287 | I42: 12641 | J42: 10630 | K42: 14836 | L42: 13283 | M42: 20963 | N42: 24104 | O42: 24277 | P42: 37841 | Q42: 45877 | R42: 54890 | S42: 54173 | T42: 51127 | U42: 54383 | V42: 42451 | W42: 68524 | X42: 61531 | Y42: 61457 | Z42: 51304 | AA42: 82821 | AB42: 70351 | AC42: 71914 | AD42: 62833 | AE42: 81040 | AF42: 70155 | AG42: 77269 | AH42: 85956 | AI42: 97029 | AJ42: 72870 | AK42: 83827 | AL42: 67356 | AM42: 71930 | AN42: 69067 | AO42: 75117 | AP42: 67980 | AQ42: 65140 | AR42: 33878 | AS42: 37874 | AT42: 33398 | AU42: 30964 | AV42: 22211 | AW42: 24753 | AX42: 26976 | AY42: 18001 | AZ42: 17754 | BA42: 16981 | BB42: 15369 | BC42: 17238 | BD42: 12379 | BE42: 10080 | BF42: 11182 | BG42: 10985 | BH42: 11761 | BI42: 8546 | BJ42: 7222 | BK42: 10816 | BL42: 8116 | BM42: 8777 | BN42: 7302 | BO42: 8677 | BP42: 9814 | BQ42: 3635 | BR42: 5776 | BS42: 6900 | BT42: 11763 | BU42: 12665 | BV42: 19870 | BW42: 20704 | BX42: 28538 | BY42: 24050 | BZ42: 16722 | CA42: 21892 | CB42: 15190 | CC42: 22961 | CD42: 13187 | CE42: 12154 | CF42: 12841 | CH42: =INDIRECT(ADDRESS(ROW(),MATCH(IF(LEFT(CH$2,2)="1S","2T",IF(LEFT(CH$2,2)="9M","3T","4T"))&RIGHT(CH$2,2),$A$2:$CG$2,0))) -> 11027 | CI42: =INDIRECT(ADDRESS(ROW(),MATCH(IF(LEFT(CI$2,2)="1S","2T",IF(LEFT(CI$2,2)="9M","3T","4T"))&RIGHT(CI$2,2),$A$2:$CG$2,0))) -> 12633 | CJ42: =INDIRECT(ADDRESS(ROW(),MATCH(IF(LEFT(CJ$2,2)="1S","2T",IF(LEFT(CJ$2,2)="9M","3T","4T"))&RIGHT(CJ$2,2),$A$2:$CG$2,0))) -> 13287 | CK42: =INDIRECT(ADDRESS(ROW(),MATCH(IF(LEFT(CK$2,2)="1S","2T",IF(LEFT(CK$2,2)="9M","3T","4T"))&RIGHT(CK$2,2),$A$2:$CG$2,0))) -> 10630 | CL42: =INDIRECT(ADDRESS(ROW(),MATCH(IF(LEFT(CL$2,2)="1S","2T",IF(LEFT(CL$2,2)="9M","3T","4T"))&RIGHT(CL$2,2),$A$2:$CG$2,0))) -> 14836 | CM42: =INDIRECT(ADDRESS(ROW(),MATCH(IF(LEFT(CM$2,2)="1S","2T",IF(LEFT(CM$2,2)="9M","3T","4T"))&RIGHT(CM$2,2),$A$2:$CG$2,0))) -> 13283 | CN42: =INDIRECT(ADDRESS(ROW(),MATCH(IF(LEFT(CN$2,2)="1S","2T",IF(LEFT(CN$2,2)="9M","3T","4T"))&RIGHT(CN$2,2),$A$2:$CG$2,0))) -> 24104 | CO42: =INDIRECT(ADDRESS(ROW(),MATCH(IF(LEFT(CO$2,2)="1S","2T",IF(LEFT(CO$2,2)="9M","3T","4T"))&RIGHT(CO$2,2),$A$2:$CG$2,0))) -> 24277 | ... EL42: =INDIRECT(ADDRESS(ROW(),MATCH(IF(LEFT(EL$2,2)="1S","2T",IF(LEFT(EL$2,2)="9M","3T","4T"))&RIGHT(EL$2,2),$A$2:$CG$2,0))) -> 12841
B43: Impostos e contribuições a recolher | C43: Taxes and contributions payable | D43: =IF(Menu!$D$12="PT",'Dados Financeiros'!B43,'Dados Financeiros'!C43) -> Impostos e contribuições a recolher | E43: 1243 | F43: 1504 | G43: 2185 | H43: 2199 | I43: 2407 | J43: 2984 | K43: 3584 | L43: 3637 | M43: 3661 | N43: 4011 | O43: 2427 | P43: 2647 | Q43: 3351 | R43: 6506 | S43: 8192 | T43: 6915 | U43: 6953 | V43: 12649 | W43: 13138 | X43: 14595 | Y43: 13455 | Z43: 4784 | AA43: 9472 | AB43: 5381 | AC43: 6574 | AD43: 4945 | AE43: 8944 | AF43: 7081 | AG43: 7199 | AH43: 6660 | AI43: 7631 | AJ43: 8355 | AK43: 6145 | AL43: 6609 | AM43: 7823 | AN43: 8437 | AO43: 7093 | AP43: 5999 | AQ43: 5853 | AR43: 4968 | AS43: 4020 | AT43: 4007 | AU43: 3456 | AV43: 4939 | AW43: 3561 | AX43: 4768 | AY43: 3400 | AZ43: 3411 | BA43: 3806 | BB43: 3658 | BC43: 2424 | BD43: 2638 | BE43: 2590 | BF43: 2410 | BG43: 1866 | BH43: 2801 | BI43: 2293 | BJ43: 2237 | BK43: 2691 | BL43: 2657 | BM43: 2156 | BN43: 2052 | BO43: 3069 | BP43: 2329 | BQ43: 1563 | BR43: 1715 | BS43: 1776 | BT43: 2695 | BU43: 3485 | BV43: 2677 | BW43: 2120 | BX43: 6396 | BY43: 4447 | BZ43: 3304 | CA43: 3401 | CB43: 2628 | CC43: 2862 | CD43: 2459 | CE43: 2596 | CF43: 2689 | CH43: =INDIRECT(ADDRESS(ROW(),MATCH(IF(LEFT(CH$2,2)="1S","2T",IF(LEFT(CH$2,2)="9M","3T","4T"))&RIGHT(CH$2,2),$A$2:$CG$2,0))) -> 1504 | CI43: =INDIRECT(ADDRESS(ROW(),MATCH(IF(LEFT(CI$2,2)="1S","2T",IF(LEFT(CI$2,2)="9M","3T","4T"))&RIGHT(CI$2,2),$A$2:$CG$2,0))) -> 2185 | CJ43: =INDIRECT(ADDRESS(ROW(),MATCH(IF(LEFT(CJ$2,2)="1S","2T",IF(LEFT(CJ$2,2)="9M","3T","4T"))&RIGHT(CJ$2,2),$A$2:$CG$2,0))) -> 2199 | CK43: =INDIRECT(ADDRESS(ROW(),MATCH(IF(LEFT(CK$2,2)="1S","2T",IF(LEFT(CK$2,2)="9M","3T","4T"))&RIGHT(CK$2,2),$A$2:$CG$2,0))) -> 2984 | CL43: =INDIRECT(ADDRESS(ROW(),MATCH(IF(LEFT(CL$2,2)="1S","2T",IF(LEFT(CL$2,2)="9M","3T","4T"))&RIGHT(CL$2,2),$A$2:$CG$2,0))) -> 3584 | CM43: =INDIRECT(ADDRESS(ROW(),MATCH(IF(LEFT(CM$2,2)="1S","2T",IF(LEFT(CM$2,2)="9M","3T","4T"))&RIGHT(CM$2,2),$A$2:$CG$2,0))) -> 3637 | CN43: =INDIRECT(ADDRESS(ROW(),MATCH(IF(LEFT(CN$2,2)="1S","2T",IF(LEFT(CN$2,2)="9M","3T","4T"))&RIGHT(CN$2,2),$A$2:$CG$2,0))) -> 4011 | CO43: =INDIRECT(ADDRESS(ROW(),MATCH(IF(LEFT(CO$2,2)="1S","2T",IF(LEFT(CO$2,2)="9M","3T","4T"))&RIGHT(CO$2,2),$A$2:$CG$2,0))) -> 2427 | ... EL43: =INDIRECT(ADDRESS(ROW(),MATCH(IF(LEFT(EL$2,2)="1S","2T",IF(LEFT(EL$2,2)="9M","3T","4T"))&RIGHT(EL$2,2),$A$2:$CG$2,0))) -> 2689
B44: Salários a pagar e encargos a recolher - CP | C44: Payroll and related taxes | D44: =IF(Menu!$D$12="PT",'Dados Financeiros'!B44,'Dados Financeiros'!C44) -> Salários a pagar e encargos a recolher - CP | E44: 2749 | F44: 3049 | G44: 3625 | H44: 4595 | I44: 4855 | J44: 4710 | K44: 5333 | L44: 8612 | M44: 9540 | N44: 6639 | O44: 7677 | P44: 10373 | Q44: 11118 | R44: 12367 | S44: 15018 | T44: 22043 | U44: 23733 | V44: 18899 | W44: 22531 | X44: 18660 | Y44: 22995 | Z44: 20675 | AA44: 30016 | AB44: 27297 | AC44: 36020 | AD44: 33195 | AE44: 27128 | AF44: 24696 | AG44: 28574 | AH44: 35535 | AI44: 44621 | AJ44: 38398 | AK44: 46205 | AL44: 41912 | AM44: 49471 | AN44: 35488 | AO44: 38205 | AP44: 36121 | AQ44: 43306 | AR44: 35015 | AS44: 34338 | AT44: 30411 | AU44: 31555 | AV44: 19817 | AW44: 19860 | AX44: 18574 | AY44: 18336 | AZ44: 15404 | BA44: 16292 | BB44: 16764 | BC44: 17807 | BD44: 14720 | BE44: 16045 | BF44: 17924 | BG44: 21977 | BH44: 15957 | BI44: 14192 | BJ44: 18780 | BK44: 19402 | BL44: 14586 | BM44: 16422 | BN44: 16551 | BO44: 18332 | BP44: 17404 | BQ44: 12934 | BR44: 12875 | BS44: 14141 | BT44: 22328 | BU44: 19941 | BV44: 16295 | BW44: 17482 | BX44: 13469 | BY44: 15097 | BZ44: 19166 | CA44: 21552 | CB44: 18325 | CC44: 23056 | CD44: 16238 | CE44: 18904 | CF44: 18830 | CH44: =INDIRECT(ADDRESS(ROW(),MATCH(IF(LEFT(CH$2,2)="1S","2T",IF(LEFT(CH$2,2)="9M","3T","4T"))&RIGHT(CH$2,2),$A$2:$CG$2,0))) -> 3049 | CI44: =INDIRECT(ADDRESS(ROW(),MATCH(IF(LEFT(CI$2,2)="1S","2T",IF(LEFT(CI$2,2)="9M","3T","4T"))&RIGHT(CI$2,2),$A$2:$CG$2,0))) -> 3625 | CJ44: =INDIRECT(ADDRESS(ROW(),MATCH(IF(LEFT(CJ$2,2)="1S","2T",IF(LEFT(CJ$2,2)="9M","3T","4T"))&RIGHT(CJ$2,2),$A$2:$CG$2,0))) -> 4595 | CK44: =INDIRECT(ADDRESS(ROW(),MATCH(IF(LEFT(CK$2,2)="1S","2T",IF(LEFT(CK$2,2)="9M","3T","4T"))&RIGHT(CK$2,2),$A$2:$CG$2,0))) -> 4710 | CL44: =INDIRECT(ADDRESS(ROW(),MATCH(IF(LEFT(CL$2,2)="1S","2T",IF(LEFT(CL$2,2)="9M","3T","4T"))&RIGHT(CL$2,2),$A$2:$CG$2,0))) -> 5333 | CM44: =INDIRECT(ADDRESS(ROW(),MATCH(IF(LEFT(CM$2,2)="1S","2T",IF(LEFT(CM$2,2)="9M","3T","4T"))&RIGHT(CM$2,2),$A$2:$CG$2,0))) -> 8612 | CN44: =INDIRECT(ADDRESS(ROW(),MATCH(IF(LEFT(CN$2,2)="1S","2T",IF(LEFT(CN$2,2)="9M","3T","4T"))&RIGHT(CN$2,2),$A$2:$CG$2,0))) -> 6639 | CO44: =INDIRECT(ADDRESS(ROW(),MATCH(IF(LEFT(CO$2,2)="1S","2T",IF(LEFT(CO$2,2)="9M","3T","4T"))&RIGHT(CO$2,2),$A$2:$CG$2,0))) -> 7677 | ... EL44: =INDIRECT(ADDRESS(ROW(),MATCH(IF(LEFT(EL$2,2)="1S","2T",IF(LEFT(EL$2,2)="9M","3T","4T"))&RIGHT(EL$2,2),$A$2:$CG$2,0))) -> 18830
B45: Provisão para plano de incentivo a longo prazo - CP | C45: Provision for Long Term Incentive Plan - ST | D45: =IF(Menu!$D$12="PT",'Dados Financeiros'!B45,'Dados Financeiros'!C45) -> Provisão para plano de incentivo a longo prazo - CP | E45: 0 | F45: 0 | G45: 0 | H45: 0 | I45: 0 | J45: 0 | K45: 0 | L45: 0 | M45: 0 | N45: 0 | O45: 0 | P45: 0 | Q45: 0 | R45: 0 | S45: 0 | T45: 0 | U45: 0 | V45: 0 | W45: 0 | X45: 0 | Y45: 0 | Z45: 0 | AA45: 0 | AB45: 0 | AC45: 0 | AD45: 0 | AE45: 0 | AF45: 0 | AG45: 0 | AH45: 0 | AI45: 0 | AJ45: 0 | AK45: 0 | AL45: 0 | AM45: 0 | AN45: 0 | AO45: 0 | AP45: 0 | AQ45: 0 | AR45: 0 | AS45: 0 | AT45: 0 | AU45: 0 | AV45: 0 | AW45: 0 | AX45: 0 | AY45: 0 | AZ45: 0 | BA45: 0 | BB45: 0 | BC45: 0 | BD45: 0 | BE45: 0 | BF45: 0 | BG45: 0 | BH45: 0 | BI45: 0 | BJ45: 0 | BK45: 0 | BL45: 0 | BM45: 15380 | BN45: 7570 | BO45: 6811 | BP45: 1642 | BQ45: 540 | BR45: 418 | BS45: 351 | BT45: 481 | BU45: 391 | BV45: 471 | BW45: 478 | BX45: 639 | BY45: 1191 | BZ45: 900 | CA45: 719 | CB45: 565 | CC45: 0 | CD45: 0 | CE45: 750 | CF45: 545 | CH45: =INDIRECT(ADDRESS(ROW(),MATCH(IF(LEFT(CH$2,2)="1S","2T",IF(LEFT(CH$2,2)="9M","3T","4T"))&RIGHT(CH$2,2),$A$2:$CG$2,0))) -> 0 | CI45: =INDIRECT(ADDRESS(ROW(),MATCH(IF(LEFT(CI$2,2)="1S","2T",IF(LEFT(CI$2,2)="9M","3T","4T"))&RIGHT(CI$2,2),$A$2:$CG$2,0))) -> 0 | CJ45: =INDIRECT(ADDRESS(ROW(),MATCH(IF(LEFT(CJ$2,2)="1S","2T",IF(LEFT(CJ$2,2)="9M","3T","4T"))&RIGHT(CJ$2,2),$A$2:$CG$2,0))) -> 0 | CK45: =INDIRECT(ADDRESS(ROW(),MATCH(IF(LEFT(CK$2,2)="1S","2T",IF(LEFT(CK$2,2)="9M","3T","4T"))&RIGHT(CK$2,2),$A$2:$CG$2,0))) -> 0 | CL45: =INDIRECT(ADDRESS(ROW(),MATCH(IF(LEFT(CL$2,2)="1S","2T",IF(LEFT(CL$2,2)="9M","3T","4T"))&RIGHT(CL$2,2),$A$2:$CG$2,0))) -> 0 | CM45: =INDIRECT(ADDRESS(ROW(),MATCH(IF(LEFT(CM$2,2)="1S","2T",IF(LEFT(CM$2,2)="9M","3T","4T"))&RIGHT(CM$2,2),$A$2:$CG$2,0))) -> 0 | CN45: =INDIRECT(ADDRESS(ROW(),MATCH(IF(LEFT(CN$2,2)="1S","2T",IF(LEFT(CN$2,2)="9M","3T","4T"))&RIGHT(CN$2,2),$A$2:$CG$2,0))) -> 0 | CO45: =INDIRECT(ADDRESS(ROW(),MATCH(IF(LEFT(CO$2,2)="1S","2T",IF(LEFT(CO$2,2)="9M","3T","4T"))&RIGHT(CO$2,2),$A$2:$CG$2,0))) -> 0 | ... EL45: =INDIRECT(ADDRESS(ROW(),MATCH(IF(LEFT(EL$2,2)="1S","2T",IF(LEFT(EL$2,2)="9M","3T","4T"))&RIGHT(EL$2,2),$A$2:$CG$2,0))) -> 545
B46: Contas a pagar por aquisição de imóveis - CP | C46: Payables for land acquisition | D46: =IF(Menu!$D$12="PT",'Dados Financeiros'!B46,'Dados Financeiros'!C46) -> Contas a pagar por aquisição de imóveis - CP | E46: 157459 | F46: 40120 | G46: 31207 | H46: 46876 | I46: 25732 | J46: 27465 | K46: 25256 | L46: 38405 | M46: 38084 | N46: 22803 | O46: 28302 | P46: 46676 | Q46: 47757 | R46: 41156 | S46: 45547 | T46: 40513 | U46: 43121 | V46: 41171 | W46: 39499 | X46: 42510 | Y46: 25299 | Z46: 21890 | AA46: 33340 | AB46: 30904 | AC46: 34720 | AD46: 34362 | AE46: 29167 | AF46: 29118 | AG46: 27526 | AH46: 25753 | AI46: 63539 | AJ46: 68333 | AK46: 62772 | AL46: 59369 | AM46: 51441 | AN46: 48683 | AO46: 59271 | AP46: 59132 | AQ46: 58402 | AR46: 59089 | AS46: 59576 | AT46: 63799 | AU46: 70598 | AV46: 61245 | AW46: 61873 | AX46: 56656 | AY46: 51670 | AZ46: 50756 | BA46: 51102 | BB46: 51735 | BC46: 53987 | BD46: 53138 | BE46: 52962 | BF46: 52893 | BG46: 53589 | BH46: 53685 | BI46: 54228 | BJ46: 54615 | BK46: 56296 | BL46: 59011 | BM46: 63793 | BN46: 1682 | BO46: 1024 | BP46: 1790 | BQ46: 1594 | BR46: 1161 | BS46: 1246 | BT46: 5243 | BU46: 4493 | BV46: 4270 | BW46: 3265 | BX46: 2909 | BY46: 3020 | BZ46: 3073 | CA46: 2480 | CB46: 2637 | CC46: 2667 | CD46: 1564 | CE46: 1227 | CF46: 604 | CH46: =INDIRECT(ADDRESS(ROW(),MATCH(IF(LEFT(CH$2,2)="1S","2T",IF(LEFT(CH$2,2)="9M","3T","4T"))&RIGHT(CH$2,2),$A$2:$CG$2,0))) -> 40120 | CI46: =INDIRECT(ADDRESS(ROW(),MATCH(IF(LEFT(CI$2,2)="1S","2T",IF(LEFT(CI$2,2)="9M","3T","4T"))&RIGHT(CI$2,2),$A$2:$CG$2,0))) -> 31207 | CJ46: =INDIRECT(ADDRESS(ROW(),MATCH(IF(LEFT(CJ$2,2)="1S","2T",IF(LEFT(CJ$2,2)="9M","3T","4T"))&RIGHT(CJ$2,2),$A$2:$CG$2,0))) -> 46876 | CK46: =INDIRECT(ADDRESS(ROW(),MATCH(IF(LEFT(CK$2,2)="1S","2T",IF(LEFT(CK$2,2)="9M","3T","4T"))&RIGHT(CK$2,2),$A$2:$CG$2,0))) -> 27465 | CL46: =INDIRECT(ADDRESS(ROW(),MATCH(IF(LEFT(CL$2,2)="1S","2T",IF(LEFT(CL$2,2)="9M","3T","4T"))&RIGHT(CL$2,2),$A$2:$CG$2,0))) -> 25256 | CM46: =INDIRECT(ADDRESS(ROW(),MATCH(IF(LEFT(CM$2,2)="1S","2T",IF(LEFT(CM$2,2)="9M","3T","4T"))&RIGHT(CM$2,2),$A$2:$CG$2,0))) -> 38405 | CN46: =INDIRECT(ADDRESS(ROW(),MATCH(IF(LEFT(CN$2,2)="1S","2T",IF(LEFT(CN$2,2)="9M","3T","4T"))&RIGHT(CN$2,2),$A$2:$CG$2,0))) -> 22803 | CO46: =INDIRECT(ADDRESS(ROW(),MATCH(IF(LEFT(CO$2,2)="1S","2T",IF(LEFT(CO$2,2)="9M","3T","4T"))&RIGHT(CO$2,2),$A$2:$CG$2,0))) -> 28302 | ... EL46: =INDIRECT(ADDRESS(ROW(),MATCH(IF(LEFT(EL$2,2)="1S","2T",IF(LEFT(EL$2,2)="9M","3T","4T"))&RIGHT(EL$2,2),$A$2:$CG$2,0))) -> 604
B47: Dividendos propostos - CP | C47: Dividends payable | D47: =IF(Menu!$D$12="PT",'Dados Financeiros'!B47,'Dados Financeiros'!C47) -> Dividendos propostos - CP | E47: 0 | F47: 0 | G47: 0 | H47: 7721 | I47: 7721 | J47: 0 | K47: 0 | L47: 17878 | M47: 17878 | N47: 0 | O47: 0 | P47: 26252 | Q47: 26252 | R47: 0 | S47: 0 | T47: 47512 | U47: 47512 | V47: 0 | W47: 0 | X47: 34298 | Y47: 34298 | Z47: 34298 | AA47: 0 | AB47: 0 | AC47: 0 | AD47: 0 | AE47: 0 | AF47: 0 | AG47: 0 | AH47: 0 | AI47: 0 | AJ47: 52522 | AK47: 84035 | AL47: 0 | AM47: 0 | AN47: 36896 | AO47: 36896 | AP47: 36896 | AQ47: 0 | AR47: 28000 | AS47: 28000 | AT47: 28547 | AU47: 24695 | AV47: 0 | AW47: 0 | AX47: 0 | AY47: 0 | AZ47: 0 | BA47: 0 | BB47: 0 | BC47: 0 | BD47: 0 | BE47: 0 | BF47: 0 | BG47: 0 | BH47: 0 | BI47: 0 | BJ47: 0 | BK47: 0 | BL47: 0 | BM47: 0 | BN47: 0 | BO47: 0 | BP47: 0 | BQ47: 0 | BR47: 0 | BS47: 0 | BT47: 0 | BU47: 0 | BV47: 0 | BW47: 0 | BX47: 0 | BY47: 0 | BZ47: 0 | CA47: 0 | CB47: 0 | CC47: 0 | CD47: 0 | CE47: 0 | CF47: 0 | CH47: =INDIRECT(ADDRESS(ROW(),MATCH(IF(LEFT(CH$2,2)="1S","2T",IF(LEFT(CH$2,2)="9M","3T","4T"))&RIGHT(CH$2,2),$A$2:$CG$2,0))) -> 0 | CI47: =INDIRECT(ADDRESS(ROW(),MATCH(IF(LEFT(CI$2,2)="1S","2T",IF(LEFT(CI$2,2)="9M","3T","4T"))&RIGHT(CI$2,2),$A$2:$CG$2,0))) -> 0 | CJ47: =INDIRECT(ADDRESS(ROW(),MATCH(IF(LEFT(CJ$2,2)="1S","2T",IF(LEFT(CJ$2,2)="9M","3T","4T"))&RIGHT(CJ$2,2),$A$2:$CG$2,0))) -> 7721 | CK47: =INDIRECT(ADDRESS(ROW(),MATCH(IF(LEFT(CK$2,2)="1S","2T",IF(LEFT(CK$2,2)="9M","3T","4T"))&RIGHT(CK$2,2),$A$2:$CG$2,0))) -> 0 | CL47: =INDIRECT(ADDRESS(ROW(),MATCH(IF(LEFT(CL$2,2)="1S","2T",IF(LEFT(CL$2,2)="9M","3T","4T"))&RIGHT(CL$2,2),$A$2:$CG$2,0))) -> 0 | CM47: =INDIRECT(ADDRESS(ROW(),MATCH(IF(LEFT(CM$2,2)="1S","2T",IF(LEFT(CM$2,2)="9M","3T","4T"))&RIGHT(CM$2,2),$A$2:$CG$2,0))) -> 17878 | CN47: =INDIRECT(ADDRESS(ROW(),MATCH(IF(LEFT(CN$2,2)="1S","2T",IF(LEFT(CN$2,2)="9M","3T","4T"))&RIGHT(CN$2,2),$A$2:$CG$2,0))) -> 0 | CO47: =INDIRECT(ADDRESS(ROW(),MATCH(IF(LEFT(CO$2,2)="1S","2T",IF(LEFT(CO$2,2)="9M","3T","4T"))&RIGHT(CO$2,2),$A$2:$CG$2,0))) -> 0 | ... EL47: =INDIRECT(ADDRESS(ROW(),MATCH(IF(LEFT(EL$2,2)="1S","2T",IF(LEFT(EL$2,2)="9M","3T","4T"))&RIGHT(EL$2,2),$A$2:$CG$2,0))) -> 0
B48: Partes Relacionadas - PS | C48: Related parties | D48: =IF(Menu!$D$12="PT",'Dados Financeiros'!B48,'Dados Financeiros'!C48) -> Partes Relacionadas - PS | E48: 0 | F48: 0 | G48: 0 | H48: 0 | I48: 0 | J48: 0 | K48: 0 | L48: 0 | M48: 0 | N48: 0 | O48: 0 | P48: 0 | Q48: 0 | R48: 0 | S48: 0 | T48: 0 | U48: 0 | V48: 0 | W48: 0 | X48: 0 | Y48: 0 | Z48: 28329 | AA48: 0 | AB48: 25745 | AC48: 0 | AD48: 28282 | AE48: 0 | AF48: 52182 | AG48: 64685 | AH48: 54160 | AI48: 92991 | AJ48: 93263 | AK48: 89545 | AL48: 102654 | AM48: 71278 | AN48: 76579 | AO48: 83916 | AP48: 93325 | AQ48: 96625 | AR48: 104052 | AS48: 76922 | AT48: 128614 | AU48: 113330 | AV48: 93128 | AW48: 97830 | AX48: 101909 | AY48: 98737 | AZ48: 103724 | BA48: 111349 | BB48: 106065 | BC48: 113532 | BD48: 118421 | BE48: 116518 | BF48: 119408 | BG48: 113033 | BH48: 79020 | BI48: 82739 | BJ48: 85690 | BK48: 86637 | BL48: 89632 | BM48: 92336 | BN48: 92641 | BO48: 95322 | BP48: 92246 | BQ48: 93601 | BR48: 68347 | BS48: 70347 | BT48: 51469 | BU48: 23604 | BV48: 21600 | BW48: 23532 | BX48: 18736 | BY48: 23537 | BZ48: 21952 | CA48: 22615 | CB48: 22499 | CC48: 18833 | CD48: 18826 | CE48: 18822 | CF48: 18831 | CH48: =INDIRECT(ADDRESS(ROW(),MATCH(IF(LEFT(CH$2,2)="1S","2T",IF(LEFT(CH$2,2)="9M","3T","4T"))&RIGHT(CH$2,2),$A$2:$CG$2,0))) -> 0 | CI48: =INDIRECT(ADDRESS(ROW(),MATCH(IF(LEFT(CI$2,2)="1S","2T",IF(LEFT(CI$2,2)="9M","3T","4T"))&RIGHT(CI$2,2),$A$2:$CG$2,0))) -> 0 | CJ48: =INDIRECT(ADDRESS(ROW(),MATCH(IF(LEFT(CJ$2,2)="1S","2T",IF(LEFT(CJ$2,2)="9M","3T","4T"))&RIGHT(CJ$2,2),$A$2:$CG$2,0))) -> 0 | CK48: =INDIRECT(ADDRESS(ROW(),MATCH(IF(LEFT(CK$2,2)="1S","2T",IF(LEFT(CK$2,2)="9M","3T","4T"))&RIGHT(CK$2,2),$A$2:$CG$2,0))) -> 0 | CL48: =INDIRECT(ADDRESS(ROW(),MATCH(IF(LEFT(CL$2,2)="1S","2T",IF(LEFT(CL$2,2)="9M","3T","4T"))&RIGHT(CL$2,2),$A$2:$CG$2,0))) -> 0 | CM48: =INDIRECT(ADDRESS(ROW(),MATCH(IF(LEFT(CM$2,2)="1S","2T",IF(LEFT(CM$2,2)="9M","3T","4T"))&RIGHT(CM$2,2),$A$2:$CG$2,0))) -> 0 | CN48: =INDIRECT(ADDRESS(ROW(),MATCH(IF(LEFT(CN$2,2)="1S","2T",IF(LEFT(CN$2,2)="9M","3T","4T"))&RIGHT(CN$2,2),$A$2:$CG$2,0))) -> 0 | CO48: =INDIRECT(ADDRESS(ROW(),MATCH(IF(LEFT(CO$2,2)="1S","2T",IF(LEFT(CO$2,2)="9M","3T","4T"))&RIGHT(CO$2,2),$A$2:$CG$2,0))) -> 0 | ... EL48: =INDIRECT(ADDRESS(ROW(),MATCH(IF(LEFT(EL$2,2)="1S","2T",IF(LEFT(EL$2,2)="9M","3T","4T"))&RIGHT(EL$2,2),$A$2:$CG$2,0))) -> 18831
B49: Parceiro em Negócios - PS | C49: Business partners | D49: =IF(Menu!$D$12="PT",'Dados Financeiros'!B49,'Dados Financeiros'!C49) -> Parceiro em Negócios - PS | E49: 100 | F49: 4389 | G49: 3749 | H49: 4647 | I49: 5072 | J49: 8072 | K49: 13384 | L49: 16209 | M49: 20849 | N49: 18634 | O49: 28850 | P49: 25573 | Q49: 26270 | R49: 31465 | S49: 35858 | T49: 24042 | U49: 34597 | V49: 25712 | W49: 29603 | X49: 6461 | Y49: 9337 | Z49: 9847 | AA49: 7762 | AB49: 18825 | AC49: 7613 | AD49: 16024 | AE49: 5511 | AF49: 23906 | AG49: 25528 | AH49: 14617 | AI49: 10046 | AJ49: 14207 | AK49: 14702 | AL49: 6957 | AM49: 17961 | AN49: 8531 | AO49: 7638 | AP49: 6979 | AQ49: 6899 | AR49: 13014 | AS49: 20342 | AT49: 23622 | AU49: 22626 | AV49: 23338 | AW49: 23726 | AX49: 24952 | AY49: 24951 | AZ49: 24089 | BA49: 24085 | BB49: 24067 | BC49: 25142 | BD49: 25613 | BE49: 25612 | BF49: 25595 | BG49: 25594 | BH49: 25578 | BI49: 25643 | BJ49: 25579 | BK49: 25769 | BL49: 26700 | BM49: 26701 | BN49: 26700 | BO49: 26700 | BP49: 28675 | BQ49: 28059 | BR49: 29605 | BS49: 30692 | BT49: 9968 | BU49: 14367 | BV49: 14593 | BW49: 3740 | BX49: 3740 | BY49: 3725 | BZ49: 3756 | CA49: 3817 | CB49: 3802 | CC49: 4431 | CD49: 4702 | CE49: 3802 | CF49: 222 | CH49: =INDIRECT(ADDRESS(ROW(),MATCH(IF(LEFT(CH$2,2)="1S","2T",IF(LEFT(CH$2,2)="9M","3T","4T"))&RIGHT(CH$2,2),$A$2:$CG$2,0))) -> 4389 | CI49: =INDIRECT(ADDRESS(ROW(),MATCH(IF(LEFT(CI$2,2)="1S","2T",IF(LEFT(CI$2,2)="9M","3T","4T"))&RIGHT(CI$2,2),$A$2:$CG$2,0))) -> 3749 | CJ49: =INDIRECT(ADDRESS(ROW(),MATCH(IF(LEFT(CJ$2,2)="1S","2T",IF(LEFT(CJ$2,2)="9M","3T","4T"))&RIGHT(CJ$2,2),$A$2:$CG$2,0))) -> 4647 | CK49: =INDIRECT(ADDRESS(ROW(),MATCH(IF(LEFT(CK$2,2)="1S","2T",IF(LEFT(CK$2,2)="9M","3T","4T"))&RIGHT(CK$2,2),$A$2:$CG$2,0))) -> 8072 | CL49: =INDIRECT(ADDRESS(ROW(),MATCH(IF(LEFT(CL$2,2)="1S","2T",IF(LEFT(CL$2,2)="9M","3T","4T"))&RIGHT(CL$2,2),$A$2:$CG$2,0))) -> 13384 | CM49: =INDIRECT(ADDRESS(ROW(),MATCH(IF(LEFT(CM$2,2)="1S","2T",IF(LEFT(CM$2,2)="9M","3T","4T"))&RIGHT(CM$2,2),$A$2:$CG$2,0))) -> 16209 | CN49: =INDIRECT(ADDRESS(ROW(),MATCH(IF(LEFT(CN$2,2)="1S","2T",IF(LEFT(CN$2,2)="9M","3T","4T"))&RIGHT(CN$2,2),$A$2:$CG$2,0))) -> 18634 | CO49: =INDIRECT(ADDRESS(ROW(),MATCH(IF(LEFT(CO$2,2)="1S","2T",IF(LEFT(CO$2,2)="9M","3T","4T"))&RIGHT(CO$2,2),$A$2:$CG$2,0))) -> 28850 | ... EL49: =INDIRECT(ADDRESS(ROW(),MATCH(IF(LEFT(EL$2,2)="1S","2T",IF(LEFT(EL$2,2)="9M","3T","4T"))&RIGHT(EL$2,2),$A$2:$CG$2,0))) -> 222
B50: Adiantamento de clientes - CP | C50: Advances from customers | D50: =IF(Menu!$D$12="PT",'Dados Financeiros'!B50,'Dados Financeiros'!C50) -> Adiantamento de clientes - CP | E50: 21788 | F50: 18175 | G50: 17411 | H50: 15068 | I50: 13887 | J50: 12107 | K50: 16815 | L50: 20027 | M50: 26188 | N50: 35228 | O50: 37128 | P50: 39147 | Q50: 44378 | R50: 57617 | S50: 201783 | T50: 70539 | U50: 81102 | V50: 158888 | W50: 168167 | X50: 182395 | Y50: 190738 | Z50: 161517 | AA50: 199390 | AB50: 163627 | AC50: 216862 | AD50: 185218 | AE50: 268701 | AF50: 216124 | AG50: 255823 | AH50: 239855 | AI50: 239121 | AJ50: 162742 | AK50: 189122 | AL50: 185762 | AM50: 179411 | AN50: 158310 | AO50: 137303 | AP50: 120219 | AQ50: 98671 | AR50: 54916 | AS50: 59568 | AT50: 47305 | AU50: 56945 | AV50: 40876 | AW50: 35334 | AX50: 27678 | AY50: 35251 | AZ50: 31708 | BA50: 40413 | BB50: 44794 | BC50: 41929 | BD50: 26441 | BE50: 21501 | BF50: 20897 | BG50: 0 | BH50: 7200 | BI50: 19698 | BJ50: 19698 | BK50: 30145 | BL50: 7252 | BM50: 13549 | BN50: 10443 | BO50: 18585 | BP50: 22537 | BQ50: 29580 | BR50: 40261 | BS50: 44796 | BT50: 54065 | BU50: 58704 | BV50: 35545 | BW50: 48324 | BX50: 48275 | BY50: 49040 | BZ50: 48155 | CA50: 72248 | CB50: 66386 | CC50: 86158 | CD50: 81143 | CE50: 66564 | CF50: 53670 | CH50: =INDIRECT(ADDRESS(ROW(),MATCH(IF(LEFT(CH$2,2)="1S","2T",IF(LEFT(CH$2,2)="9M","3T","4T"))&RIGHT(CH$2,2),$A$2:$CG$2,0))) -> 18175 | CI50: =INDIRECT(ADDRESS(ROW(),MATCH(IF(LEFT(CI$2,2)="1S","2T",IF(LEFT(CI$2,2)="9M","3T","4T"))&RIGHT(CI$2,2),$A$2:$CG$2,0))) -> 17411 | CJ50: =INDIRECT(ADDRESS(ROW(),MATCH(IF(LEFT(CJ$2,2)="1S","2T",IF(LEFT(CJ$2,2)="9M","3T","4T"))&RIGHT(CJ$2,2),$A$2:$CG$2,0))) -> 15068 | CK50: =INDIRECT(ADDRESS(ROW(),MATCH(IF(LEFT(CK$2,2)="1S","2T",IF(LEFT(CK$2,2)="9M","3T","4T"))&RIGHT(CK$2,2),$A$2:$CG$2,0))) -> 12107 | CL50: =INDIRECT(ADDRESS(ROW(),MATCH(IF(LEFT(CL$2,2)="1S","2T",IF(LEFT(CL$2,2)="9M","3T","4T"))&RIGHT(CL$2,2),$A$2:$CG$2,0))) -> 16815 | CM50: =INDIRECT(ADDRESS(ROW(),MATCH(IF(LEFT(CM$2,2)="1S","2T",IF(LEFT(CM$2,2)="9M","3T","4T"))&RIGHT(CM$2,2),$A$2:$CG$2,0))) -> 20027 | CN50: =INDIRECT(ADDRESS(ROW(),MATCH(IF(LEFT(CN$2,2)="1S","2T",IF(LEFT(CN$2,2)="9M","3T","4T"))&RIGHT(CN$2,2),$A$2:$CG$2,0))) -> 35228 | CO50: =INDIRECT(ADDRESS(ROW(),MATCH(IF(LEFT(CO$2,2)="1S","2T",IF(LEFT(CO$2,2)="9M","3T","4T"))&RIGHT(CO$2,2),$A$2:$CG$2,0))) -> 37128 | ... EL50: =INDIRECT(ADDRESS(ROW(),MATCH(IF(LEFT(EL$2,2)="1S","2T",IF(LEFT(EL$2,2)="9M","3T","4T"))&RIGHT(EL$2,2),$A$2:$CG$2,0))) -> 53670
B51: Provisão para IR e CS | C51: Provision for income tax and social contribution | D51: =IF(Menu!$D$12="PT",'Dados Financeiros'!B51,'Dados Financeiros'!C51) -> Provisão para IR e CS | E51: 667 | F51: 657 | G51: 1090 | H51: 2795 | I51: 4791 | J51: 5558 | K51: 2725 | L51: 2247 | M51: 2279 | N51: 2760 | O51: 2733 | P51: 3371 | Q51: 2458 | R51: 3275 | S51: 4087 | T51: 5093 | U51: 4896 | V51: 4494 | W51: 4539 | X51: 4634 | Y51: 3396 | Z51: 2686 | AA51: 2922 | AB51: 3680 | AC51: 4136 | AD51: 3442 | AE51: 5591 | AF51: 5412 | AG51: 5145 | AH51: 5962 | AI51: 5422 | AJ51: 6194 | AK51: 3779 | AL51: 5439 | AM51: 6753 | AN51: 6762 | AO51: 5716 | AP51: 5331 | AQ51: 5087 | AR51: 7143 | AS51: 2980 | AT51: 2809 | AU51: 2629 | AV51: 2391 | AW51: 2400 | AX51: 3170 | AY51: 2914 | AZ51: 1523 | BA51: 3481 | BB51: 3617 | BC51: 2191 | BD51: 1924 | BE51: 940 | BF51: 573 | BG51: 754 | BH51: 1104 | BI51: 326 | BJ51: 823 | BK51: 1217 | BL51: 2495 | BM51: 3069 | BN51: 3227 | BO51: 3127 | BP51: 2165 | BQ51: 2596 | BR51: 2535 | BS51: 3569 | BT51: 3598 | BU51: 3891 | BV51: 3303 | BW51: 3187 | BX51: 3572 | BY51: 4823 | BZ51: 4502 | CA51: 5746 | CB51: 2972 | CC51: 3471 | CD51: 3344 | CE51: 2426 | CF51: 2190 | CH51: =INDIRECT(ADDRESS(ROW(),MATCH(IF(LEFT(CH$2,2)="1S","2T",IF(LEFT(CH$2,2)="9M","3T","4T"))&RIGHT(CH$2,2),$A$2:$CG$2,0))) -> 657 | CI51: =INDIRECT(ADDRESS(ROW(),MATCH(IF(LEFT(CI$2,2)="1S","2T",IF(LEFT(CI$2,2)="9M","3T","4T"))&RIGHT(CI$2,2),$A$2:$CG$2,0))) -> 1090 | CJ51: =INDIRECT(ADDRESS(ROW(),MATCH(IF(LEFT(CJ$2,2)="1S","2T",IF(LEFT(CJ$2,2)="9M","3T","4T"))&RIGHT(CJ$2,2),$A$2:$CG$2,0))) -> 2795 | CK51: =INDIRECT(ADDRESS(ROW(),MATCH(IF(LEFT(CK$2,2)="1S","2T",IF(LEFT(CK$2,2)="9M","3T","4T"))&RIGHT(CK$2,2),$A$2:$CG$2,0))) -> 5558 | CL51: =INDIRECT(ADDRESS(ROW(),MATCH(IF(LEFT(CL$2,2)="1S","2T",IF(LEFT(CL$2,2)="9M","3T","4T"))&RIGHT(CL$2,2),$A$2:$CG$2,0))) -> 2725 | CM51: =INDIRECT(ADDRESS(ROW(),MATCH(IF(LEFT(CM$2,2)="1S","2T",IF(LEFT(CM$2,2)="9M","3T","4T"))&RIGHT(CM$2,2),$A$2:$CG$2,0))) -> 2247 | CN51: =INDIRECT(ADDRESS(ROW(),MATCH(IF(LEFT(CN$2,2)="1S","2T",IF(LEFT(CN$2,2)="9M","3T","4T"))&RIGHT(CN$2,2),$A$2:$CG$2,0))) -> 2760 | CO51: =INDIRECT(ADDRESS(ROW(),MATCH(IF(LEFT(CO$2,2)="1S","2T",IF(LEFT(CO$2,2)="9M","3T","4T"))&RIGHT(CO$2,2),$A$2:$CG$2,0))) -> 2733 | ... EL51: =INDIRECT(ADDRESS(ROW(),MATCH(IF(LEFT(EL$2,2)="1S","2T",IF(LEFT(EL$2,2)="9M","3T","4T"))&RIGHT(EL$2,2),$A$2:$CG$2,0))) -> 2190
B52: Impostos e contribuições diferidos - CP | C52: Deferred taxes | D52: =IF(Menu!$D$12="PT",'Dados Financeiros'!B52,'Dados Financeiros'!C52) -> Impostos e contribuições diferidos - CP | T52: 61057 | U52: 79048 | W52: 85162 | X52: 83630 | Y52: 84107 | Z52: 68104 | AA52: 91463 | AB52: 71057 | AC52: 92699 | AD52: 73504 | AE52: 60943 | AF52: 51078 | AG52: 56463 | AH52: 57204 | AI52: 66228 | AJ52: 72166 | AK52: 73616 | AL52: 76417 | AM52: 73596 | AN52: 64454 | AO52: 60390 | AP52: 70134 | AQ52: 72074 | AR52: 39498 | AS52: 41004 | AT52: 38814 | AU52: 31900 | AV52: 28061 | AW52: 25015 | AX52: 20905 | AY52: 15599 | AZ52: 14317 | BA52: 12442 | BB52: 9827 | BC52: 6636 | BD52: 3799 | BE52: 2948 | BF52: 2406 | BG52: 2852 | BH52: 3565 | BI52: 2232 | BJ52: 2166 | BK52: 2150 | BL52: 2084 | BM52: 1383 | BN52: 1625 | BO52: 1133 | BP52: 1119 | BQ52: 1245 | BR52: 1743 | BS52: 3121 | BT52: 3135 | BU52: 3549 | BV52: 4658 | BW52: 5609 | BX52: 7129 | BY52: 7760 | BZ52: 9470 | CA52: 7291 | CB52: 6977 | CC52: 4440 | CD52: 3367 | CE52: 2664 | CF52: 1244 | CH52: =INDIRECT(ADDRESS(ROW(),MATCH(IF(LEFT(CH$2,2)="1S","2T",IF(LEFT(CH$2,2)="9M","3T","4T"))&RIGHT(CH$2,2),$A$2:$CG$2,0))) -> 0 | CI52: =INDIRECT(ADDRESS(ROW(),MATCH(IF(LEFT(CI$2,2)="1S","2T",IF(LEFT(CI$2,2)="9M","3T","4T"))&RIGHT(CI$2,2),$A$2:$CG$2,0))) -> 0 | CJ52: =INDIRECT(ADDRESS(ROW(),MATCH(IF(LEFT(CJ$2,2)="1S","2T",IF(LEFT(CJ$2,2)="9M","3T","4T"))&RIGHT(CJ$2,2),$A$2:$CG$2,0))) -> 0 | CK52: =INDIRECT(ADDRESS(ROW(),MATCH(IF(LEFT(CK$2,2)="1S","2T",IF(LEFT(CK$2,2)="9M","3T","4T"))&RIGHT(CK$2,2),$A$2:$CG$2,0))) -> 0 | CL52: =INDIRECT(ADDRESS(ROW(),MATCH(IF(LEFT(CL$2,2)="1S","2T",IF(LEFT(CL$2,2)="9M","3T","4T"))&RIGHT(CL$2,2),$A$2:$CG$2,0))) -> 0 | CM52: =INDIRECT(ADDRESS(ROW(),MATCH(IF(LEFT(CM$2,2)="1S","2T",IF(LEFT(CM$2,2)="9M","3T","4T"))&RIGHT(CM$2,2),$A$2:$CG$2,0))) -> 0 | CN52: =INDIRECT(ADDRESS(ROW(),MATCH(IF(LEFT(CN$2,2)="1S","2T",IF(LEFT(CN$2,2)="9M","3T","4T"))&RIGHT(CN$2,2),$A$2:$CG$2,0))) -> 0 | CO52: =INDIRECT(ADDRESS(ROW(),MATCH(IF(LEFT(CO$2,2)="1S","2T",IF(LEFT(CO$2,2)="9M","3T","4T"))&RIGHT(CO$2,2),$A$2:$CG$2,0))) -> 0 | ... EL52: =INDIRECT(ADDRESS(ROW(),MATCH(IF(LEFT(EL$2,2)="1S","2T",IF(LEFT(EL$2,2)="9M","3T","4T"))&RIGHT(EL$2,2),$A$2:$CG$2,0))) -> 1244
B53: Aquisição de participação societária a pagar | C53: Acquisition of equity interest payable | D53: =IF(Menu!$D$12="PT",'Dados Financeiros'!B53,'Dados Financeiros'!C53) -> Aquisição de participação societária a pagar | T53: 25407 | U53: 25407 | W53: 27711 | X53: 26385 | Y53: 25407 | Z53: 25407 | AA53: 25407 | AB53: 25407 | AC53: 25407 | AD53: 25407 | AE53: 25407 | AF53: 25407 | AG53: 25407 | AH53: 25407 | AI53: 25407 | AJ53: 25976 | AK53: 25983 | AL53: 25995 | AM53: 25997 | AN53: 26008 | AO53: 26019 | AP53: 40403 | AQ53: 40416 | AR53: 40441 | AS53: 26091 | AT53: 26110 | AU53: 26114 | AV53: 26119 | AW53: 26124 | AX53: 26124 | AY53: 26128 | AZ53: 26140 | BA53: 26151 | BB53: 26179 | BC53: 26201 | BD53: 26208 | BE53: 26225 | BF53: 26243 | BG53: 26246 | BH53: 11495 | BI53: 11510 | BJ53: 11520 | BK53: 11620 | BL53: 11696 | BM53: 11784 | BN53: 11865 | BO53: 11874 | BP53: 11882 | BQ53: 11940 | BR53: 11989 | BS53: 14989 | BT53: 13630 | BU53: 10630 | BV53: 10630 | BW53: 10630 | BX53: 10630 | BY53: 11718 | BZ53: 10630 | CA53: 10630 | CB53: 10630 | CC53: 10630 | CD53: 10630 | CE53: 10630 | CF53: 0 | CH53: =INDIRECT(ADDRESS(ROW(),MATCH(IF(LEFT(CH$2,2)="1S","2T",IF(LEFT(CH$2,2)="9M","3T","4T"))&RIGHT(CH$2,2),$A$2:$CG$2,0))) -> 0 | CI53: =INDIRECT(ADDRESS(ROW(),MATCH(IF(LEFT(CI$2,2)="1S","2T",IF(LEFT(CI$2,2)="9M","3T","4T"))&RIGHT(CI$2,2),$A$2:$CG$2,0))) -> 0 | CJ53: =INDIRECT(ADDRESS(ROW(),MATCH(IF(LEFT(CJ$2,2)="1S","2T",IF(LEFT(CJ$2,2)="9M","3T","4T"))&RIGHT(CJ$2,2),$A$2:$CG$2,0))) -> 0 | CK53: =INDIRECT(ADDRESS(ROW(),MATCH(IF(LEFT(CK$2,2)="1S","2T",IF(LEFT(CK$2,2)="9M","3T","4T"))&RIGHT(CK$2,2),$A$2:$CG$2,0))) -> 0 | CL53: =INDIRECT(ADDRESS(ROW(),MATCH(IF(LEFT(CL$2,2)="1S","2T",IF(LEFT(CL$2,2)="9M","3T","4T"))&RIGHT(CL$2,2),$A$2:$CG$2,0))) -> 0 | CM53: =INDIRECT(ADDRESS(ROW(),MATCH(IF(LEFT(CM$2,2)="1S","2T",IF(LEFT(CM$2,2)="9M","3T","4T"))&RIGHT(CM$2,2),$A$2:$CG$2,0))) -> 0 | CN53: =INDIRECT(ADDRESS(ROW(),MATCH(IF(LEFT(CN$2,2)="1S","2T",IF(LEFT(CN$2,2)="9M","3T","4T"))&RIGHT(CN$2,2),$A$2:$CG$2,0))) -> 0 | CO53: =INDIRECT(ADDRESS(ROW(),MATCH(IF(LEFT(CO$2,2)="1S","2T",IF(LEFT(CO$2,2)="9M","3T","4T"))&RIGHT(CO$2,2),$A$2:$CG$2,0))) -> 0 | ... EL53: =INDIRECT(ADDRESS(ROW(),MATCH(IF(LEFT(EL$2,2)="1S","2T",IF(LEFT(EL$2,2)="9M","3T","4T"))&RIGHT(EL$2,2),$A$2:$CG$2,0))) -> 0
B54: Provisão para garantias - CP | C54: Provisions for warranty | D54: =IF(Menu!$D$12="PT",'Dados Financeiros'!B54,'Dados Financeiros'!C54) -> Provisão para garantias - CP | E54: 0 | F54: 0 | G54: 0 | H54: 0 | I54: 0 | J54: 0 | K54: 0 | L54: 0 | M54: 0 | N54: 0 | O54: 0 | P54: 0 | Q54: 0 | R54: 0 | S54: 0 | T54: 0 | U54: 0 | V54: 0 | W54: 0 | X54: 0 | Y54: 0 | Z54: 0 | AA54: 0 | AB54: 0 | AC54: 0 | AD54: 0 | AE54: 0 | AF54: 0 | AG54: 0 | AH54: 0 | AI54: 0 | AJ54: 0 | AK54: 0 | AL54: 0 | AM54: 0 | AN54: 0 | AO54: 0 | AP54: 0 | AQ54: 0 | AR54: 0 | AS54: 0 | AT54: 0 | AU54: 0 | AV54: 0 | AW54: 0 | AX54: 0 | AY54: 0 | AZ54: 0 | BA54: 3615 | BB54: 3082 | BC54: 2784 | BD54: 2543 | BE54: 2254 | BF54: 2084 | BG54: 3280 | BH54: 5551 | BI54: 5714 | BJ54: 7971 | BK54: 8375 | BL54: 8234 | BM54: 7037 | BN54: 6366 | BO54: 5642 | BP54: 4781 | BQ54: 4177 | BR54: 2972 | BS54: 2712 | BT54: 1654 | BU54: 1332 | BV54: 941 | BW54: 436 | BX54: 7769 | BY54: 6825 | BZ54: 5445 | CA54: 3210 | CB54: 1962 | CC54: 1780 | CD54: 2008 | CE54: 1920 | CF54: 3221 | CH54: =INDIRECT(ADDRESS(ROW(),MATCH(IF(LEFT(CH$2,2)="1S","2T",IF(LEFT(CH$2,2)="9M","3T","4T"))&RIGHT(CH$2,2),$A$2:$CG$2,0))) -> 0 | CI54: =INDIRECT(ADDRESS(ROW(),MATCH(IF(LEFT(CI$2,2)="1S","2T",IF(LEFT(CI$2,2)="9M","3T","4T"))&RIGHT(CI$2,2),$A$2:$CG$2,0))) -> 0 | CJ54: =INDIRECT(ADDRESS(ROW(),MATCH(IF(LEFT(CJ$2,2)="1S","2T",IF(LEFT(CJ$2,2)="9M","3T","4T"))&RIGHT(CJ$2,2),$A$2:$CG$2,0))) -> 0 | CK54: =INDIRECT(ADDRESS(ROW(),MATCH(IF(LEFT(CK$2,2)="1S","2T",IF(LEFT(CK$2,2)="9M","3T","4T"))&RIGHT(CK$2,2),$A$2:$CG$2,0))) -> 0 | CL54: =INDIRECT(ADDRESS(ROW(),MATCH(IF(LEFT(CL$2,2)="1S","2T",IF(LEFT(CL$2,2)="9M","3T","4T"))&RIGHT(CL$2,2),$A$2:$CG$2,0))) -> 0 | CM54: =INDIRECT(ADDRESS(ROW(),MATCH(IF(LEFT(CM$2,2)="1S","2T",IF(LEFT(CM$2,2)="9M","3T","4T"))&RIGHT(CM$2,2),$A$2:$CG$2,0))) -> 0 | CN54: =INDIRECT(ADDRESS(ROW(),MATCH(IF(LEFT(CN$2,2)="1S","2T",IF(LEFT(CN$2,2)="9M","3T","4T"))&RIGHT(CN$2,2),$A$2:$CG$2,0))) -> 0 | CO54: =INDIRECT(ADDRESS(ROW(),MATCH(IF(LEFT(CO$2,2)="1S","2T",IF(LEFT(CO$2,2)="9M","3T","4T"))&RIGHT(CO$2,2),$A$2:$CG$2,0))) -> 0 | ... EL54: =INDIRECT(ADDRESS(ROW(),MATCH(IF(LEFT(EL$2,2)="1S","2T",IF(LEFT(EL$2,2)="9M","3T","4T"))&RIGHT(EL$2,2),$A$2:$CG$2,0))) -> 3221
B55: Outras contas a pagar - CP | C55: Other accounts payable | D55: =IF(Menu!$D$12="PT",'Dados Financeiros'!B55,'Dados Financeiros'!C55) -> Outras contas a pagar - CP | E55: 4534 | F55: 5000 | G55: 6625 | H55: 39214 | I55: 27466 | J55: 28487 | K55: 29753 | L55: 30660 | M55: 31798 | N55: 32998 | O55: 34021 | P55: 61256 | Q55: 27082 | R55: =33948+40815-4664 -> 70099 | S55: 80948 | T55: 4577 | U55: 4572 | V55: =76514+25407+4503 -> 106424 | W55: 5303 | X55: 8848 | Y55: 9621 | Z55: 6176 | AA55: 16292 | AB55: 5855 | AC55: 39795 | AD55: 25188 | AE55: 49296 | AF55: 29243 | AG55: 28753 | AH55: 31799 | AI55: 28701 | AJ55: 26371 | AK55: 33041 | AL55: 35084 | AM55: 38440 | AN55: 37104 | AO55: 36885 | AP55: 31386 | AQ55: 32522 | AR55: 51630 | AS55: 49975 | AT55: 42988 | AU55: 49459 | AV55: 54552 | AW55: 65385 | AX55: 65691 | AY55: 66576 | AZ55: 62537 | BA55: 65819 | BB55: 59451 | BC55: 68701 | BD55: 67299 | BE55: 67151 | BF55: 62828 | BG55: 54490 | BH55: 23093 | BI55: 18140 | BJ55: 23029 | BK55: 18361 | BL55: 15836 | BM55: 12453 | BN55: 11489 | BO55: 9738 | BP55: 6274 | BQ55: 5967 | BR55: 7855 | BS55: 5707 | BT55: 5560 | BU55: 3703 | BV55: 11025 | BW55: 4499 | BX55: 10494 | BY55: 4008 | BZ55: 14583 | CA55: 8272 | CB55: 29119 | CC55: 30138 | CD55: 26446 | CE55: 21893 | CF55: 21522 | CH55: =INDIRECT(ADDRESS(ROW(),MATCH(IF(LEFT(CH$2,2)="1S","2T",IF(LEFT(CH$2,2)="9M","3T","4T"))&RIGHT(CH$2,2),$A$2:$CG$2,0))) -> 5000 | CI55: =INDIRECT(ADDRESS(ROW(),MATCH(IF(LEFT(CI$2,2)="1S","2T",IF(LEFT(CI$2,2)="9M","3T","4T"))&RIGHT(CI$2,2),$A$2:$CG$2,0))) -> 6625 | CJ55: =INDIRECT(ADDRESS(ROW(),MATCH(IF(LEFT(CJ$2,2)="1S","2T",IF(LEFT(CJ$2,2)="9M","3T","4T"))&RIGHT(CJ$2,2),$A$2:$CG$2,0))) -> 39214 | CK55: =INDIRECT(ADDRESS(ROW(),MATCH(IF(LEFT(CK$2,2)="1S","2T",IF(LEFT(CK$2,2)="9M","3T","4T"))&RIGHT(CK$2,2),$A$2:$CG$2,0))) -> 28487 | CL55: =INDIRECT(ADDRESS(ROW(),MATCH(IF(LEFT(CL$2,2)="1S","2T",IF(LEFT(CL$2,2)="9M","3T","4T"))&RIGHT(CL$2,2),$A$2:$CG$2,0))) -> 29753 | CM55: =INDIRECT(ADDRESS(ROW(),MATCH(IF(LEFT(CM$2,2)="1S","2T",IF(LEFT(CM$2,2)="9M","3T","4T"))&RIGHT(CM$2,2),$A$2:$CG$2,0))) -> 30660 | CN55: =INDIRECT(ADDRESS(ROW(),MATCH(IF(LEFT(CN$2,2)="1S","2T",IF(LEFT(CN$2,2)="9M","3T","4T"))&RIGHT(CN$2,2),$A$2:$CG$2,0))) -> 32998 | CO55: =INDIRECT(ADDRESS(ROW(),MATCH(IF(LEFT(CO$2,2)="1S","2T",IF(LEFT(CO$2,2)="9M","3T","4T"))&RIGHT(CO$2,2),$A$2:$CG$2,0))) -> 34021 | ... EL55: =INDIRECT(ADDRESS(ROW(),MATCH(IF(LEFT(EL$2,2)="1S","2T",IF(LEFT(EL$2,2)="9M","3T","4T"))&RIGHT(EL$2,2),$A$2:$CG$2,0))) -> 21522
B57: Não circulante | C57: Noncurrent liabilities | D57: =IF(Menu!$D$12="PT",'Dados Financeiros'!B57,'Dados Financeiros'!C57) -> Não circulante | E57: =SUM(E58:E66) -> 147383 | F57: =SUM(F58:F66) -> 146283 | G57: =SUM(G58:G66) -> 166149 | H57: =SUM(H58:H66) -> 147204 | I57: =SUM(I58:I66) -> 213193 | J57: =SUM(J58:J66) -> 285178 | K57: =SUM(K58:K66) -> 302245 | L57: =SUM(L58:L66) -> 333736 | ... BN57: =SUM(BN58:BN66) -> 628753 | BO57: 635046 | BP57: =SUM(BP58:BP66) -> 650635 | BQ57: =SUM(BQ58:BQ66) -> 638873 | BR57: =SUM(BR58:BR66) -> 638427 | BS57: =SUM(BS58:BS66) -> 625015 | BT57: =SUM(BT58:BT66) -> 749018 | BU57: =SUM(BU58:BU66) -> 700102 | BV57: =SUM(BV58:BV66) -> 701631 | BW57: =SUM(BW58:BW66) -> 695469 | ... CF57: =SUM(CF58:CF66) -> 563283 | CH57: =SUM(CH58:CH66) -> 146283 | CI57: =SUM(CI58:CI66) -> 166149 | CJ57: =SUM(CJ58:CJ66) -> 147204 | CK57: =SUM(CK58:CK66) -> 285178 | CL57: =SUM(CL58:CL66) -> 302245 | CM57: =SUM(CM58:CM66) -> 333736 | CN57: =SUM(CN58:CN66) -> 354809 | CO57: =SUM(CO58:CO66) -> 334485 | ... EL57: =SUM(EL58:EL66) -> 563283
B58: Empréstimos e financiamentos - LP | C58: Loans and financing | D58: =IF(Menu!$D$12="PT",'Dados Financeiros'!B58,'Dados Financeiros'!C58) -> Empréstimos e financiamentos - LP | E58: 35872 | F58: 27929 | G58: 40804 | H58: 20386 | I58: 81173 | J58: 130333 | K58: 164405 | L58: 173156 | M58: 196181 | N58: 205141 | O58: 182050 | P58: 525793 | Q58: 609492 | R58: 530999 | S58: 682083 | T58: 801541 | U58: 702753 | V58: =373888+233410 -> 607298 | W58: 810051 | X58: 901564 | Y58: 1010419 | Z58: 951636 | AA58: 1105571 | AB58: 1032779 | AC58: 1065472 | AD58: 976409 | AE58: 1073985 | AF58: 1036544 | AG58: 1299824 | AH58: 1501883 | AI58: 1255245 | AJ58: 1294361 | AK58: 1303406 | AL58: 1375686 | AM58: 1326441 | AN58: 1111674 | AO58: 1039867 | AP58: 1328760 | AQ58: 1009066 | AR58: 557357 | AS58: 547515 | AT58: 495364 | AU58: 391388 | AV58: 391541 | AW58: 242788 | AX58: 352858 | AY58: 404101 | AZ58: 451632 | BA58: 456171 | BB58: 466093 | BC58: 430566 | BD58: 434853 | BE58: 382386 | BF58: 335239 | BG58: 234983 | BH58: 237347 | BI58: 221324 | BJ58: 277434 | BK58: 376213 | BL58: 467554 | BM58: 513088 | BN58: 497598 | BO58: 514468 | BP58: 519600 | BQ58: 522098 | BR58: 528082 | BS58: 523630 | BT58: 597367 | BU58: 581808 | BV58: 574484 | BW58: 585283 | BX58: 493119 | BY58: 543218 | BZ58: 528884 | CA58: 490427 | CB58: 456418 | CC58: 385160 | CD58: 20228 | CE58: 339161 | CF58: 504914 | CH58: =INDIRECT(ADDRESS(ROW(),MATCH(IF(LEFT(CH$2,2)="1S","2T",IF(LEFT(CH$2,2)="9M","3T","4T"))&RIGHT(CH$2,2),$A$2:$CG$2,0))) -> 27929 | CI58: =INDIRECT(ADDRESS(ROW(),MATCH(IF(LEFT(CI$2,2)="1S","2T",IF(LEFT(CI$2,2)="9M","3T","4T"))&RIGHT(CI$2,2),$A$2:$CG$2,0))) -> 40804 | CJ58: =INDIRECT(ADDRESS(ROW(),MATCH(IF(LEFT(CJ$2,2)="1S","2T",IF(LEFT(CJ$2,2)="9M","3T","4T"))&RIGHT(CJ$2,2),$A$2:$CG$2,0))) -> 20386 | CK58: =INDIRECT(ADDRESS(ROW(),MATCH(IF(LEFT(CK$2,2)="1S","2T",IF(LEFT(CK$2,2)="9M","3T","4T"))&RIGHT(CK$2,2),$A$2:$CG$2,0))) -> 130333 | CL58: =INDIRECT(ADDRESS(ROW(),MATCH(IF(LEFT(CL$2,2)="1S","2T",IF(LEFT(CL$2,2)="9M","3T","4T"))&RIGHT(CL$2,2),$A$2:$CG$2,0))) -> 164405 | CM58: =INDIRECT(ADDRESS(ROW(),MATCH(IF(LEFT(CM$2,2)="1S","2T",IF(LEFT(CM$2,2)="9M","3T","4T"))&RIGHT(CM$2,2),$A$2:$CG$2,0))) -> 173156 | CN58: =INDIRECT(ADDRESS(ROW(),MATCH(IF(LEFT(CN$2,2)="1S","2T",IF(LEFT(CN$2,2)="9M","3T","4T"))&RIGHT(CN$2,2),$A$2:$CG$2,0))) -> 205141 | CO58: =INDIRECT(ADDRESS(ROW(),MATCH(IF(LEFT(CO$2,2)="1S","2T",IF(LEFT(CO$2,2)="9M","3T","4T"))&RIGHT(CO$2,2),$A$2:$CG$2,0))) -> 182050 | ... EL58: =INDIRECT(ADDRESS(ROW(),MATCH(IF(LEFT(EL$2,2)="1S","2T",IF(LEFT(EL$2,2)="9M","3T","4T"))&RIGHT(EL$2,2),$A$2:$CG$2,0))) -> 504914
B59: Salários a pagar e encargos a recolher - LP | C59: Payroll and related taxes | D59: Provisão para plano de incentivo a longo prazo - LP | E59: 0 | F59: 0 | G59: 0 | H59: 0 | I59: 0 | J59: 0 | K59: 0 | L59: 0 | M59: 0 | N59: 0 | O59: 0 | P59: 0 | Q59: 0 | R59: 0 | S59: 0 | T59: 0 | U59: 0 | V59: 0 | W59: 0 | X59: 0 | Y59: 0 | Z59: 0 | AA59: 0 | AB59: 0 | AC59: 0 | AD59: 0 | AE59: 0 | AF59: 0 | AG59: 0 | AH59: 0 | AI59: 0 | AJ59: 0 | AK59: 0 | AL59: 0 | AM59: 0 | AN59: 0 | AO59: 0 | AP59: 0 | AQ59: 0 | AR59: 0 | AS59: 0 | AT59: 0 | AU59: 0 | AV59: 0 | AW59: 0 | AX59: 0 | AY59: 0 | AZ59: 0 | BA59: 0 | BB59: 0 | BC59: 0 | BD59: 0 | BE59: 0 | BF59: 0 | BG59: 0 | BH59: 6347 | BI59: 8078 | BJ59: 9802 | BK59: 11672 | BL59: 13500 | BM59: 0 | BN59: 0 | BO59: 0 | BP59: 0 | BQ59: 0 | BR59: 0 | BS59: 286 | BT59: 612 | BU59: 802 | BV59: 1241 | BW59: 1516 | BX59: 2528 | BY59: 1151 | BZ59: 961 | CA59: 805 | CB59: 498 | CC59: 590 | CD59: 555 | CE59: 351 | CF59: 459 | CH59: =INDIRECT(ADDRESS(ROW(),MATCH(IF(LEFT(CH$2,2)="1S","2T",IF(LEFT(CH$2,2)="9M","3T","4T"))&RIGHT(CH$2,2),$A$2:$CG$2,0))) -> 0 | CI59: =INDIRECT(ADDRESS(ROW(),MATCH(IF(LEFT(CI$2,2)="1S","2T",IF(LEFT(CI$2,2)="9M","3T","4T"))&RIGHT(CI$2,2),$A$2:$CG$2,0))) -> 0 | CJ59: =INDIRECT(ADDRESS(ROW(),MATCH(IF(LEFT(CJ$2,2)="1S","2T",IF(LEFT(CJ$2,2)="9M","3T","4T"))&RIGHT(CJ$2,2),$A$2:$CG$2,0))) -> 0 | CK59: =INDIRECT(ADDRESS(ROW(),MATCH(IF(LEFT(CK$2,2)="1S","2T",IF(LEFT(CK$2,2)="9M","3T","4T"))&RIGHT(CK$2,2),$A$2:$CG$2,0))) -> 0 | CL59: =INDIRECT(ADDRESS(ROW(),MATCH(IF(LEFT(CL$2,2)="1S","2T",IF(LEFT(CL$2,2)="9M","3T","4T"))&RIGHT(CL$2,2),$A$2:$CG$2,0))) -> 0 | CM59: =INDIRECT(ADDRESS(ROW(),MATCH(IF(LEFT(CM$2,2)="1S","2T",IF(LEFT(CM$2,2)="9M","3T","4T"))&RIGHT(CM$2,2),$A$2:$CG$2,0))) -> 0 | CN59: =INDIRECT(ADDRESS(ROW(),MATCH(IF(LEFT(CN$2,2)="1S","2T",IF(LEFT(CN$2,2)="9M","3T","4T"))&RIGHT(CN$2,2),$A$2:$CG$2,0))) -> 0 | CO59: =INDIRECT(ADDRESS(ROW(),MATCH(IF(LEFT(CO$2,2)="1S","2T",IF(LEFT(CO$2,2)="9M","3T","4T"))&RIGHT(CO$2,2),$A$2:$CG$2,0))) -> 0 | ... EL59: =INDIRECT(ADDRESS(ROW(),MATCH(IF(LEFT(EL$2,2)="1S","2T",IF(LEFT(EL$2,2)="9M","3T","4T"))&RIGHT(EL$2,2),$A$2:$CG$2,0))) -> 459
B60: Adiantamento de clientes - LP | C60: Advances from customers | D60: =IF(Menu!$D$12="PT",'Dados Financeiros'!B60,'Dados Financeiros'!C60) -> Adiantamento de clientes - LP | E60: 3398 | F60: 2833 | G60: 3859 | H60: 6792 | I60: 8420 | J60: 11104 | K60: 11606 | L60: 27563 | M60: 30683 | N60: 28731 | O60: 31091 | P60: 24365 | Q60: 21894 | R60: 28782 | S60: 61004 | T60: 130990 | U60: 122791 | V60: 118447 | W60: 128451 | X60: 189288 | Y60: 185799 | Z60: 158760 | AA60: 161529 | AB60: 149931 | AC60: 165771 | AD60: 136971 | AE60: 118110 | AF60: 108536 | AG60: 85892 | AH60: 93817 | AI60: 76220 | AJ60: 112548 | AK60: 69067 | AL60: 58076 | AM60: 43882 | AN60: 32402 | AO60: 38586 | AP60: 31731 | AQ60: 28915 | AR60: 22140 | AS60: 6560 | AT60: 6560 | AU60: 0 | AV60: 8360 | AW60: 8360 | AX60: 8360 | AY60: 11107 | AZ60: 9243 | BA60: 11462 | BB60: 10706 | BC60: 6750 | BD60: 6560 | BE60: 6560 | BF60: 11337 | BG60: 6560 | BH60: 0 | BI60: 0 | BJ60: 0 | BK60: 0 | BL60: 30227 | BM60: 30466 | BN60: 36065 | BO60: 39119 | BP60: 47482 | BQ60: 36033 | BR60: 35573 | BS60: 35127 | BT60: 90342 | BU60: 58322 | BV60: 69541 | BW60: 55595 | BX60: 52288 | BY60: 95588 | BZ60: 72603 | CA60: 65473 | CB60: 32740 | CC60: 15610 | CD60: 16526 | CE60: 4628 | CF60: 4106 | CH60: =INDIRECT(ADDRESS(ROW(),MATCH(IF(LEFT(CH$2,2)="1S","2T",IF(LEFT(CH$2,2)="9M","3T","4T"))&RIGHT(CH$2,2),$A$2:$CG$2,0))) -> 2833 | CI60: =INDIRECT(ADDRESS(ROW(),MATCH(IF(LEFT(CI$2,2)="1S","2T",IF(LEFT(CI$2,2)="9M","3T","4T"))&RIGHT(CI$2,2),$A$2:$CG$2,0))) -> 3859 | CJ60: =INDIRECT(ADDRESS(ROW(),MATCH(IF(LEFT(CJ$2,2)="1S","2T",IF(LEFT(CJ$2,2)="9M","3T","4T"))&RIGHT(CJ$2,2),$A$2:$CG$2,0))) -> 6792 | CK60: =INDIRECT(ADDRESS(ROW(),MATCH(IF(LEFT(CK$2,2)="1S","2T",IF(LEFT(CK$2,2)="9M","3T","4T"))&RIGHT(CK$2,2),$A$2:$CG$2,0))) -> 11104 | CL60: =INDIRECT(ADDRESS(ROW(),MATCH(IF(LEFT(CL$2,2)="1S","2T",IF(LEFT(CL$2,2)="9M","3T","4T"))&RIGHT(CL$2,2),$A$2:$CG$2,0))) -> 11606 | CM60: =INDIRECT(ADDRESS(ROW(),MATCH(IF(LEFT(CM$2,2)="1S","2T",IF(LEFT(CM$2,2)="9M","3T","4T"))&RIGHT(CM$2,2),$A$2:$CG$2,0))) -> 27563 | CN60: =INDIRECT(ADDRESS(ROW(),MATCH(IF(LEFT(CN$2,2)="1S","2T",IF(LEFT(CN$2,2)="9M","3T","4T"))&RIGHT(CN$2,2),$A$2:$CG$2,0))) -> 28731 | CO60: =INDIRECT(ADDRESS(ROW(),MATCH(IF(LEFT(CO$2,2)="1S","2T",IF(LEFT(CO$2,2)="9M","3T","4T"))&RIGHT(CO$2,2),$A$2:$CG$2,0))) -> 31091 | ... EL60: =INDIRECT(ADDRESS(ROW(),MATCH(IF(LEFT(EL$2,2)="1S","2T",IF(LEFT(EL$2,2)="9M","3T","4T"))&RIGHT(EL$2,2),$A$2:$CG$2,0))) -> 4106
B61: Contas a pagar por aquisição de imóveis - LP | C61: Payables for land acquisition | D61: =IF(Menu!$D$12="PT",'Dados Financeiros'!B61,'Dados Financeiros'!C61) -> Contas a pagar por aquisição de imóveis - LP | E61: 76460 | F61: 81626 | G61: 86155 | H61: 85097 | I61: 87774 | J61: 85544 | K61: 82133 | L61: 82720 | M61: 74984 | N61: 64953 | O61: 58754 | P61: 57257 | Q61: 48202 | R61: 61106 | S61: 44936 | T61: 78340 | U61: 69853 | V61: 60307 | W61: 56256 | X61: 68979 | Y61: 57741 | Z61: 50513 | AA61: 65209 | AB61: 46637 | AC61: 58670 | AD61: 55008 | AE61: 56353 | AF61: 54050 | AG61: 53658 | AH61: 55449 | AI61: 15044 | AJ61: 13462 | AK61: 13151 | AL61: 13026 | AM61: 12891 | AN61: 13025 | AO61: 0 | AP61: 0 | AQ61: 0 | AR61: 300 | AS61: 152 | AT61: 1174 | AU61: 309 | AV61: 6887 | AW61: 0 | AX61: 0 | AY61: 490 | AZ61: 327 | BA61: 163 | BB61: 0 | BC61: 0 | BD61: 0 | BE61: 0 | BF61: 339 | BG61: 0 | BH61: 0 | BI61: 0 | BJ61: 0 | BK61: 0 | BL61: 0 | BM61: 0 | BN61: 390 | BO61: 524 | BP61: 1903 | BQ61: 2031 | BR61: 2031 | BS61: 1731 | BT61: 6107 | BU61: 5367 | BV61: 5005 | BW61: 3283 | BX61: 2844 | BY61: 2258 | BZ61: 1629 | CA61: 1629 | CB61: 552 | CC61: 0 | CD61: 461 | CE61: 256 | CF61: 111 | CH61: =INDIRECT(ADDRESS(ROW(),MATCH(IF(LEFT(CH$2,2)="1S","2T",IF(LEFT(CH$2,2)="9M","3T","4T"))&RIGHT(CH$2,2),$A$2:$CG$2,0))) -> 81626 | CI61: =INDIRECT(ADDRESS(ROW(),MATCH(IF(LEFT(CI$2,2)="1S","2T",IF(LEFT(CI$2,2)="9M","3T","4T"))&RIGHT(CI$2,2),$A$2:$CG$2,0))) -> 86155 | CJ61: =INDIRECT(ADDRESS(ROW(),MATCH(IF(LEFT(CJ$2,2)="1S","2T",IF(LEFT(CJ$2,2)="9M","3T","4T"))&RIGHT(CJ$2,2),$A$2:$CG$2,0))) -> 85097 | CK61: =INDIRECT(ADDRESS(ROW(),MATCH(IF(LEFT(CK$2,2)="1S","2T",IF(LEFT(CK$2,2)="9M","3T","4T"))&RIGHT(CK$2,2),$A$2:$CG$2,0))) -> 85544 | CL61: =INDIRECT(ADDRESS(ROW(),MATCH(IF(LEFT(CL$2,2)="1S","2T",IF(LEFT(CL$2,2)="9M","3T","4T"))&RIGHT(CL$2,2),$A$2:$CG$2,0))) -> 82133 | CM61: =INDIRECT(ADDRESS(ROW(),MATCH(IF(LEFT(CM$2,2)="1S","2T",IF(LEFT(CM$2,2)="9M","3T","4T"))&RIGHT(CM$2,2),$A$2:$CG$2,0))) -> 82720 | CN61: =INDIRECT(ADDRESS(ROW(),MATCH(IF(LEFT(CN$2,2)="1S","2T",IF(LEFT(CN$2,2)="9M","3T","4T"))&RIGHT(CN$2,2),$A$2:$CG$2,0))) -> 64953 | CO61: =INDIRECT(ADDRESS(ROW(),MATCH(IF(LEFT(CO$2,2)="1S","2T",IF(LEFT(CO$2,2)="9M","3T","4T"))&RIGHT(CO$2,2),$A$2:$CG$2,0))) -> 58754 | ... EL61: =INDIRECT(ADDRESS(ROW(),MATCH(IF(LEFT(EL$2,2)="1S","2T",IF(LEFT(EL$2,2)="9M","3T","4T"))&RIGHT(EL$2,2),$A$2:$CG$2,0))) -> 111
B62: Provisão para riscos | C62: Provisions for risks | D62: =IF(Menu!$D$12="PT",'Dados Financeiros'!B62,'Dados Financeiros'!C62) -> Provisão para riscos | E62: 6227 | F62: 6256 | G62: 5847 | H62: 1862 | I62: 2121 | J62: 2307 | K62: 2017 | L62: 2021 | M62: 2168 | N62: 2301 | O62: 2363 | P62: 2275 | Q62: 1639 | R62: 1635 | S62: 1624 | T62: 2578 | U62: 2584 | V62: 2584 | W62: 2584 | X62: 3478 | Y62: 5204 | Z62: 5190 | AA62: 5331 | AB62: 5315 | AC62: 6803 | AD62: 6803 | AE62: 13165 | AF62: 13165 | AG62: 15520 | AH62: 18094 | AI62: 19719 | AJ62: 23921 | AK62: 30226 | AL62: 37200 | AM62: 43567 | AN62: 54226 | AO62: 68069 | AP62: 81256 | AQ62: 99178 | AR62: 110179 | AS62: 120970 | AT62: 132160 | AU62: 148611 | AV62: 157146 | AW62: 164601 | AX62: 160332 | AY62: 156475 | AZ62: 149543 | BA62: 149292 | BB62: 158091 | BC62: 154214 | BD62: 146086 | BE62: 140856 | BF62: 138251 | BG62: 143942 | BH62: 143977 | BI62: 141659 | BJ62: 131846 | BK62: 118644 | BL62: 103361 | BM62: 93494 | BN62: 72976 | BO62: 64265 | BP62: 63293 | BQ62: 60798 | BR62: 54884 | BS62: 44885 | BT62: 35033 | BU62: 33099 | BV62: 30736 | BW62: 29327 | BX62: 31840 | BY62: 33121 | BZ62: 32071 | CA62: 34096 | CB62: 36939 | CC62: 31845 | CD62: 32857 | CE62: 32281 | CF62: 30813 | CH62: =INDIRECT(ADDRESS(ROW(),MATCH(IF(LEFT(CH$2,2)="1S","2T",IF(LEFT(CH$2,2)="9M","3T","4T"))&RIGHT(CH$2,2),$A$2:$CG$2,0))) -> 6256 | CI62: =INDIRECT(ADDRESS(ROW(),MATCH(IF(LEFT(CI$2,2)="1S","2T",IF(LEFT(CI$2,2)="9M","3T","4T"))&RIGHT(CI$2,2),$A$2:$CG$2,0))) -> 5847 | CJ62: =INDIRECT(ADDRESS(ROW(),MATCH(IF(LEFT(CJ$2,2)="1S","2T",IF(LEFT(CJ$2,2)="9M","3T","4T"))&RIGHT(CJ$2,2),$A$2:$CG$2,0))) -> 1862 | CK62: =INDIRECT(ADDRESS(ROW(),MATCH(IF(LEFT(CK$2,2)="1S","2T",IF(LEFT(CK$2,2)="9M","3T","4T"))&RIGHT(CK$2,2),$A$2:$CG$2,0))) -> 2307 | CL62: =INDIRECT(ADDRESS(ROW(),MATCH(IF(LEFT(CL$2,2)="1S","2T",IF(LEFT(CL$2,2)="9M","3T","4T"))&RIGHT(CL$2,2),$A$2:$CG$2,0))) -> 2017 | CM62: =INDIRECT(ADDRESS(ROW(),MATCH(IF(LEFT(CM$2,2)="1S","2T",IF(LEFT(CM$2,2)="9M","3T","4T"))&RIGHT(CM$2,2),$A$2:$CG$2,0))) -> 2021 | CN62: =INDIRECT(ADDRESS(ROW(),MATCH(IF(LEFT(CN$2,2)="1S","2T",IF(LEFT(CN$2,2)="9M","3T","4T"))&RIGHT(CN$2,2),$A$2:$CG$2,0))) -> 2301 | CO62: =INDIRECT(ADDRESS(ROW(),MATCH(IF(LEFT(CO$2,2)="1S","2T",IF(LEFT(CO$2,2)="9M","3T","4T"))&RIGHT(CO$2,2),$A$2:$CG$2,0))) -> 2363 | ... EL62: =INDIRECT(ADDRESS(ROW(),MATCH(IF(LEFT(EL$2,2)="1S","2T",IF(LEFT(EL$2,2)="9M","3T","4T"))&RIGHT(EL$2,2),$A$2:$CG$2,0))) -> 30813
B63: Provisão para garantias - LP | C63: Provisions for warranty | D63: =IF(Menu!$D$12="PT",'Dados Financeiros'!B63,'Dados Financeiros'!C63) -> Provisão para garantias - LP | E63: 218 | F63: 218 | G63: 218 | H63: 402 | I63: 2654 | J63: 2842 | K63: 2766 | L63: 3182 | M63: 3497 | N63: 3085 | O63: 4012 | P63: 4604 | Q63: 5353 | R63: 6300 | S63: 9776 | T63: 8033 | U63: 8695 | V63: 9324 | W63: 10306 | X63: 11172 | Y63: 12997 | Z63: 9331 | AA63: 14093 | AB63: 10144 | AC63: 16163 | AD63: 11910 | AE63: 18365 | AF63: 13983 | AG63: 15462 | AH63: 17280 | AI63: 18394 | AJ63: 19901 | AK63: 19783 | AL63: 20152 | AM63: 20513 | AN63: 20493 | AO63: 20243 | AP63: 19322 | AQ63: 19038 | AR63: 12738 | AS63: 11684 | AT63: 10736 | AU63: 8682 | AV63: 6634 | AW63: 6388 | AX63: 10695 | AY63: 11653 | AZ63: 5363 | BA63: 4536 | BB63: 4100 | BC63: 3379 | BD63: 2870 | BE63: 2518 | BF63: 2174 | BG63: 2502 | BH63: 3434 | BI63: 2241 | BJ63: 1612 | BK63: 3608 | BL63: 2795 | BM63: 2608 | BN63: 2525 | BO63: 2341 | BP63: 2106 | BQ63: 2293 | BR63: 1606 | BS63: 3746 | BT63: 3431 | BU63: 3746 | BV63: 3881 | BW63: 3767 | BX63: 4574 | BY63: 4707 | BZ63: 4430 | CA63: 5628 | CB63: 5817 | CC63: 5621 | CD63: 5278 | CE63: 7500 | CF63: 10934 | CH63: =INDIRECT(ADDRESS(ROW(),MATCH(IF(LEFT(CH$2,2)="1S","2T",IF(LEFT(CH$2,2)="9M","3T","4T"))&RIGHT(CH$2,2),$A$2:$CG$2,0))) -> 218 | CI63: =INDIRECT(ADDRESS(ROW(),MATCH(IF(LEFT(CI$2,2)="1S","2T",IF(LEFT(CI$2,2)="9M","3T","4T"))&RIGHT(CI$2,2),$A$2:$CG$2,0))) -> 218 | CJ63: =INDIRECT(ADDRESS(ROW(),MATCH(IF(LEFT(CJ$2,2)="1S","2T",IF(LEFT(CJ$2,2)="9M","3T","4T"))&RIGHT(CJ$2,2),$A$2:$CG$2,0))) -> 402 | CK63: =INDIRECT(ADDRESS(ROW(),MATCH(IF(LEFT(CK$2,2)="1S","2T",IF(LEFT(CK$2,2)="9M","3T","4T"))&RIGHT(CK$2,2),$A$2:$CG$2,0))) -> 2842 | CL63: =INDIRECT(ADDRESS(ROW(),MATCH(IF(LEFT(CL$2,2)="1S","2T",IF(LEFT(CL$2,2)="9M","3T","4T"))&RIGHT(CL$2,2),$A$2:$CG$2,0))) -> 2766 | CM63: =INDIRECT(ADDRESS(ROW(),MATCH(IF(LEFT(CM$2,2)="1S","2T",IF(LEFT(CM$2,2)="9M","3T","4T"))&RIGHT(CM$2,2),$A$2:$CG$2,0))) -> 3182 | CN63: =INDIRECT(ADDRESS(ROW(),MATCH(IF(LEFT(CN$2,2)="1S","2T",IF(LEFT(CN$2,2)="9M","3T","4T"))&RIGHT(CN$2,2),$A$2:$CG$2,0))) -> 3085 | CO63: =INDIRECT(ADDRESS(ROW(),MATCH(IF(LEFT(CO$2,2)="1S","2T",IF(LEFT(CO$2,2)="9M","3T","4T"))&RIGHT(CO$2,2),$A$2:$CG$2,0))) -> 4012 | ... EL63: =INDIRECT(ADDRESS(ROW(),MATCH(IF(LEFT(EL$2,2)="1S","2T",IF(LEFT(EL$2,2)="9M","3T","4T"))&RIGHT(EL$2,2),$A$2:$CG$2,0))) -> 10934
B64: Impostos e contribuições diferidos - LP | C64: Deferred taxes | D64: =IF(Menu!$D$12="PT",'Dados Financeiros'!B64,'Dados Financeiros'!C64) -> Impostos e contribuições diferidos - LP | E64: 16169 | F64: 18518 | G64: 21340 | H64: 21789 | I64: 22462 | J64: 25958 | K64: 29085 | L64: 33357 | M64: 37328 | N64: 41194 | O64: 48570 | P64: 17798 | Q64: 59483 | R64: 26214 | S64: 25066 | T64: 41074 | U64: 36522 | V64: 39959 | W64: 37805 | X64: 37574 | Y64: 38487 | Z64: 34691 | AA64: 43903 | AB64: 38777 | AC64: 43816 | AD64: 39039 | AE64: 33739 | AF64: 27027 | AG64: 27100 | AH64: 23730 | AI64: 18466 | AJ64: 14061 | AK64: 16526 | AL64: 16862 | AM64: 18435 | AN64: 19949 | AO64: 21201 | AP64: 9078 | AQ64: 5414 | AR64: 3062 | AS64: 2108 | AT64: 1563 | AU64: 1464 | AV64: 1451 | AW64: 1965 | AX64: 2061 | AY64: 2205 | AZ64: 1822 | BA64: 1821 | BB64: 1995 | BC64: 1320 | BD64: 265 | BE64: 739 | BF64: 720 | BG64: 765 | BH64: 1204 | BI64: 3038 | BJ64: 3867 | BK64: 4890 | BL64: 5586 | BM64: 3362 | BN64: 3212 | BO64: 1198 | BP64: 1390 | BQ64: 1367 | BR64: 1859 | BS64: 1676 | BT64: 1399 | BU64: 1288 | BV64: 1450 | BW64: 1390 | BX64: 1137 | BY64: 1024 | BZ64: 899 | CA64: 649 | CB64: 742 | CC64: 710 | CD64: 383 | CE64: 295 | CF64: 390 | CH64: =INDIRECT(ADDRESS(ROW(),MATCH(IF(LEFT(CH$2,2)="1S","2T",IF(LEFT(CH$2,2)="9M","3T","4T"))&RIGHT(CH$2,2),$A$2:$CG$2,0))) -> 18518 | CI64: =INDIRECT(ADDRESS(ROW(),MATCH(IF(LEFT(CI$2,2)="1S","2T",IF(LEFT(CI$2,2)="9M","3T","4T"))&RIGHT(CI$2,2),$A$2:$CG$2,0))) -> 21340 | CJ64: =INDIRECT(ADDRESS(ROW(),MATCH(IF(LEFT(CJ$2,2)="1S","2T",IF(LEFT(CJ$2,2)="9M","3T","4T"))&RIGHT(CJ$2,2),$A$2:$CG$2,0))) -> 21789 | CK64: =INDIRECT(ADDRESS(ROW(),MATCH(IF(LEFT(CK$2,2)="1S","2T",IF(LEFT(CK$2,2)="9M","3T","4T"))&RIGHT(CK$2,2),$A$2:$CG$2,0))) -> 25958 | CL64: =INDIRECT(ADDRESS(ROW(),MATCH(IF(LEFT(CL$2,2)="1S","2T",IF(LEFT(CL$2,2)="9M","3T","4T"))&RIGHT(CL$2,2),$A$2:$CG$2,0))) -> 29085 | CM64: =INDIRECT(ADDRESS(ROW(),MATCH(IF(LEFT(CM$2,2)="1S","2T",IF(LEFT(CM$2,2)="9M","3T","4T"))&RIGHT(CM$2,2),$A$2:$CG$2,0))) -> 33357 | CN64: =INDIRECT(ADDRESS(ROW(),MATCH(IF(LEFT(CN$2,2)="1S","2T",IF(LEFT(CN$2,2)="9M","3T","4T"))&RIGHT(CN$2,2),$A$2:$CG$2,0))) -> 41194 | CO64: =INDIRECT(ADDRESS(ROW(),MATCH(IF(LEFT(CO$2,2)="1S","2T",IF(LEFT(CO$2,2)="9M","3T","4T"))&RIGHT(CO$2,2),$A$2:$CG$2,0))) -> 48570 | ... EL64: =INDIRECT(ADDRESS(ROW(),MATCH(IF(LEFT(EL$2,2)="1S","2T",IF(LEFT(EL$2,2)="9M","3T","4T"))&RIGHT(EL$2,2),$A$2:$CG$2,0))) -> 390
B65: Participação em consórcios | C65: Interest in consortia | D65: =IF(Menu!$D$12="PT",'Dados Financeiros'!B65,'Dados Financeiros'!C65) -> Participação em consórcios | E65: 4854 | F65: 6779 | G65: 5595 | H65: 6548 | I65: 6209 | J65: 19863 | K65: 5535 | L65: 5728 | M65: 8040 | N65: 8892 | O65: 6850 | P65: 6642 | Q65: 6908 | R65: 11759 | S65: 16363 | T65: 20909 | U65: 27489 | V65: 29243 | W65: 30297 | X65: 32405 | Y65: 33280 | Z65: 35772 | AA65: 35410 | AB65: 37708 | AC65: 36204 | AD65: 38452 | AE65: 10697 | AF65: 10627 | AG65: 13611 | AH65: 10551 | AI65: 10519 | AJ65: 10982 | AK65: 10969 | AL65: 10257 | AM65: 10320 | AN65: 11225 | AO65: 11572 | AP65: 10942 | AQ65: 10942 | AR65: 10942 | AS65: 12318 | AT65: 12829 | AU65: 12779 | AV65: 12784 | AW65: 12783 | AX65: 12923 | AY65: 15380 | AZ65: 4231 | BA65: 3553 | BB65: 4179 | BC65: 3501 | BD65: 4426 | BE65: 3558 | BF65: 3596 | BG65: 3464 | BH65: 3601 | BI65: 3580 | BJ65: 3635 | BK65: 3567 | BL65: 3917 | BM65: 1065 | BN65: 950 | BO65: 887 | BP65: 1635 | BQ65: 1871 | BR65: 1162 | BS65: 1850 | BT65: 1841 | BU65: 1810 | BV65: 1801 | BW65: 1799 | BX65: 1798 | BY65: 1779 | BZ65: 1718 | CA65: 1710 | CB65: 1703 | CC65: 1703 | CD65: 1703 | CE65: 1703 | CF65: 1703 | CH65: =INDIRECT(ADDRESS(ROW(),MATCH(IF(LEFT(CH$2,2)="1S","2T",IF(LEFT(CH$2,2)="9M","3T","4T"))&RIGHT(CH$2,2),$A$2:$CG$2,0))) -> 6779 | CI65: =INDIRECT(ADDRESS(ROW(),MATCH(IF(LEFT(CI$2,2)="1S","2T",IF(LEFT(CI$2,2)="9M","3T","4T"))&RIGHT(CI$2,2),$A$2:$CG$2,0))) -> 5595 | CJ65: =INDIRECT(ADDRESS(ROW(),MATCH(IF(LEFT(CJ$2,2)="1S","2T",IF(LEFT(CJ$2,2)="9M","3T","4T"))&RIGHT(CJ$2,2),$A$2:$CG$2,0))) -> 6548 | CK65: =INDIRECT(ADDRESS(ROW(),MATCH(IF(LEFT(CK$2,2)="1S","2T",IF(LEFT(CK$2,2)="9M","3T","4T"))&RIGHT(CK$2,2),$A$2:$CG$2,0))) -> 19863 | CL65: =INDIRECT(ADDRESS(ROW(),MATCH(IF(LEFT(CL$2,2)="1S","2T",IF(LEFT(CL$2,2)="9M","3T","4T"))&RIGHT(CL$2,2),$A$2:$CG$2,0))) -> 5535 | CM65: =INDIRECT(ADDRESS(ROW(),MATCH(IF(LEFT(CM$2,2)="1S","2T",IF(LEFT(CM$2,2)="9M","3T","4T"))&RIGHT(CM$2,2),$A$2:$CG$2,0))) -> 5728 | CN65: =INDIRECT(ADDRESS(ROW(),MATCH(IF(LEFT(CN$2,2)="1S","2T",IF(LEFT(CN$2,2)="9M","3T","4T"))&RIGHT(CN$2,2),$A$2:$CG$2,0))) -> 8892 | CO65: =INDIRECT(ADDRESS(ROW(),MATCH(IF(LEFT(CO$2,2)="1S","2T",IF(LEFT(CO$2,2)="9M","3T","4T"))&RIGHT(CO$2,2),$A$2:$CG$2,0))) -> 6850 | ... EL65: =INDIRECT(ADDRESS(ROW(),MATCH(IF(LEFT(EL$2,2)="1S","2T",IF(LEFT(EL$2,2)="9M","3T","4T"))&RIGHT(EL$2,2),$A$2:$CG$2,0))) -> 1703
B66: Outras contas a pagar - LP | C66: Other accounts payable | D66: =IF(Menu!$D$12="PT",'Dados Financeiros'!B66,'Dados Financeiros'!C66) -> Outras contas a pagar - LP | E66: =2301+520+1364 -> 4185 | F66: =1293+831 -> 2124 | G66: =1320+1011 -> 2331 | H66: =3454+874 -> 4328 | I66: =1774+606 -> 2380 | J66: 7227 | K66: =4196+502 -> 4698 | L66: 6009 | M66: 2543 | N66: 512 | O66: 795 | P66: 0 | Q66: 0 | R66: 0 | S66: 0 | T66: 0 | U66: 0 | V66: 0 | W66: 0 | X66: 0 | Y66: 1208 | Z66: 503 | AA66: 1252 | AB66: 516 | AC66: 2980 | AD66: 2277 | AE66: 2863 | AF66: 2197 | AG66: 2398 | AH66: 2832 | AI66: 1564 | AJ66: 1688 | AK66: 2560 | AL66: 3177 | AM66: 2108 | AN66: 1490 | AO66: 1997 | AP66: 3892 | AQ66: 6727 | AR66: 25385 | AS66: 29526 | AT66: 25274 | AU66: 20978 | AV66: 43187 | AW66: 12368 | AX66: 21465 | AY66: 22281 | AZ66: 31837 | BA66: 33573 | BB66: 27583 | BC66: 26226 | BD66: 30002 | BE66: 32039 | BF66: 28943 | BG66: 24409 | BH66: 24200 | BI66: 21628 | BJ66: 29916 | BK66: 27142 | BL66: 25728 | BM66: 17461 | BN66: 15037 | BO66: 12244 | BP66: 13226 | BQ66: 12382 | BR66: 13230 | BS66: 12084 | BT66: 12886 | BU66: 13860 | BV66: 13492 | BW66: 13509 | BX66: 12856 | BY66: 12105 | BZ66: 11143 | CA66: 10928 | CB66: 12111 | CC66: 11250 | CD66: 8997 | CE66: 9682 | CF66: 9853 | CH66: =INDIRECT(ADDRESS(ROW(),MATCH(IF(LEFT(CH$2,2)="1S","2T",IF(LEFT(CH$2,2)="9M","3T","4T"))&RIGHT(CH$2,2),$A$2:$CG$2,0))) -> 2124 | CI66: =INDIRECT(ADDRESS(ROW(),MATCH(IF(LEFT(CI$2,2)="1S","2T",IF(LEFT(CI$2,2)="9M","3T","4T"))&RIGHT(CI$2,2),$A$2:$CG$2,0))) -> 2331 | CJ66: =INDIRECT(ADDRESS(ROW(),MATCH(IF(LEFT(CJ$2,2)="1S","2T",IF(LEFT(CJ$2,2)="9M","3T","4T"))&RIGHT(CJ$2,2),$A$2:$CG$2,0))) -> 4328 | CK66: =INDIRECT(ADDRESS(ROW(),MATCH(IF(LEFT(CK$2,2)="1S","2T",IF(LEFT(CK$2,2)="9M","3T","4T"))&RIGHT(CK$2,2),$A$2:$CG$2,0))) -> 7227 | CL66: =INDIRECT(ADDRESS(ROW(),MATCH(IF(LEFT(CL$2,2)="1S","2T",IF(LEFT(CL$2,2)="9M","3T","4T"))&RIGHT(CL$2,2),$A$2:$CG$2,0))) -> 4698 | CM66: =INDIRECT(ADDRESS(ROW(),MATCH(IF(LEFT(CM$2,2)="1S","2T",IF(LEFT(CM$2,2)="9M","3T","4T"))&RIGHT(CM$2,2),$A$2:$CG$2,0))) -> 6009 | CN66: =INDIRECT(ADDRESS(ROW(),MATCH(IF(LEFT(CN$2,2)="1S","2T",IF(LEFT(CN$2,2)="9M","3T","4T"))&RIGHT(CN$2,2),$A$2:$CG$2,0))) -> 512 | CO66: =INDIRECT(ADDRESS(ROW(),MATCH(IF(LEFT(CO$2,2)="1S","2T",IF(LEFT(CO$2,2)="9M","3T","4T"))&RIGHT(CO$2,2),$A$2:$CG$2,0))) -> 795 | ... EL66: =INDIRECT(ADDRESS(ROW(),MATCH(IF(LEFT(EL$2,2)="1S","2T",IF(LEFT(EL$2,2)="9M","3T","4T"))&RIGHT(EL$2,2),$A$2:$CG$2,0))) -> 9853
B68: Acionistas não controladores | C68: Noncontrolling interests in subsidiaries | D68: =IF(Menu!$D$12="PT",'Dados Financeiros'!B68,'Dados Financeiros'!C68) -> Acionistas não controladores | E68: 7776 | F68: 10830 | G68: 14167 | H68: 18822 | I68: 50675 | J68: 59583 | K68: 61694 | L68: 67554 | M68: 69354 | N68: 79576 | O68: 88983 | P68: 102636 | Q68: 110380 | R68: 118098 | S68: 122784 | T68: 157783 | U68: 167404 | V68: 102854 | W68: 109675 | X68: 127084 | Y68: 132002 | Z68: 136439 | AA68: 116477 | AB68: 121612 | AC68: 123718 | AD68: 129932 | AE68: 120005 | AF68: 125877 | AG68: 168709 | AH68: 187658 | AI68: 194642 | AJ68: 166617 | AK68: 175587 | AL68: 191670 | AM68: 201824 | AN68: 214058 | AO68: 235424 | AP68: 164069 | AQ68: 165307 | AR68: 34864 | AS68: 42462 | AT68: 38285 | AU68: 29353 | AV68: 27109 | AW68: 26323 | AX68: 22428 | AY68: 19985 | AZ68: 16533 | BA68: 14901 | BB68: 14075 | BC68: 12506 | BD68: 10499 | BE68: 10970 | BF68: 10391 | BG68: 7742 | BH68: 6090 | BI68: 5551 | BJ68: 5068 | BK68: 4828 | BL68: 15559 | BM68: 34789 | BN68: 33792 | BO68: 28528 | BP68: 70985 | BQ68: 89662 | BR68: 89434 | BS68: 89611 | BT68: 32084 | BU68: 32355 | BV68: 32538 | BW68: -5862 | BX68: 989 | BY68: -232 | BZ68: -1888 | CA68: -1948 | CB68: 3483 | CC68: 4614 | CD68: 4576 | CE68: 6663 | CF68: 6180 | CH68: =INDIRECT(ADDRESS(ROW(),MATCH(IF(LEFT(CH$2,2)="1S","2T",IF(LEFT(CH$2,2)="9M","3T","4T"))&RIGHT(CH$2,2),$A$2:$CG$2,0))) -> 10830 | CI68: =INDIRECT(ADDRESS(ROW(),MATCH(IF(LEFT(CI$2,2)="1S","2T",IF(LEFT(CI$2,2)="9M","3T","4T"))&RIGHT(CI$2,2),$A$2:$CG$2,0))) -> 14167 | CJ68: =INDIRECT(ADDRESS(ROW(),MATCH(IF(LEFT(CJ$2,2)="1S","2T",IF(LEFT(CJ$2,2)="9M","3T","4T"))&RIGHT(CJ$2,2),$A$2:$CG$2,0))) -> 18822 | CK68: =INDIRECT(ADDRESS(ROW(),MATCH(IF(LEFT(CK$2,2)="1S","2T",IF(LEFT(CK$2,2)="9M","3T","4T"))&RIGHT(CK$2,2),$A$2:$CG$2,0))) -> 59583 | CL68: =INDIRECT(ADDRESS(ROW(),MATCH(IF(LEFT(CL$2,2)="1S","2T",IF(LEFT(CL$2,2)="9M","3T","4T"))&RIGHT(CL$2,2),$A$2:$CG$2,0))) -> 61694 | CM68: =INDIRECT(ADDRESS(ROW(),MATCH(IF(LEFT(CM$2,2)="1S","2T",IF(LEFT(CM$2,2)="9M","3T","4T"))&RIGHT(CM$2,2),$A$2:$CG$2,0))) -> 67554 | CN68: =INDIRECT(ADDRESS(ROW(),MATCH(IF(LEFT(CN$2,2)="1S","2T",IF(LEFT(CN$2,2)="9M","3T","4T"))&RIGHT(CN$2,2),$A$2:$CG$2,0))) -> 79576 | CO68: =INDIRECT(ADDRESS(ROW(),MATCH(IF(LEFT(CO$2,2)="1S","2T",IF(LEFT(CO$2,2)="9M","3T","4T"))&RIGHT(CO$2,2),$A$2:$CG$2,0))) -> 88983 | ... EL68: =INDIRECT(ADDRESS(ROW(),MATCH(IF(LEFT(EL$2,2)="1S","2T",IF(LEFT(EL$2,2)="9M","3T","4T"))&RIGHT(EL$2,2),$A$2:$CG$2,0))) -> 6180
B70: Patrimônio líquido | C70: Equity | D70: =IF(Menu!$D$12="PT",'Dados Financeiros'!B70,'Dados Financeiros'!C70) -> Patrimônio líquido | E70: =SUM(E71:E76) -> 713982 | F70: =SUM(F71:F76) -> 734619 | G70: =SUM(G71:G76) -> 751810 | H70: =SUM(H71:H76) -> 760641 | I70: =SUM(I71:I76) -> 766455 | J70: =SUM(J71:J76) -> 787959 | K70: =SUM(K71:K76) -> 803153 | L70: =SUM(L71:L76) -> 794827 | ... AP70: =SUM(AP71:AP76) -> 1557638 | AQ70: 1567089 | AR70: 1677149 | AS70: 1674464 | AT70: 1582658 | AU70: 1669702 | AV70: =SUM(AV71:AV76) -> 1420976 | AW70: =SUM(AW71:AW76) -> 1416708 | AX70: =SUM(AX71:AX76) -> 1366251 | AY70: =SUM(AY71:AY76) -> 1224270 | AZ70: =SUM(AZ71:AZ76) -> 1049061 | BA70: =SUM(BA71:BA76) -> 995389 | BB70: =SUM(BB71:BB76) -> 909563 | BC70: =SUM(BC71:BC76) -> 836196 | ... BN70: =SUM(BN71:BN76) -> 694219 | BO70: 649131 | BP70: =SUM(BP71:BP76) -> 590249 | BQ70: 583198 | BR70: =SUM(BR71:BR76) -> 573852 | BS70: =SUM(BS71:BS76) -> 575508 | BT70: =SUM(BT71:BT76) -> 589938 | BU70: =SUM(BU71:BU76) -> 591077 | BV70: =SUM(BV71:BV76) -> 598661 | BW70: =SUM(BW71:BW76) -> 591429 | BX70: =SUM(BX71:BX76) -> 534525 | BY70: =SUM(BY71:BY76) -> 513855 | ... CF70: =SUM(CF71:CF76) -> 285763 | CH70: =SUM(CH71:CH76) -> 734619 | CI70: =SUM(CI71:CI76) -> 751810 | CJ70: =SUM(CJ71:CJ76) -> 760641 | CK70: =SUM(CK71:CK76) -> 787959 | CL70: =SUM(CL71:CL76) -> 803153 | CM70: =SUM(CM71:CM76) -> 794827 | CN70: =SUM(CN71:CN76) -> 847386 | CO70: =SUM(CO71:CO76) -> 879464 | ... DX70: =SUM(DX71:DX76) -> 694219 | DY70: =BO70 -> 649131 | DZ70: =SUM(DZ71:DZ76) -> 590249 | EA70: =SUM(EA71:EA76) -> 573852 | EB70: =SUM(EB71:EB76) -> 575508 | EC70: =SUM(EC71:EC76) -> 589938 | ED70: =SUM(ED71:ED76) -> 598661 | EE70: =SUM(EE71:EE76) -> 591429 | EF70: =SUM(EF71:EF76) -> 534525 | EG70: =SUM(EG71:EG76) -> 482547 | ... EL70: =SUM(EL71:EL76) -> 285763
B71: Capital social | C71: Capital | D71: =IF(Menu!$D$12="PT",'Dados Financeiros'!B71,'Dados Financeiros'!C71) -> Capital social | E71: 668858 | F71: 668858 | G71: 668858 | H71: 668858 | I71: 668858 | J71: 668858 | K71: 669525 | L71: 671068 | M71: 671569 | N71: 668858 | O71: 668858 | P71: 668858 | Q71: 668858 | R71: 668858 | S71: 668858 | T71: 668858 | U71: 1051129 | V71: 1067163 | W71: 1067163 | X71: 1072816 | Y71: 1072816 | Z71: 1072816 | AA71: 1072816 | AB71: 1072816 | AC71: 1072816 | AD71: 1072816 | AE71: 1072816 | AF71: 1072816 | AG71: 1072816 | AH71: 1072816 | AI71: 1072816 | AJ71: 1072816 | AK71: 1072816 | AL71: 1072816 | AM71: 1072816 | AN71: 1072816 | AO71: 1072816 | AP71: 1072816 | AQ71: 1072816 | AR71: 1072816 | AS71: 1072816 | AT71: 1072816 | AU71: 1269840 | AV71: 1272816 | AW71: 1333249 | AX71: 1422816 | AY71: 1422816 | AZ71: 1422816 | BA71: 1422816 | BB71: 1422816 | BC71: 1422816 | BD71: 1422816 | BE71: 1422816 | BF71: 1422816 | BG71: 1868316 | BH71: 1868316 | BI71: 1868316 | BJ71: 1868316 | BK71: 1868316 | BL71: 1868316 | BM71: 1868316 | BN71: 1868316 | BO71: 1868316 | BP71: 1868316 | BQ71: 1868316 | BR71: 1868316 | BS71: 1868316 | BT71: 1868316 | BU71: 1868316 | BV71: 1868316 | BW71: 1868316 | BX71: 1868316 | BY71: 1868316 | BZ71: 1868316 | CA71: 1868316 | CB71: 1868316 | CC71: 1868316 | CD71: 1868316 | CE71: 1868316 | CF71: 1868316 | CH71: =INDIRECT(ADDRESS(ROW(),MATCH(IF(LEFT(CH$2,2)="1S","2T",IF(LEFT(CH$2,2)="9M","3T","4T"))&RIGHT(CH$2,2),$A$2:$CG$2,0))) -> 668858 | CI71: =INDIRECT(ADDRESS(ROW(),MATCH(IF(LEFT(CI$2,2)="1S","2T",IF(LEFT(CI$2,2)="9M","3T","4T"))&RIGHT(CI$2,2),$A$2:$CG$2,0))) -> 668858 | CJ71: =INDIRECT(ADDRESS(ROW(),MATCH(IF(LEFT(CJ$2,2)="1S","2T",IF(LEFT(CJ$2,2)="9M","3T","4T"))&RIGHT(CJ$2,2),$A$2:$CG$2,0))) -> 668858 | CK71: =INDIRECT(ADDRESS(ROW(),MATCH(IF(LEFT(CK$2,2)="1S","2T",IF(LEFT(CK$2,2)="9M","3T","4T"))&RIGHT(CK$2,2),$A$2:$CG$2,0))) -> 668858 | CL71: =INDIRECT(ADDRESS(ROW(),MATCH(IF(LEFT(CL$2,2)="1S","2T",IF(LEFT(CL$2,2)="9M","3T","4T"))&RIGHT(CL$2,2),$A$2:$CG$2,0))) -> 669525 | CM71: =INDIRECT(ADDRESS(ROW(),MATCH(IF(LEFT(CM$2,2)="1S","2T",IF(LEFT(CM$2,2)="9M","3T","4T"))&RIGHT(CM$2,2),$A$2:$CG$2,0))) -> 671068 | CN71: =INDIRECT(ADDRESS(ROW(),MATCH(IF(LEFT(CN$2,2)="1S","2T",IF(LEFT(CN$2,2)="9M","3T","4T"))&RIGHT(CN$2,2),$A$2:$CG$2,0))) -> 668858 | CO71: =INDIRECT(ADDRESS(ROW(),MATCH(IF(LEFT(CO$2,2)="1S","2T",IF(LEFT(CO$2,2)="9M","3T","4T"))&RIGHT(CO$2,2),$A$2:$CG$2,0))) -> 668858 | ... EL71: =INDIRECT(ADDRESS(ROW(),MATCH(IF(LEFT(EL$2,2)="1S","2T",IF(LEFT(EL$2,2)="9M","3T","4T"))&RIGHT(EL$2,2),$A$2:$CG$2,0))) -> 1868316
B72: Reservas de lucros | C72: Earnings reserve | D72: =IF(Menu!$D$12="PT",'Dados Financeiros'!B72,'Dados Financeiros'!C72) -> Reservas de lucros | E72: 484 | F72: 5525 | G72: 5525 | H72: 91783 | I72: 67482 | J72: 67702 | K72: 64558 | L72: 123759 | M72: 123759 | N72: 126972 | O72: 127511 | P72: 133921 | Q72: 213542 | R72: 214158 | S72: 214766 | T72: 369199 | U72: 371632 | V72: =360579+12520 -> 373099 | W72: 360579 | X72: 470692 | Y72: 470692 | Z72: 470692 | AA72: 450114 | AB72: 450114 | AC72: 450114 | AD72: 450114 | AE72: 279166 | AF72: 279166 | AG72: 279166 | AH72: 279166 | AI72: 279166 | AJ72: 384261 | AK72: 299169 | AL72: 299169 | AM72: 299169 | AN72: 417624 | AO72: 417624 | AP72: 445658 | AQ72: 417624 | AR72: 627175 | AS72: 616526 | AT72: 607349 | AU72: 607349 | AV72: 158368 | AW72: 158368 | AX72: 158368 | AY72: 158368 | AZ72: 0 | BA72: 0 | BB72: 0 | BC72: 0 | BD72: 0 | BE72: 0 | BF72: 0 | BG72: 0 | BH72: 0 | BI72: 0 | BJ72: 0 | BK72: 0 | BL72: 0 | BM72: 0 | BN72: 0 | BO72: 0 | BP72: 0 | BQ72: 0 | BR72: 0 | BS72: 0 | BT72: 0 | BU72: 0 | BV72: 0 | BW72: 0 | BX72: 0 | BY72: 0 | BZ72: 0 | CA72: 0 | CB72: 0 | CC72: 0 | CD72: 0 | CE72: 0 | CF72: 0 | CH72: =INDIRECT(ADDRESS(ROW(),MATCH(IF(LEFT(CH$2,2)="1S","2T",IF(LEFT(CH$2,2)="9M","3T","4T"))&RIGHT(CH$2,2),$A$2:$CG$2,0))) -> 5525 | CI72: =INDIRECT(ADDRESS(ROW(),MATCH(IF(LEFT(CI$2,2)="1S","2T",IF(LEFT(CI$2,2)="9M","3T","4T"))&RIGHT(CI$2,2),$A$2:$CG$2,0))) -> 5525 | CJ72: =INDIRECT(ADDRESS(ROW(),MATCH(IF(LEFT(CJ$2,2)="1S","2T",IF(LEFT(CJ$2,2)="9M","3T","4T"))&RIGHT(CJ$2,2),$A$2:$CG$2,0))) -> 91783 | CK72: =INDIRECT(ADDRESS(ROW(),MATCH(IF(LEFT(CK$2,2)="1S","2T",IF(LEFT(CK$2,2)="9M","3T","4T"))&RIGHT(CK$2,2),$A$2:$CG$2,0))) -> 67702 | CL72: =INDIRECT(ADDRESS(ROW(),MATCH(IF(LEFT(CL$2,2)="1S","2T",IF(LEFT(CL$2,2)="9M","3T","4T"))&RIGHT(CL$2,2),$A$2:$CG$2,0))) -> 64558 | CM72: =INDIRECT(ADDRESS(ROW(),MATCH(IF(LEFT(CM$2,2)="1S","2T",IF(LEFT(CM$2,2)="9M","3T","4T"))&RIGHT(CM$2,2),$A$2:$CG$2,0))) -> 123759 | CN72: =INDIRECT(ADDRESS(ROW(),MATCH(IF(LEFT(CN$2,2)="1S","2T",IF(LEFT(CN$2,2)="9M","3T","4T"))&RIGHT(CN$2,2),$A$2:$CG$2,0))) -> 126972 | CO72: =INDIRECT(ADDRESS(ROW(),MATCH(IF(LEFT(CO$2,2)="1S","2T",IF(LEFT(CO$2,2)="9M","3T","4T"))&RIGHT(CO$2,2),$A$2:$CG$2,0))) -> 127511 | ... EL72: =INDIRECT(ADDRESS(ROW(),MATCH(IF(LEFT(EL$2,2)="1S","2T",IF(LEFT(EL$2,2)="9M","3T","4T"))&RIGHT(EL$2,2),$A$2:$CG$2,0))) -> 0
B73: Ações em tesouraria | C73: Treasury shares | D73: =IF(Menu!$D$12="PT",'Dados Financeiros'!B73,'Dados Financeiros'!C73) -> Ações em tesouraria | O73: -1061 | P73: -1061 | Q73: -1564 | R73: -1188 | S73: -1126 | T73: -456 | U73: -3633 | V73: -4822 | W73: -4822 | X73: -32404 | Y73: -35258 | Z73: -35258 | AA73: -34749 | AB73: -34749 | AC73: -34749 | AD73: -34749 | AE73: -34749 | AF73: -34749 | AG73: -34749 | AH73: -34286 | AI73: -43829 | AJ73: -43668 | AK73: -4904 | AL73: -4904 | AM73: -4904 | AN73: -4904 | AO73: -4904 | AP73: -4904 | AQ73: -4904 | AR73: -14707 | AS73: 0 | AT73: 0 | AU73: 0 | AV73: 0 | AW73: 0 | AX73: 0 | AY73: 0 | AZ73: 0 | BA73: 0 | BB73: 0 | BC73: 0 | BD73: 0 | BE73: 0 | BF73: 0 | BG73: 0 | BH73: 0 | BI73: 0 | BJ73: 0 | BK73: 0 | BL73: 0 | BM73: 0 | BN73: 0 | BO73: 0 | BP73: 0 | BQ73: 0 | BR73: 0 | BS73: 0 | BT73: 0 | BU73: 0 | BV73: 0 | BW73: 0 | BX73: 0 | BY73: 0 | BZ73: 0 | CA73: 0 | CB73: 0 | CC73: 0 | CD73: 0 | CE73: 0 | CF73: 0 | CH73: =INDIRECT(ADDRESS(ROW(),MATCH(IF(LEFT(CH$2,2)="1S","2T",IF(LEFT(CH$2,2)="9M","3T","4T"))&RIGHT(CH$2,2),$A$2:$CG$2,0))) -> 0 | CI73: =INDIRECT(ADDRESS(ROW(),MATCH(IF(LEFT(CI$2,2)="1S","2T",IF(LEFT(CI$2,2)="9M","3T","4T"))&RIGHT(CI$2,2),$A$2:$CG$2,0))) -> 0 | CJ73: =INDIRECT(ADDRESS(ROW(),MATCH(IF(LEFT(CJ$2,2)="1S","2T",IF(LEFT(CJ$2,2)="9M","3T","4T"))&RIGHT(CJ$2,2),$A$2:$CG$2,0))) -> 0 | CK73: =INDIRECT(ADDRESS(ROW(),MATCH(IF(LEFT(CK$2,2)="1S","2T",IF(LEFT(CK$2,2)="9M","3T","4T"))&RIGHT(CK$2,2),$A$2:$CG$2,0))) -> 0 | CL73: =INDIRECT(ADDRESS(ROW(),MATCH(IF(LEFT(CL$2,2)="1S","2T",IF(LEFT(CL$2,2)="9M","3T","4T"))&RIGHT(CL$2,2),$A$2:$CG$2,0))) -> 0 | CM73: =INDIRECT(ADDRESS(ROW(),MATCH(IF(LEFT(CM$2,2)="1S","2T",IF(LEFT(CM$2,2)="9M","3T","4T"))&RIGHT(CM$2,2),$A$2:$CG$2,0))) -> 0 | CN73: =INDIRECT(ADDRESS(ROW(),MATCH(IF(LEFT(CN$2,2)="1S","2T",IF(LEFT(CN$2,2)="9M","3T","4T"))&RIGHT(CN$2,2),$A$2:$CG$2,0))) -> 0 | CO73: =INDIRECT(ADDRESS(ROW(),MATCH(IF(LEFT(CO$2,2)="1S","2T",IF(LEFT(CO$2,2)="9M","3T","4T"))&RIGHT(CO$2,2),$A$2:$CG$2,0))) -> -1061 | ... EL73: =INDIRECT(ADDRESS(ROW(),MATCH(IF(LEFT(EL$2,2)="1S","2T",IF(LEFT(EL$2,2)="9M","3T","4T"))&RIGHT(EL$2,2),$A$2:$CG$2,0))) -> 0
B74: Prejuízos acumulados | C74: Earnings (deficit) reserve | D74: =IF(Menu!$D$12="PT",'Dados Financeiros'!B74,'Dados Financeiros'!C74) -> Prejuízos acumulados | E74: 44640 | F74: 60236 | G74: 77427 | H74: 0 | I74: 30115 | J74: 51399 | K74: 69070 | L74: 0 | M74: 21469 | N74: 51556 | O74: 84156 | P74: 78757 | Q74: 40007 | R74: 80417 | S74: 133784 | T74: 0 | U74: 60827 | V74: 127802 | W74: 176520 | X74: 0 | Y74: -11333 | Z74: -11333 | AA74: -8760 | AB74: -8760 | AC74: -65215 | AD74: -65215 | AE74: 0 | AF74: 0 | AG74: 42385 | AH74: 115582 | AI74: 177849 | AJ74: 0 | AK74: 36076 | AL74: 115790 | AM74: 147656 | AN74: 0 | AO74: 30038 | AP74: 61374 | AQ74: 69132 | AR74: 0 | AS74: 2428 | AT74: -89383 | AU74: -197445 | AV74: 0 | AW74: 0 | AX74: 0 | AY74: 0 | AZ74: -362284 | BA74: -362284 | BB74: -362284 | BC74: -362284 | BD74: -639336 | BE74: -639336 | BF74: -639336 | BG74: -639336 | BH74: -888069 | BI74: -888069 | BJ74: -888069 | BK74: -888069 | BL74: -1052921 | BM74: -1052921 | BN74: -1053660 | BO74: -1053741 | BP74: -1238385 | BQ74: -1238385 | BR74: -1238385 | BS74: -1238385 | BT74: -1237340 | BU74: -1237340 | BV74: -1237340 | BW74: -1237340 | BX74: -1293508 | BY74: -1293508 | BZ74: -1293508 | CA74: -1293508 | CB74: -1297906.6 | CC74: -1446319 | CD74: -1446319 | CE74: -1446319 | CF74: -1446319 | CH74: =INDIRECT(ADDRESS(ROW(),MATCH(IF(LEFT(CH$2,2)="1S","2T",IF(LEFT(CH$2,2)="9M","3T","4T"))&RIGHT(CH$2,2),$A$2:$CG$2,0))) -> 60236 | CI74: =INDIRECT(ADDRESS(ROW(),MATCH(IF(LEFT(CI$2,2)="1S","2T",IF(LEFT(CI$2,2)="9M","3T","4T"))&RIGHT(CI$2,2),$A$2:$CG$2,0))) -> 77427 | CJ74: =INDIRECT(ADDRESS(ROW(),MATCH(IF(LEFT(CJ$2,2)="1S","2T",IF(LEFT(CJ$2,2)="9M","3T","4T"))&RIGHT(CJ$2,2),$A$2:$CG$2,0))) -> 0 | CK74: =INDIRECT(ADDRESS(ROW(),MATCH(IF(LEFT(CK$2,2)="1S","2T",IF(LEFT(CK$2,2)="9M","3T","4T"))&RIGHT(CK$2,2),$A$2:$CG$2,0))) -> 51399 | CL74: =INDIRECT(ADDRESS(ROW(),MATCH(IF(LEFT(CL$2,2)="1S","2T",IF(LEFT(CL$2,2)="9M","3T","4T"))&RIGHT(CL$2,2),$A$2:$CG$2,0))) -> 69070 | CM74: =INDIRECT(ADDRESS(ROW(),MATCH(IF(LEFT(CM$2,2)="1S","2T",IF(LEFT(CM$2,2)="9M","3T","4T"))&RIGHT(CM$2,2),$A$2:$CG$2,0))) -> 0 | CN74: =INDIRECT(ADDRESS(ROW(),MATCH(IF(LEFT(CN$2,2)="1S","2T",IF(LEFT(CN$2,2)="9M","3T","4T"))&RIGHT(CN$2,2),$A$2:$CG$2,0))) -> 51556 | CO74: =INDIRECT(ADDRESS(ROW(),MATCH(IF(LEFT(CO$2,2)="1S","2T",IF(LEFT(CO$2,2)="9M","3T","4T"))&RIGHT(CO$2,2),$A$2:$CG$2,0))) -> 84156 | ... EL74: =INDIRECT(ADDRESS(ROW(),MATCH(IF(LEFT(EL$2,2)="1S","2T",IF(LEFT(EL$2,2)="9M","3T","4T"))&RIGHT(EL$2,2),$A$2:$CG$2,0))) -> -1446319
B75: Lucros (Prejuízos) do período | C75: Losses of the period | D75: =IF(Menu!$D$12="PT",'Dados Financeiros'!B75,'Dados Financeiros'!C75) -> Lucros (Prejuízos) do período | E75: 0 | F75: 0 | G75: 0 | H75: 0 | I75: 0 | J75: 0 | K75: 0 | L75: 0 | M75: 0 | N75: 0 | O75: 0 | P75: 0 | Q75: 0 | R75: 0 | S75: 0 | T75: 0 | U75: 0 | V75: 0 | W75: 0 | X75: 0 | Y75: 0 | Z75: 0 | AA75: 0 | AB75: 0 | AC75: 0 | AD75: 0 | AE75: 0 | AF75: 0 | AG75: 0 | AH75: 0 | AI75: 0 | AJ75: 0 | AK75: 0 | AL75: 0 | AM75: 0 | AN75: 0 | AO75: 0 | AP75: 0 | AQ75: 0 | AR75: 0 | AS75: 0 | AT75: 0 | AU75: 0 | AV75: 0 | AW75: -63433 | AX75: -203424 | AY75: -345443 | AZ75: 0 | BA75: -53672 | BB75: -139498 | BC75: -212865 | BD75: 0 | BE75: -2098 | BF75: -146238 | BG75: -198292 | BH75: 0 | BI75: -58420 | BJ75: -98760 | BK75: -134153 | BL75: 0 | BM75: -26367 | BN75: -80755 | BO75: -125762 | BP75: 0 | BQ75: -7051 | BR75: -16397 | BS75: -14741 | BT75: 0 | BU75: 4146 | BV75: 8723 | BW75: 736 | BX75: 0 | BY75: -20670 | BZ75: -51978 | CA75: -94792 | CB75: -148412 | CC75: -7784 | CD75: -67146 | CE75: -76694 | CF75: -100661 | CH75: =INDIRECT(ADDRESS(ROW(),MATCH(IF(LEFT(CH$2,2)="1S","2T",IF(LEFT(CH$2,2)="9M","3T","4T"))&RIGHT(CH$2,2),$A$2:$CG$2,0))) -> 0 | CI75: =INDIRECT(ADDRESS(ROW(),MATCH(IF(LEFT(CI$2,2)="1S","2T",IF(LEFT(CI$2,2)="9M","3T","4T"))&RIGHT(CI$2,2),$A$2:$CG$2,0))) -> 0 | CJ75: =INDIRECT(ADDRESS(ROW(),MATCH(IF(LEFT(CJ$2,2)="1S","2T",IF(LEFT(CJ$2,2)="9M","3T","4T"))&RIGHT(CJ$2,2),$A$2:$CG$2,0))) -> 0 | CK75: =INDIRECT(ADDRESS(ROW(),MATCH(IF(LEFT(CK$2,2)="1S","2T",IF(LEFT(CK$2,2)="9M","3T","4T"))&RIGHT(CK$2,2),$A$2:$CG$2,0))) -> 0 | CL75: =INDIRECT(ADDRESS(ROW(),MATCH(IF(LEFT(CL$2,2)="1S","2T",IF(LEFT(CL$2,2)="9M","3T","4T"))&RIGHT(CL$2,2),$A$2:$CG$2,0))) -> 0 | CM75: =INDIRECT(ADDRESS(ROW(),MATCH(IF(LEFT(CM$2,2)="1S","2T",IF(LEFT(CM$2,2)="9M","3T","4T"))&RIGHT(CM$2,2),$A$2:$CG$2,0))) -> 0 | CN75: =INDIRECT(ADDRESS(ROW(),MATCH(IF(LEFT(CN$2,2)="1S","2T",IF(LEFT(CN$2,2)="9M","3T","4T"))&RIGHT(CN$2,2),$A$2:$CG$2,0))) -> 0 | CO75: =INDIRECT(ADDRESS(ROW(),MATCH(IF(LEFT(CO$2,2)="1S","2T",IF(LEFT(CO$2,2)="9M","3T","4T"))&RIGHT(CO$2,2),$A$2:$CG$2,0))) -> 0 | ... EL75: =INDIRECT(ADDRESS(ROW(),MATCH(IF(LEFT(EL$2,2)="1S","2T",IF(LEFT(EL$2,2)="9M","3T","4T"))&RIGHT(EL$2,2),$A$2:$CG$2,0))) -> -100661
B76: Outros | C76: Others | D76: =IF(Menu!$D$12="PT",'Dados Financeiros'!B76,'Dados Financeiros'!C76) -> Outros | V76: -16104 | W76: =-17237+13631 -> -3606 | X76: -5874 | Y76: -5895 | Z76: -5895 | AA76: -5523 | AB76: -5523 | AC76: -4695 | AD76: -4695 | AE76: -3940 | AF76: -3940 | AG76: -1857 | AH76: 128 | AI76: 1731 | AJ76: -979 | AK76: 1933 | AL76: 2411 | AM76: 4823 | AN76: 724 | AO76: 5013 | AP76: -17306 | AQ76: 12421 | AR76: -8135 | AS76: -17306 | AT76: -8124 | AU76: -10042 | AV76: -10208 | AW76: -11476 | AX76: -11509 | AY76: -11471 | AZ76: -11471 | BA76: -11471 | BB76: -11471 | BC76: -11471 | BD76: -11471 | BE76: -11471 | BF76: -11471 | BG76: -30302 | BH76: -39682 | BI76: -39682 | BJ76: -39682 | BK76: -39682 | BL76: -39682 | BM76: -39682 | BN76: -39682 | BO76: -39682 | BP76: -39682 | BQ76: -39682 | BR76: -39682 | BS76: -39682 | BT76: -41038 | BU76: -44045 | BV76: -41038 | BW76: -40283 | BX76: -40283 | BY76: -40283 | BZ76: -40283 | CA76: -40283 | CB76: -39682.396 | CC76: -35573 | CD76: -35573 | CE76: -35573 | CF76: -35573 | CH76: =INDIRECT(ADDRESS(ROW(),MATCH(IF(LEFT(CH$2,2)="1S","2T",IF(LEFT(CH$2,2)="9M","3T","4T"))&RIGHT(CH$2,2),$A$2:$CG$2,0))) -> 0 | CI76: =INDIRECT(ADDRESS(ROW(),MATCH(IF(LEFT(CI$2,2)="1S","2T",IF(LEFT(CI$2,2)="9M","3T","4T"))&RIGHT(CI$2,2),$A$2:$CG$2,0))) -> 0 | CJ76: =INDIRECT(ADDRESS(ROW(),MATCH(IF(LEFT(CJ$2,2)="1S","2T",IF(LEFT(CJ$2,2)="9M","3T","4T"))&RIGHT(CJ$2,2),$A$2:$CG$2,0))) -> 0 | CK76: =INDIRECT(ADDRESS(ROW(),MATCH(IF(LEFT(CK$2,2)="1S","2T",IF(LEFT(CK$2,2)="9M","3T","4T"))&RIGHT(CK$2,2),$A$2:$CG$2,0))) -> 0 | CL76: =INDIRECT(ADDRESS(ROW(),MATCH(IF(LEFT(CL$2,2)="1S","2T",IF(LEFT(CL$2,2)="9M","3T","4T"))&RIGHT(CL$2,2),$A$2:$CG$2,0))) -> 0 | CM76: =INDIRECT(ADDRESS(ROW(),MATCH(IF(LEFT(CM$2,2)="1S","2T",IF(LEFT(CM$2,2)="9M","3T","4T"))&RIGHT(CM$2,2),$A$2:$CG$2,0))) -> 0 | CN76: =INDIRECT(ADDRESS(ROW(),MATCH(IF(LEFT(CN$2,2)="1S","2T",IF(LEFT(CN$2,2)="9M","3T","4T"))&RIGHT(CN$2,2),$A$2:$CG$2,0))) -> 0 | CO76: =INDIRECT(ADDRESS(ROW(),MATCH(IF(LEFT(CO$2,2)="1S","2T",IF(LEFT(CO$2,2)="9M","3T","4T"))&RIGHT(CO$2,2),$A$2:$CG$2,0))) -> 0 | ... EL76: =INDIRECT(ADDRESS(ROW(),MATCH(IF(LEFT(EL$2,2)="1S","2T",IF(LEFT(EL$2,2)="9M","3T","4T"))&RIGHT(EL$2,2),$A$2:$CG$2,0))) -> -35573
B78: Total do passivo e PL | C78: Total liabilities and equity | D78: =IF(Menu!$D$12="PT",'Dados Financeiros'!B78,'Dados Financeiros'!C78) -> Total do passivo e PL | E78: =E70+E68+E57+E40 -> 1096514 | F78: =F70+F68+F57+F40 -> 1000575 | G78: =G70+G68+G57+G40 -> 1058025 | H78: =H70+H68+H57+H40 -> 1121938 | I78: =I70+I68+I57+I40 -> 1210697 | J78: =J70+J68+J57+J40 -> 1318539 | K78: =K70+K68+K57+K40 -> 1381055 | L78: =L70+L68+L57+L40 -> 1455345 | ... BN78: =BN70+BN68+BN57+BN40 -> 1598141 | BO78: 1564345 | BP78: =BP70+BP68+BP57+BP40 -> 1556408 | BQ78: 1563632 | BR78: =BR70+BR68+BR57+BR40 -> 1538453 | BS78: =BS70+BS68+BS57+BS40 -> 1545028 | BT78: =BT70+BT68+BT57+BT40 -> 1607828 | BU78: =BU70+BU68+BU57+BU40 -> 1561413 | BV78: =BV70+BV68+BV57+BV40 -> 1567755 | BW78: =BW70+BW68+BW57+BW40 -> 1550292 | BX78: =BX70+BX68+BX57+BX40 -> 1527112 | BY78: =BY70+BY68+BY57+BY40 -> 1586572 | ... CF78: =CF70+CF68+CF57+CF40 -> 1197783 | CH78: =CH70+CH68+CH57+CH40 -> 1000575 | CI78: =CI70+CI68+CI57+CI40 -> 1058025 | CJ78: =CJ70+CJ68+CJ57+CJ40 -> 1121938 | CK78: =CK70+CK68+CK57+CK40 -> 1318539 | CL78: =CL70+CL68+CL57+CL40 -> 1381055 | CM78: =CM70+CM68+CM57+CM40 -> 1455345 | CN78: =CN70+CN68+CN57+CN40 -> 1635990 | CO78: =CO70+CO68+CO57+CO40 -> 1752067 | ... DT78: =DT70+DT68+DT57+DT40 -> 1718538 | DU78: 1621863 | DV78: =DV70+DV68+DV57+DV40 -> 1689063 | DW78: =DW70+DW68+DW57+DW40 -> 1743807 | DX78: =DX70+DX68+DX57+DX40 -> 1598141 | DY78: =BO78 -> 1564345 | DZ78: =DZ70+DZ68+DZ57+DZ40 -> 1556408 | EA78: =EA70+EA68+EA57+EA40 -> 1538453 | EB78: =EB70+EB68+EB57+EB40 -> 1545028 | EC78: =EC70+EC68+EC57+EC40 -> 1607828 | ED78: =ED70+ED68+ED57+ED40 -> 1567755 | EE78: =EE70+EE68+EE57+EE40 -> 1550292 | EF78: =EF70+EF68+EF57+EF40 -> 1527112 | EG78: =EG70+EG68+EG57+EG40 -> 1526075 | ... EL78: =EL70+EL68+EL57+EL40 -> 1197783
B81: Check Ativo vs Passivo | D81: =IF(Menu!$D$12="PT",'Dados Financeiros'!B81,'Dados Financeiros'!C81) -> Check Ativo vs Passivo | E81: =E36-E78 -> 0 | F81: =F36-F78 -> 0 | G81: =G36-G78 -> 0 | H81: =H36-H78 -> 0 | I81: =I36-I78 -> 0 | J81: =J36-J78 -> 0 | K81: =K36-K78 -> 0 | L81: =L36-L78 -> 0 | ... BM81: =BM36-BM78 -> 0 | BN81: 0 | BO81: 0 | BP81: =BP36-BP78 -> 0 | BQ81: =BQ36-BQ78 -> 0 | BR81: =BR36-BR78 -> 0 | BS81: =CG36-CG78 -> 0 | BT81: =BT36-BT78 -> 0 | BU81: =BU36-BU78 -> 0 | BV81: =BV36-BV78 -> 0 | BW81: =BW36-BW78 -> 0 | BX81: =BX36-BX78 -> 0 | BY81: =BY36-BY78 -> 0 | BZ81: =BZ36-BZ78 -> 0 | CA81: =CA36-CA78 -> 0 | ... CF81: =CF36-CF78 -> 0 | CH81: =CH36-CH78 -> 0 | CI81: =CI36-CI78 -> 0 | CJ81: =CJ36-CJ78 -> 0 | CK81: =CK36-CK78 -> 0 | CL81: =CL36-CL78 -> 0 | CM81: =CM36-CM78 -> 0 | CN81: =CN36-CN78 -> 0 | CO81: =CO36-CO78 -> 0 | ... DV81: =DV36-DV78 -> 0 | DX81: =DX36-DX78 -> 0 | DY81: =DY36-DY78 -> 0 | DZ81: =DZ36-DZ78 -> 0 | EA81: =EA36-EA78 -> 0 | EB81: =EB36-EB78 -> 0 | EC81: =EC36-EC78 -> 0 | ED81: =ED36-ED78 -> 0 | EE81: =EE36-EE78 -> 0 | ... EL81: =EL36-EL78 -> -113276
B84: DRE Consolidado | C84: Income Statement | D84: =IF(Menu!$D$12="PT",'Dados Financeiros'!B84,'Dados Financeiros'!C84) -> DRE Consolidado
B86: Receita de imóveis vendidos | C86: Revenue from real estate sold | D86: =IF(Menu!$D$12="PT",'Dados Financeiros'!B86,'Dados Financeiros'!C86) -> Receita de imóveis vendidos | E86: 63873 | F86: 75600 | G86: 98437 | H86: 73141 | I86: 87305 | J86: 141123 | K86: 128930 | L86: 139443 | M86: 147011 | N86: 195816 | O86: 199364 | P86: 184893 | Q86: 203235 | R86: 255598 | S86: 364857 | T86: 575110 | U86: 426054 | V86: 421184 | W86: 403141 | X86: 325277 | Y86: 284962 | Z86: 240094 | AA86: 381202 | AB86: 301876 | AC86: 380793 | AD86: =840865-AB86-Z86 -> 298895 | AE86: 292838 | AF86: 257608 | AG86: 429376 | AH86: 499014 | AI86: 435724 | AJ86: =1786362+1131-AI86-AH86-AG86 -> 423379 | AK86: 365841 | AL86: 493153 | AM86: 369856 | AN86: 293617 | AO86: 377089 | AP86: 359611 | AQ86: 367787 | AR86: 87258 | AS86: 148255 | AT86: 89255 | AU86: -4309 | AV86: 59124 | AW86: 96235 | AX86: 120405 | AY86: 4672 | AZ86: 53673 | BA86: 43750 | BB86: 52958 | BC86: -31019 | BD86: 74399 | BE86: 108948 | BF86: 43636 | BG86: 71368 | BH86: 119125 | BI86: 39462 | BJ86: 29205 | BK86: 52045 | BL86: 28247 | BM86: 24794 | BN86: 58845 | BO86: 17990 | BP86: 19645 | BQ86: 46045 | BR86: 40041 | BS86: 70390 | BT86: 66442 | BU86: 134741 | BV86: 90462 | BW86: 86562 | BX86: 114312 | BY86: 84781 | BZ86: 170148 | CA86: 75522 | CB86: 114550 | CC86: 40610 | CD86: 22896 | CE86: 70096 | CF86: 31469 | CH86: =SUMIF($B$1:$CG$1,"<="&VALUE(RIGHT(CH$2,2)&IF(LEFT(CH$2,2)="1S",2,IF(LEFT(CH$2,2)="9M",3,4))),$B86:$CG86)- SUMIF($B$1:$CG$1,"<"&VALUE(RIGHT(CH$2,2))&"0",$B86:$CG86) -> 139473 | CI86: =SUMIF($B$1:$CG$1,"<="&VALUE(RIGHT(CI$2,2)&IF(LEFT(CI$2,2)="1S",2,IF(LEFT(CI$2,2)="9M",3,4))),$B86:$CG86)- SUMIF($B$1:$CG$1,"<"&VALUE(RIGHT(CI$2,2))&"0",$B86:$CG86) -> 237910 | CJ86: =SUMIF($B$1:$CG$1,"<="&VALUE(RIGHT(CJ$2,2)&IF(LEFT(CJ$2,2)="1S",2,IF(LEFT(CJ$2,2)="9M",3,4))),$B86:$CG86)- SUMIF($B$1:$CG$1,"<"&VALUE(RIGHT(CJ$2,2))&"0",$B86:$CG86) -> 311051 | CK86: =SUMIF($B$1:$CG$1,"<="&VALUE(RIGHT(CK$2,2)&IF(LEFT(CK$2,2)="1S",2,IF(LEFT(CK$2,2)="9M",3,4))),$B86:$CG86)- SUMIF($B$1:$CG$1,"<"&VALUE(RIGHT(CK$2,2))&"0",$B86:$CG86) -> 228428 | CL86: =SUMIF($B$1:$CG$1,"<="&VALUE(RIGHT(CL$2,2)&IF(LEFT(CL$2,2)="1S",2,IF(LEFT(CL$2,2)="9M",3,4))),$B86:$CG86)- SUMIF($B$1:$CG$1,"<"&VALUE(RIGHT(CL$2,2))&"0",$B86:$CG86) -> 357358 | CM86: =SUMIF($B$1:$CG$1,"<="&VALUE(RIGHT(CM$2,2)&IF(LEFT(CM$2,2)="1S",2,IF(LEFT(CM$2,2)="9M",3,4))),$B86:$CG86)- SUMIF($B$1:$CG$1,"<"&VALUE(RIGHT(CM$2,2))&"0",$B86:$CG86) -> 496801 | CN86: =SUMIF($B$1:$CG$1,"<="&VALUE(RIGHT(CN$2,2)&IF(LEFT(CN$2,2)="1S",2,IF(LEFT(CN$2,2)="9M",3,4))),$B86:$CG86)- SUMIF($B$1:$CG$1,"<"&VALUE(RIGHT(CN$2,2))&"0",$B86:$CG86) -> 342827 | CO86: =SUMIF($B$1:$CG$1,"<="&VALUE(RIGHT(CO$2,2)&IF(LEFT(CO$2,2)="1S",2,IF(LEFT(CO$2,2)="9M",3,4))),$B86:$CG86)- SUMIF($B$1:$CG$1,"<"&VALUE(RIGHT(CO$2,2))&"0",$B86:$CG86) -> 542191 | ... EL86: =SUMIF($B$1:$CG$1,"<="&VALUE(RIGHT(EL$2,2)&IF(LEFT(EL$2,2)="1S",2,IF(LEFT(EL$2,2)="9M",3,4))),$B86:$CG86)- SUMIF($B$1:$CG$1,"<"&VALUE(RIGHT(EL$2,2))&"0",$B86:$CG86) -> 165071
B87: Receita de serviços prestados | C87: Revenue from services rendered | D87: =IF(Menu!$D$12="PT",'Dados Financeiros'!B87,'Dados Financeiros'!C87) -> Receita de serviços prestados | E87: 4563 | F87: 8161 | G87: 10444 | H87: 14936 | I87: 5103 | J87: 5551 | K87: 2810 | L87: 3804 | M87: 1383 | N87: 3206 | O87: 4000 | P87: 1524 | Q87: 2450 | R87: 4138 | S87: 4375 | T87: 5455 | U87: 5201 | V87: 5548 | W87: 6357 | X87: 3383 | Y87: 3764 | Z87: 3764 | AA87: 5283 | AB87: 5283 | AC87: 5592 | AD87: =14639-AB87-Z87 -> 5592 | AE87: 971 | AF87: 971 | AG87: 9609 | AH87: 9708 | AI87: 10971 | AJ87: =44756-AI87-AH87-AG87 -> 14468 | AK87: 15223 | AL87: 19313 | AM87: 22137 | AN87: 17543 | AO87: 14751 | AP87: 17607 | AQ87: 18559 | AR87: 29087 | AS87: 14468 | AT87: 15205 | AU87: 10681 | AV87: 8398 | AW87: 7194 | AX87: 6337 | AY87: 9140 | AZ87: 10333 | BA87: 18934 | BB87: 7224 | BC87: 4910 | BD87: 4777 | BE87: 5271 | BF87: 4930 | BG87: 5106 | BH87: 7581 | BI87: 5938 | BJ87: 5970 | BK87: 9023 | BL87: 10757 | BM87: 9080 | BN87: 8450 | BO87: 8779 | BP87: -1220.1 | BQ87: 2809 | BR87: 1835 | BS87: 4228 | BT87: 5557 | BU87: 2365 | BV87: 4358 | BW87: 2218 | BX87: 2102 | BY87: 3102.162 | BZ87: 5613.0489 | CA87: 8342.751 | CB87: 8567.0381 | CC87: 8954 | CD87: 10816 | CE87: 14438 | CF87: 15260 | CH87: =SUMIF($B$1:$CG$1,"<="&VALUE(RIGHT(CH$2,2)&IF(LEFT(CH$2,2)="1S",2,IF(LEFT(CH$2,2)="9M",3,4))),$B87:$CG87)- SUMIF($B$1:$CG$1,"<"&VALUE(RIGHT(CH$2,2))&"0",$B87:$CG87) -> 12724 | CI87: =SUMIF($B$1:$CG$1,"<="&VALUE(RIGHT(CI$2,2)&IF(LEFT(CI$2,2)="1S",2,IF(LEFT(CI$2,2)="9M",3,4))),$B87:$CG87)- SUMIF($B$1:$CG$1,"<"&VALUE(RIGHT(CI$2,2))&"0",$B87:$CG87) -> 23168 | CJ87: =SUMIF($B$1:$CG$1,"<="&VALUE(RIGHT(CJ$2,2)&IF(LEFT(CJ$2,2)="1S",2,IF(LEFT(CJ$2,2)="9M",3,4))),$B87:$CG87)- SUMIF($B$1:$CG$1,"<"&VALUE(RIGHT(CJ$2,2))&"0",$B87:$CG87) -> 38104 | CK87: =SUMIF($B$1:$CG$1,"<="&VALUE(RIGHT(CK$2,2)&IF(LEFT(CK$2,2)="1S",2,IF(LEFT(CK$2,2)="9M",3,4))),$B87:$CG87)- SUMIF($B$1:$CG$1,"<"&VALUE(RIGHT(CK$2,2))&"0",$B87:$CG87) -> 10654 | CL87: =SUMIF($B$1:$CG$1,"<="&VALUE(RIGHT(CL$2,2)&IF(LEFT(CL$2,2)="1S",2,IF(LEFT(CL$2,2)="9M",3,4))),$B87:$CG87)- SUMIF($B$1:$CG$1,"<"&VALUE(RIGHT(CL$2,2))&"0",$B87:$CG87) -> 13464 | CM87: =SUMIF($B$1:$CG$1,"<="&VALUE(RIGHT(CM$2,2)&IF(LEFT(CM$2,2)="1S",2,IF(LEFT(CM$2,2)="9M",3,4))),$B87:$CG87)- SUMIF($B$1:$CG$1,"<"&VALUE(RIGHT(CM$2,2))&"0",$B87:$CG87) -> 17268 | CN87: =SUMIF($B$1:$CG$1,"<="&VALUE(RIGHT(CN$2,2)&IF(LEFT(CN$2,2)="1S",2,IF(LEFT(CN$2,2)="9M",3,4))),$B87:$CG87)- SUMIF($B$1:$CG$1,"<"&VALUE(RIGHT(CN$2,2))&"0",$B87:$CG87) -> 4589 | CO87: =SUMIF($B$1:$CG$1,"<="&VALUE(RIGHT(CO$2,2)&IF(LEFT(CO$2,2)="1S",2,IF(LEFT(CO$2,2)="9M",3,4))),$B87:$CG87)- SUMIF($B$1:$CG$1,"<"&VALUE(RIGHT(CO$2,2))&"0",$B87:$CG87) -> 8589 | ... EL87: =SUMIF($B$1:$CG$1,"<="&VALUE(RIGHT(EL$2,2)&IF(LEFT(EL$2,2)="1S",2,IF(LEFT(EL$2,2)="9M",3,4))),$B87:$CG87)- SUMIF($B$1:$CG$1,"<"&VALUE(RIGHT(EL$2,2))&"0",$B87:$CG87) -> 49468
B88: Receita operacional bruta | C88: Gross operating revenues | D88: =IF(Menu!$D$12="PT",'Dados Financeiros'!B88,'Dados Financeiros'!C88) -> Receita operacional bruta | E88: =E86+E87 -> 68436 | F88: =F86+F87 -> 83761 | G88: =G86+G87 -> 108881 | H88: =H86+H87 -> 88077 | I88: =I86+I87 -> 92408 | J88: =J86+J87 -> 146674 | K88: =K86+K87 -> 131740 | L88: =L86+L87 -> 143247 | ... P88: =P86+P87 -> 186417 | Q88: =SUM(Q86:Q87) -> 205685 | R88: =SUM(R86:R87) -> 259736 | S88: =SUM(S86:S87) -> 369232 | T88: =SUM(T86:T87) -> 580565 | U88: =SUM(U86:U87) -> 431255 | V88: =SUM(V86:V87) -> 426732 | W88: =SUM(W86:W87) -> 409498 | X88: =SUM(X86:X87) -> 328660 | ... BN88: =SUM(BN86:BN87) -> 67295 | BO88: 26769 | BP88: =SUM(BP86:BP87) -> 18424.9 | BQ88: 48854 | BR88: =SUM(BR86:BR87) -> 41876 | BS88: 74618 | BT88: 71999 | BU88: =SUM(BU86:BU87) -> 137106 | BV88: =SUM(BV86:BV87) -> 94820 | BW88: =SUM(BW86:BW87) -> 88780 | BX88: =SUM(BX86:BX87) -> 116414 | BY88: =SUM(BY86:BY87) -> 87883.162 | BZ88: =SUM(BZ86:BZ87) -> 175761.05 | CA88: =SUM(CA86:CA87) -> 83864.751 | CB88: =SUM(CB86:CB87) -> 123117.04 | ... CF88: =SUM(CF86:CF87) -> 46729 | CH88: =SUM(CH86:CH87) -> 152197 | CI88: =SUM(CI86:CI87) -> 261078 | CJ88: =SUM(CJ86:CJ87) -> 349155 | CK88: =SUM(CK86:CK87) -> 239082 | CL88: =SUM(CL86:CL87) -> 370822 | CM88: =SUM(CM86:CM87) -> 514069 | CN88: =SUM(CN86:CN87) -> 347416 | CO88: =SUM(CO86:CO87) -> 550780 | ... EL88: =SUM(EL86:EL87) -> 214539
B90: Impostos sobre as vendas | C90: Taxes on sales | D90: =IF(Menu!$D$12="PT",'Dados Financeiros'!B90,'Dados Financeiros'!C90) -> Impostos sobre as vendas | E90: -2546 | F90: -3223 | G90: -4290 | H90: -3763 | I90: -3434 | J90: -6444 | K90: -5228 | L90: -5750 | M90: -5785 | N90: -6549 | O90: -8073 | P90: -6082 | Q90: -7435 | R90: -9269 | S90: -14521 | T90: -19602 | U90: -14395 | V90: -13456 | W90: -12838 | X90: -8596 | Y90: -9519 | Z90: -8023 | AA90: -12562 | AB90: -9869 | AC90: -9079 | AD90: =-24998-AB90-Z90 -> -7106 | AE90: 13623 | AF90: 12231 | AG90: -8898 | AH90: -8029 | AI90: -10408 | AJ90: =-37349-AI90-AH90-AG90 -> -10014 | AK90: -9046 | AL90: -9826 | AM90: -9697 | AN90: -7748 | AO90: -9562 | AP90: -8928 | AQ90: -8900 | AR90: -4780 | AS90: -5090 | AT90: -3931 | AU90: -1253 | AV90: -2128 | AW90: -3084 | AX90: -1886 | AY90: -1326 | AZ90: -2867 | BA90: -3534 | BB90: -2407 | BC90: -237 | BD90: -2048 | BE90: -1791 | BF90: -1261 | BG90: -1860 | BH90: -2571 | BI90: -1343 | BJ90: -1354 | BK90: -2003 | BL90: -1776 | BM90: -1198 | BN90: -1824 | BO90: -1342 | BP90: -1035 | BQ90: -1375 | BR90: -1310 | BS90: -2472 | BT90: -2243 | BU90: -3545 | BV90: -3684 | BW90: -2859 | BX90: -3618 | BY90: -2807 | BZ90: -5085 | CA90: -4219 | CB90: -3293 | CC90: -2672 | CD90: -2343 | CE90: -3048 | CF90: -2576 | CH90: =SUMIF($B$1:$CG$1,"<="&VALUE(RIGHT(CH$2,2)&IF(LEFT(CH$2,2)="1S",2,IF(LEFT(CH$2,2)="9M",3,4))),$B90:$CG90)- SUMIF($B$1:$CG$1,"<"&VALUE(RIGHT(CH$2,2))&"0",$B90:$CG90) -> -5769 | CI90: =SUMIF($B$1:$CG$1,"<="&VALUE(RIGHT(CI$2,2)&IF(LEFT(CI$2,2)="1S",2,IF(LEFT(CI$2,2)="9M",3,4))),$B90:$CG90)- SUMIF($B$1:$CG$1,"<"&VALUE(RIGHT(CI$2,2))&"0",$B90:$CG90) -> -10059 | CJ90: =SUMIF($B$1:$CG$1,"<="&VALUE(RIGHT(CJ$2,2)&IF(LEFT(CJ$2,2)="1S",2,IF(LEFT(CJ$2,2)="9M",3,4))),$B90:$CG90)- SUMIF($B$1:$CG$1,"<"&VALUE(RIGHT(CJ$2,2))&"0",$B90:$CG90) -> -13822 | CK90: =SUMIF($B$1:$CG$1,"<="&VALUE(RIGHT(CK$2,2)&IF(LEFT(CK$2,2)="1S",2,IF(LEFT(CK$2,2)="9M",3,4))),$B90:$CG90)- SUMIF($B$1:$CG$1,"<"&VALUE(RIGHT(CK$2,2))&"0",$B90:$CG90) -> -9878 | CL90: =SUMIF($B$1:$CG$1,"<="&VALUE(RIGHT(CL$2,2)&IF(LEFT(CL$2,2)="1S",2,IF(LEFT(CL$2,2)="9M",3,4))),$B90:$CG90)- SUMIF($B$1:$CG$1,"<"&VALUE(RIGHT(CL$2,2))&"0",$B90:$CG90) -> -15106 | CM90: =SUMIF($B$1:$CG$1,"<="&VALUE(RIGHT(CM$2,2)&IF(LEFT(CM$2,2)="1S",2,IF(LEFT(CM$2,2)="9M",3,4))),$B90:$CG90)- SUMIF($B$1:$CG$1,"<"&VALUE(RIGHT(CM$2,2))&"0",$B90:$CG90) -> -20856 | CN90: =SUMIF($B$1:$CG$1,"<="&VALUE(RIGHT(CN$2,2)&IF(LEFT(CN$2,2)="1S",2,IF(LEFT(CN$2,2)="9M",3,4))),$B90:$CG90)- SUMIF($B$1:$CG$1,"<"&VALUE(RIGHT(CN$2,2))&"0",$B90:$CG90) -> -12334 | CO90: =SUMIF($B$1:$CG$1,"<="&VALUE(RIGHT(CO$2,2)&IF(LEFT(CO$2,2)="1S",2,IF(LEFT(CO$2,2)="9M",3,4))),$B90:$CG90)- SUMIF($B$1:$CG$1,"<"&VALUE(RIGHT(CO$2,2))&"0",$B90:$CG90) -> -20407 | ... EL90: =SUMIF($B$1:$CG$1,"<="&VALUE(RIGHT(EL$2,2)&IF(LEFT(EL$2,2)="1S",2,IF(LEFT(EL$2,2)="9M",3,4))),$B90:$CG90)- SUMIF($B$1:$CG$1,"<"&VALUE(RIGHT(EL$2,2))&"0",$B90:$CG90) -> -10639
B91: Receita operacional líquida | C91: Net operating revenues | D91: =IF(Menu!$D$12="PT",'Dados Financeiros'!B91,'Dados Financeiros'!C91) -> Receita operacional líquida | E91: =E88+E90 -> 65890 | F91: =F88+F90 -> 80538 | G91: =G88+G90 -> 104591 | H91: =H88+H90 -> 84314 | I91: =I88+I90 -> 88974 | J91: =J88+J90 -> 140230 | K91: =K88+K90 -> 126512 | L91: =L88+L90 -> 137497 | ... BN91: =BN88+BN90 -> 65471 | BO91: 25427 | BP91: =BP88+BP90 -> 17389.9 | BQ91: 47479 | BR91: =BR88+BR90 -> 40566 | BS91: 72146 | BT91: 69756 | BU91: =+BU88+BU90 -> 133561 | BV91: =+BV88+BV90 -> 91136 | BW91: =+BW88+BW90 -> 85921 | BX91: =+BX88+BX90 -> 112796 | BY91: =+BY88+BY90 -> 85076.162 | BZ91: =+BZ88+BZ90 -> 170676.05 | CA91: =+CA88+CA90 -> 79645.751 | CB91: =+CB88+CB90 -> 119824.04 | ... CF91: =+CF88+CF90 -> 44153 | CH91: =CH88+CH90 -> 146428 | CI91: =CI88+CI90 -> 251019 | CJ91: =CJ88+CJ90 -> 335333 | CK91: =CK88+CK90 -> 229204 | CL91: =CL88+CL90 -> 355716 | CM91: =CM88+CM90 -> 493213 | CN91: =CN88+CN90 -> 335082 | CO91: =CO88+CO90 -> 530373 | ... EL91: =EL88+EL90 -> 203900
B93: Custo das vendas e serviços | C93: Cost of sales and services | D93: =IF(Menu!$D$12="PT",'Dados Financeiros'!B93,'Dados Financeiros'!C93) -> Custo das vendas e serviços | E93: =SUM(E94:E95) -> -40148 | F93: =SUM(F94:F95) -> -50414 | G93: =SUM(G94:G95) -> -67258 | H93: =SUM(H94:H95) -> -55785 | I93: =SUM(I94:I95) -> -57492 | J93: =SUM(J94:J95) -> -93932 | K93: =SUM(K94:K95) -> -79360 | L93: =SUM(L94:L95) -> -89483 | ... CF93: =SUM(CF94:CF95) -> -47884 | CH93: =SUMIF($B$1:$CG$1,"<="&VALUE(RIGHT(CH$2,2)&IF(LEFT(CH$2,2)="1S",2,IF(LEFT(CH$2,2)="9M",3,4))),$B93:$CG93)- SUMIF($B$1:$CG$1,"<"&VALUE(RIGHT(CH$2,2))&"0",$B93:$CG93) -> -90562 | CI93: =SUMIF($B$1:$CG$1,"<="&VALUE(RIGHT(CI$2,2)&IF(LEFT(CI$2,2)="1S",2,IF(LEFT(CI$2,2)="9M",3,4))),$B93:$CG93)- SUMIF($B$1:$CG$1,"<"&VALUE(RIGHT(CI$2,2))&"0",$B93:$CG93) -> -157820 | CJ93: =SUMIF($B$1:$CG$1,"<="&VALUE(RIGHT(CJ$2,2)&IF(LEFT(CJ$2,2)="1S",2,IF(LEFT(CJ$2,2)="9M",3,4))),$B93:$CG93)- SUMIF($B$1:$CG$1,"<"&VALUE(RIGHT(CJ$2,2))&"0",$B93:$CG93) -> -213605 | CK93: =SUMIF($B$1:$CG$1,"<="&VALUE(RIGHT(CK$2,2)&IF(LEFT(CK$2,2)="1S",2,IF(LEFT(CK$2,2)="9M",3,4))),$B93:$CG93)- SUMIF($B$1:$CG$1,"<"&VALUE(RIGHT(CK$2,2))&"0",$B93:$CG93) -> -151424 | CL93: =SUMIF($B$1:$CG$1,"<="&VALUE(RIGHT(CL$2,2)&IF(LEFT(CL$2,2)="1S",2,IF(LEFT(CL$2,2)="9M",3,4))),$B93:$CG93)- SUMIF($B$1:$CG$1,"<"&VALUE(RIGHT(CL$2,2))&"0",$B93:$CG93) -> -230784 | CM93: =SUMIF($B$1:$CG$1,"<="&VALUE(RIGHT(CM$2,2)&IF(LEFT(CM$2,2)="1S",2,IF(LEFT(CM$2,2)="9M",3,4))),$B93:$CG93)- SUMIF($B$1:$CG$1,"<"&VALUE(RIGHT(CM$2,2))&"0",$B93:$CG93) -> -320267 | CN93: =SUMIF($B$1:$CG$1,"<="&VALUE(RIGHT(CN$2,2)&IF(LEFT(CN$2,2)="1S",2,IF(LEFT(CN$2,2)="9M",3,4))),$B93:$CG93)- SUMIF($B$1:$CG$1,"<"&VALUE(RIGHT(CN$2,2))&"0",$B93:$CG93) -> -214180 | CO93: =SUMIF($B$1:$CG$1,"<="&VALUE(RIGHT(CO$2,2)&IF(LEFT(CO$2,2)="1S",2,IF(LEFT(CO$2,2)="9M",3,4))),$B93:$CG93)- SUMIF($B$1:$CG$1,"<"&VALUE(RIGHT(CO$2,2))&"0",$B93:$CG93) -> -339157 | ... EL93: =SUMIF($B$1:$CG$1,"<="&VALUE(RIGHT(EL$2,2)&IF(LEFT(EL$2,2)="1S",2,IF(LEFT(EL$2,2)="9M",3,4))),$B93:$CG93)- SUMIF($B$1:$CG$1,"<"&VALUE(RIGHT(EL$2,2))&"0",$B93:$CG93) -> -238384
B94: Custo dos imóveis vendidos | C94: Cost of real estate sold | D94: =IF(Menu!$D$12="PT",'Dados Financeiros'!B94,'Dados Financeiros'!C94) -> Custo dos imóveis vendidos | E94: -35878 | F94: -43502 | G94: -58824 | H94: -47158 | I94: -52320 | J94: -88997 | K94: -76834 | L94: -87703 | M94: -89063 | N94: -122507 | O94: -123638 | P94: -122720 | Q94: -130808 | R94: -164027 | S94: -247527 | T94: -406749 | U94: -295553 | V94: -289680 | W94: -284216 | X94: -285894 | Y94: -224170 | Z94: -186680 | AA94: -308856 | AB94: -246388 | AC94: -317818 | AD94: -255776 | AE94: -292383 | AF94: -255333 | AG94: -299985 | AH94: -329932 | AI94: -289772 | AJ94: =-1097848-129827-AI94-AH94-AG94 -> -307986 | AK94: -266199 | AL94: -317173 | AM94: -256391 | AN94: -205317 | AO94: -267570 | AP94: -232222 | AQ94: -259243 | AR94: -95599 | AS94: -127031 | AT94: -99776 | AU94: -40845 | AV94: -90769 | AW94: -107233 | AX94: -168106 | AY94: -24979 | AZ94: -85223 | BA94: -51724 | BB94: -60681 | BC94: -1947 | BD94: -71416 | BE94: -69363 | BF94: -50701 | BG94: -75861 | BH94: -118420 | BI94: -47784 | BJ94: -32294 | BK94: -60564 | BL94: -35015 | BM94: -22747 | BN94: -52822 | BO94: -21690.5 | BP94: =(-94519-5524-12619+0.11)-BO94-BN94-BM94 -> -15402.39 | BQ94: -38825 | BR94: -34585 | BS94: -56757 | BT94: -53727 | BU94: -104948 | BV94: -79310 | BW94: -81150 | BX94: -136231 | BY94: -90053 | BZ94: -172359 | CA94: -85451 | CB94: -128143 | CC94: -44072 | CD94: -54842 | CE94: -64786 | CF94: -35463 | CH94: =SUMIF($B$1:$CG$1,"<="&VALUE(RIGHT(CH$2,2)&IF(LEFT(CH$2,2)="1S",2,IF(LEFT(CH$2,2)="9M",3,4))),$B94:$CG94)- SUMIF($B$1:$CG$1,"<"&VALUE(RIGHT(CH$2,2))&"0",$B94:$CG94) -> -79380 | CI94: =SUMIF($B$1:$CG$1,"<="&VALUE(RIGHT(CI$2,2)&IF(LEFT(CI$2,2)="1S",2,IF(LEFT(CI$2,2)="9M",3,4))),$B94:$CG94)- SUMIF($B$1:$CG$1,"<"&VALUE(RIGHT(CI$2,2))&"0",$B94:$CG94) -> -138204 | CJ94: =SUMIF($B$1:$CG$1,"<="&VALUE(RIGHT(CJ$2,2)&IF(LEFT(CJ$2,2)="1S",2,IF(LEFT(CJ$2,2)="9M",3,4))),$B94:$CG94)- SUMIF($B$1:$CG$1,"<"&VALUE(RIGHT(CJ$2,2))&"0",$B94:$CG94) -> -185362 | CK94: =SUMIF($B$1:$CG$1,"<="&VALUE(RIGHT(CK$2,2)&IF(LEFT(CK$2,2)="1S",2,IF(LEFT(CK$2,2)="9M",3,4))),$B94:$CG94)- SUMIF($B$1:$CG$1,"<"&VALUE(RIGHT(CK$2,2))&"0",$B94:$CG94) -> -141317 | CL94: =SUMIF($B$1:$CG$1,"<="&VALUE(RIGHT(CL$2,2)&IF(LEFT(CL$2,2)="1S",2,IF(LEFT(CL$2,2)="9M",3,4))),$B94:$CG94)- SUMIF($B$1:$CG$1,"<"&VALUE(RIGHT(CL$2,2))&"0",$B94:$CG94) -> -218151 | CM94: =SUMIF($B$1:$CG$1,"<="&VALUE(RIGHT(CM$2,2)&IF(LEFT(CM$2,2)="1S",2,IF(LEFT(CM$2,2)="9M",3,4))),$B94:$CG94)- SUMIF($B$1:$CG$1,"<"&VALUE(RIGHT(CM$2,2))&"0",$B94:$CG94) -> -305854 | CN94: =SUMIF($B$1:$CG$1,"<="&VALUE(RIGHT(CN$2,2)&IF(LEFT(CN$2,2)="1S",2,IF(LEFT(CN$2,2)="9M",3,4))),$B94:$CG94)- SUMIF($B$1:$CG$1,"<"&VALUE(RIGHT(CN$2,2))&"0",$B94:$CG94) -> -211570 | CO94: =SUMIF($B$1:$CG$1,"<="&VALUE(RIGHT(CO$2,2)&IF(LEFT(CO$2,2)="1S",2,IF(LEFT(CO$2,2)="9M",3,4))),$B94:$CG94)- SUMIF($B$1:$CG$1,"<"&VALUE(RIGHT(CO$2,2))&"0",$B94:$CG94) -> -335208 | ... EL94: =SUMIF($B$1:$CG$1,"<="&VALUE(RIGHT(EL$2,2)&IF(LEFT(EL$2,2)="1S",2,IF(LEFT(EL$2,2)="9M",3,4))),$B94:$CG94)- SUMIF($B$1:$CG$1,"<"&VALUE(RIGHT(EL$2,2))&"0",$B94:$CG94) -> -199163
B95: Custo dos serviços prestados | C95: Cost of services rendered | D95: =IF(Menu!$D$12="PT",'Dados Financeiros'!B95,'Dados Financeiros'!C95) -> Custo dos serviços prestados | E95: -4270 | F95: -6912 | G95: -8434 | H95: -8627 | I95: -5172 | J95: -4935 | K95: -2526 | L95: -1780 | M95: -257 | N95: -2353 | O95: -1339 | P95: -319 | Q95: -221 | R95: -587 | S95: -671 | T95: -710 | U95: -578 | V95: -1490 | W95: -846 | X95: -805 | Y95: -887 | Z95: -887 | AA95: -949 | AB95: -949 | AC95: -677 | AD95: -677 | AE95: -884 | AF95: -884 | AG95: -869 | AH95: -2434 | AI95: -8766 | AJ95: =-21214-AI95-AH95-AG95 -> -9145 | AK95: -11843 | AL95: -19836 | AM95: -19690 | AN95: -16724 | AO95: -13362 | AP95: -16511 | AQ95: -12607 | AR95: -15487 | AS95: -12398 | AT95: -15295 | AU95: -11704 | AV95: -8568 | AW95: -7303 | AX95: -6812 | AY95: -5593 | AZ95: -4762 | BA95: -4237 | BB95: -4243 | BC95: -3719 | BD95: -3206 | BE95: -3525 | BF95: -3396 | BG95: -3098 | BH95: -2613 | BI95: -3524 | BJ95: -3386 | BK95: -4302 | BL95: -3462 | BM95: -4584 | BN95: -5990 | BO95: -5615 | BP95: =-20098-BO95-BN95-BM95 -> -3909 | BQ95: -3569 | BR95: -4106 | BS95: -5024 | BT95: -5530 | BU95: 143 | BV95: 2640 | BW95: -1954 | BX95: -1737 | BY95: -2793.162 | BZ95: -3998.0489 | CA95: -5520.751 | CB95: -5192.0381 | CC95: -7352 | CD95: -6162 | CE95: -13286 | CF95: -12421 | CH95: =SUMIF($B$1:$CG$1,"<="&VALUE(RIGHT(CH$2,2)&IF(LEFT(CH$2,2)="1S",2,IF(LEFT(CH$2,2)="9M",3,4))),$B95:$CG95)- SUMIF($B$1:$CG$1,"<"&VALUE(RIGHT(CH$2,2))&"0",$B95:$CG95) -> -11182 | CI95: =SUMIF($B$1:$CG$1,"<="&VALUE(RIGHT(CI$2,2)&IF(LEFT(CI$2,2)="1S",2,IF(LEFT(CI$2,2)="9M",3,4))),$B95:$CG95)- SUMIF($B$1:$CG$1,"<"&VALUE(RIGHT(CI$2,2))&"0",$B95:$CG95) -> -19616 | CJ95: =SUMIF($B$1:$CG$1,"<="&VALUE(RIGHT(CJ$2,2)&IF(LEFT(CJ$2,2)="1S",2,IF(LEFT(CJ$2,2)="9M",3,4))),$B95:$CG95)- SUMIF($B$1:$CG$1,"<"&VALUE(RIGHT(CJ$2,2))&"0",$B95:$CG95) -> -28243 | CK95: =SUMIF($B$1:$CG$1,"<="&VALUE(RIGHT(CK$2,2)&IF(LEFT(CK$2,2)="1S",2,IF(LEFT(CK$2,2)="9M",3,4))),$B95:$CG95)- SUMIF($B$1:$CG$1,"<"&VALUE(RIGHT(CK$2,2))&"0",$B95:$CG95) -> -10107 | CL95: =SUMIF($B$1:$CG$1,"<="&VALUE(RIGHT(CL$2,2)&IF(LEFT(CL$2,2)="1S",2,IF(LEFT(CL$2,2)="9M",3,4))),$B95:$CG95)- SUMIF($B$1:$CG$1,"<"&VALUE(RIGHT(CL$2,2))&"0",$B95:$CG95) -> -12633 | CM95: =SUMIF($B$1:$CG$1,"<="&VALUE(RIGHT(CM$2,2)&IF(LEFT(CM$2,2)="1S",2,IF(LEFT(CM$2,2)="9M",3,4))),$B95:$CG95)- SUMIF($B$1:$CG$1,"<"&VALUE(RIGHT(CM$2,2))&"0",$B95:$CG95) -> -14413 | CN95: =SUMIF($B$1:$CG$1,"<="&VALUE(RIGHT(CN$2,2)&IF(LEFT(CN$2,2)="1S",2,IF(LEFT(CN$2,2)="9M",3,4))),$B95:$CG95)- SUMIF($B$1:$CG$1,"<"&VALUE(RIGHT(CN$2,2))&"0",$B95:$CG95) -> -2610 | CO95: =SUMIF($B$1:$CG$1,"<="&VALUE(RIGHT(CO$2,2)&IF(LEFT(CO$2,2)="1S",2,IF(LEFT(CO$2,2)="9M",3,4))),$B95:$CG95)- SUMIF($B$1:$CG$1,"<"&VALUE(RIGHT(CO$2,2))&"0",$B95:$CG95) -> -3949 | ... EL95: =SUMIF($B$1:$CG$1,"<="&VALUE(RIGHT(EL$2,2)&IF(LEFT(EL$2,2)="1S",2,IF(LEFT(EL$2,2)="9M",3,4))),$B95:$CG95)- SUMIF($B$1:$CG$1,"<"&VALUE(RIGHT(EL$2,2))&"0",$B95:$CG95) -> -39221
B96: Lucro bruto | C96: Gross income | D96: =IF(Menu!$D$12="PT",'Dados Financeiros'!B96,'Dados Financeiros'!C96) -> Lucro bruto | E96: =E91+E93 -> 25742 | F96: =F91+F93 -> 30124 | G96: =G91+G93 -> 37333 | H96: =H91+H93 -> 28529 | I96: =I91+I93 -> 31482 | J96: =J91+J93 -> 46298 | K96: =K91+K93 -> 47152 | L96: =L91+L93 -> 48014 | ... BN96: =BN91+BN93 -> 6659 | BO96: -1878.5 | BP96: =BP91+BP93 -> -1921.49 | BQ96: 5085 | BR96: =BR91+BR93 -> 1875 | BS96: 10365 | BT96: 10499 | BU96: 28756 | BV96: 14466 | BW96: 2817 | BX96: =+BX91+BX93 -> -25172 | BY96: =+BY91+BY93 -> -7770 | BZ96: =+BZ91+BZ93 -> -5681 | CA96: =+CA91+CA93 -> -11326 | CB96: =+CB91+CB93 -> -13511 | CC96: =+CC91+CC93 -> -4532 | CD96: =+CD91+CD93 -> -29635 | CE96: =+CE91+CE93 -> 3414 | CF96: =+CF91+CF93 -> -3731 | CH96: =SUMIF($B$1:$CG$1,"<="&VALUE(RIGHT(CH$2,2)&IF(LEFT(CH$2,2)="1S",2,IF(LEFT(CH$2,2)="9M",3,4))),$B96:$CG96)- SUMIF($B$1:$CG$1,"<"&VALUE(RIGHT(CH$2,2))&"0",$B96:$CG96) -> 55866 | CI96: =SUMIF($B$1:$CG$1,"<="&VALUE(RIGHT(CI$2,2)&IF(LEFT(CI$2,2)="1S",2,IF(LEFT(CI$2,2)="9M",3,4))),$B96:$CG96)- SUMIF($B$1:$CG$1,"<"&VALUE(RIGHT(CI$2,2))&"0",$B96:$CG96) -> 93199 | CJ96: =SUMIF($B$1:$CG$1,"<="&VALUE(RIGHT(CJ$2,2)&IF(LEFT(CJ$2,2)="1S",2,IF(LEFT(CJ$2,2)="9M",3,4))),$B96:$CG96)- SUMIF($B$1:$CG$1,"<"&VALUE(RIGHT(CJ$2,2))&"0",$B96:$CG96) -> 121728 | CK96: =SUMIF($B$1:$CG$1,"<="&VALUE(RIGHT(CK$2,2)&IF(LEFT(CK$2,2)="1S",2,IF(LEFT(CK$2,2)="9M",3,4))),$B96:$CG96)- SUMIF($B$1:$CG$1,"<"&VALUE(RIGHT(CK$2,2))&"0",$B96:$CG96) -> 77780 | CL96: =SUMIF($B$1:$CG$1,"<="&VALUE(RIGHT(CL$2,2)&IF(LEFT(CL$2,2)="1S",2,IF(LEFT(CL$2,2)="9M",3,4))),$B96:$CG96)- SUMIF($B$1:$CG$1,"<"&VALUE(RIGHT(CL$2,2))&"0",$B96:$CG96) -> 124932 | CM96: =SUMIF($B$1:$CG$1,"<="&VALUE(RIGHT(CM$2,2)&IF(LEFT(CM$2,2)="1S",2,IF(LEFT(CM$2,2)="9M",3,4))),$B96:$CG96)- SUMIF($B$1:$CG$1,"<"&VALUE(RIGHT(CM$2,2))&"0",$B96:$CG96) -> 172946 | CN96: =SUMIF($B$1:$CG$1,"<="&VALUE(RIGHT(CN$2,2)&IF(LEFT(CN$2,2)="1S",2,IF(LEFT(CN$2,2)="9M",3,4))),$B96:$CG96)- SUMIF($B$1:$CG$1,"<"&VALUE(RIGHT(CN$2,2))&"0",$B96:$CG96) -> 120902 | CO96: =SUMIF($B$1:$CG$1,"<="&VALUE(RIGHT(CO$2,2)&IF(LEFT(CO$2,2)="1S",2,IF(LEFT(CO$2,2)="9M",3,4))),$B96:$CG96)- SUMIF($B$1:$CG$1,"<"&VALUE(RIGHT(CO$2,2))&"0",$B96:$CG96) -> 191216 | ... EL96: =SUMIF($B$1:$CG$1,"<="&VALUE(RIGHT(EL$2,2)&IF(LEFT(EL$2,2)="1S",2,IF(LEFT(EL$2,2)="9M",3,4))),$B96:$CG96)- SUMIF($B$1:$CG$1,"<"&VALUE(RIGHT(EL$2,2))&"0",$B96:$CG96) -> -34484
B98: Receitas (despesas) operacionais | C98: Operating revenues (expenses) | D98: =IF(Menu!$D$12="PT",'Dados Financeiros'!B98,'Dados Financeiros'!C98) -> Receitas (despesas) operacionais | E98: =SUM(E99:E103) -> -11482 | F98: =SUM(F99:F103) -> -17227 | G98: =SUM(G99:G103) -> -18038 | H98: =SUM(H99:H103) -> -33299 | I98: =SUM(I99:I103) -> -1939 | J98: =SUM(J99:J103) -> -27660 | K98: =SUM(K99:K103) -> -38088 | L98: =SUM(L99:L103) -> -40598 | ... BN98: =SUM(BN99:BN103) -> -47751 | BO98: -24451 | BP98: =SUM(BP99:BP103) -> -44840 | BQ98: -2508 | BR98: -6339 | BS98: -6147 | BT98: 9841 | BU98: -19216 | BV98: -5028 | BW98: -5783 | BX98: =SUM(BX99:BX103) -> -25233 | BY98: =SUM(BY99:BY103) -> -3234 | BZ98: =SUM(BZ99:BZ103) -> -16875 | CA98: =SUM(CA99:CA103) -> -16147 | CB98: =SUM(CB99:CB103) -> -32885 | CC98: =SUM(CC99:CC103) -> 8411 | CD98: =SUM(CD99:CD103) -> -14480 | CE98: =SUM(CE99:CE103) -> 5902 | CF98: =SUM(CF99:CF103) -> -462 | CH98: =SUMIF($B$1:$CG$1,"<="&VALUE(RIGHT(CH$2,2)&IF(LEFT(CH$2,2)="1S",2,IF(LEFT(CH$2,2)="9M",3,4))),$B98:$CG98)- SUMIF($B$1:$CG$1,"<"&VALUE(RIGHT(CH$2,2))&"0",$B98:$CG98) -> -28709 | CI98: =SUMIF($B$1:$CG$1,"<="&VALUE(RIGHT(CI$2,2)&IF(LEFT(CI$2,2)="1S",2,IF(LEFT(CI$2,2)="9M",3,4))),$B98:$CG98)- SUMIF($B$1:$CG$1,"<"&VALUE(RIGHT(CI$2,2))&"0",$B98:$CG98) -> -46747 | CJ98: =SUMIF($B$1:$CG$1,"<="&VALUE(RIGHT(CJ$2,2)&IF(LEFT(CJ$2,2)="1S",2,IF(LEFT(CJ$2,2)="9M",3,4))),$B98:$CG98)- SUMIF($B$1:$CG$1,"<"&VALUE(RIGHT(CJ$2,2))&"0",$B98:$CG98) -> -80046 | CK98: =SUMIF($B$1:$CG$1,"<="&VALUE(RIGHT(CK$2,2)&IF(LEFT(CK$2,2)="1S",2,IF(LEFT(CK$2,2)="9M",3,4))),$B98:$CG98)- SUMIF($B$1:$CG$1,"<"&VALUE(RIGHT(CK$2,2))&"0",$B98:$CG98) -> -29599 | CL98: =SUMIF($B$1:$CG$1,"<="&VALUE(RIGHT(CL$2,2)&IF(LEFT(CL$2,2)="1S",2,IF(LEFT(CL$2,2)="9M",3,4))),$B98:$CG98)- SUMIF($B$1:$CG$1,"<"&VALUE(RIGHT(CL$2,2))&"0",$B98:$CG98) -> -67687 | CM98: =SUMIF($B$1:$CG$1,"<="&VALUE(RIGHT(CM$2,2)&IF(LEFT(CM$2,2)="1S",2,IF(LEFT(CM$2,2)="9M",3,4))),$B98:$CG98)- SUMIF($B$1:$CG$1,"<"&VALUE(RIGHT(CM$2,2))&"0",$B98:$CG98) -> -108285 | CN98: =SUMIF($B$1:$CG$1,"<="&VALUE(RIGHT(CN$2,2)&IF(LEFT(CN$2,2)="1S",2,IF(LEFT(CN$2,2)="9M",3,4))),$B98:$CG98)- SUMIF($B$1:$CG$1,"<"&VALUE(RIGHT(CN$2,2))&"0",$B98:$CG98) -> -57653 | CO98: =SUMIF($B$1:$CG$1,"<="&VALUE(RIGHT(CO$2,2)&IF(LEFT(CO$2,2)="1S",2,IF(LEFT(CO$2,2)="9M",3,4))),$B98:$CG98)- SUMIF($B$1:$CG$1,"<"&VALUE(RIGHT(CO$2,2))&"0",$B98:$CG98) -> -88245 | ... EL98: =SUMIF($B$1:$CG$1,"<="&VALUE(RIGHT(EL$2,2)&IF(LEFT(EL$2,2)="1S",2,IF(LEFT(EL$2,2)="9M",3,4))),$B98:$CG98)- SUMIF($B$1:$CG$1,"<"&VALUE(RIGHT(EL$2,2))&"0",$B98:$CG98) -> -629
B99: Vendas | C99: Selling | D99: =IF(Menu!$D$12="PT",'Dados Financeiros'!B99,'Dados Financeiros'!C99) -> Vendas | E99: -3326 | F99: -6155 | G99: -8579 | H99: -17354 | I99: -9836 | J99: -14787 | K99: -20448 | L99: =-15667 -> -15667 | M99: =-9103-2381 -> -11484 | N99: =-14773 -> -14773 | O99: -12345 | P99: -9039 | Q99: -9565 | R99: -13112 | S99: -17771 | T99: -26472 | U99: -21784 | V99: -27744 | W99: -17131 | X99: -21898 | Y99: -18036 | Z99: -15428 | AA99: -18435 | AB99: -14245 | AC99: -22602 | AD99: =-47522-AB99-Z99 -> -17849 | AE99: -32071 | AF99: -29520 | AG99: -18288 | AH99: -23225 | AI99: -20561 | AJ99: -20509 | AK99: -14856 | AL99: -22184 | AM99: -12985 | AN99: -11144 | AO99: -9648 | AP99: -14029 | AQ99: -16487 | AR99: -10845 | AS99: -8085 | AT99: -8353 | AU99: -8024 | AV99: -10290 | AW99: -6981 | AX99: -9845 | AY99: -9818 | AZ99: -7173 | BA99: -3924 | BB99: -6574 | BC99: -3926 | BD99: -5775 | BE99: -3543 | BF99: -5628 | BG99: -5278 | BH99: -5841 | BI99: -4652 | BJ99: -3261 | BK99: -4740 | BL99: -5624 | BM99: -6786 | BN99: -6283 | BO99: -9028 | BP99: -10328 | BQ99: -5902 | BR99: -8995 | BS99: -7119 | BT99: -7541 | BU99: -7544 | BV99: -6587 | BW99: -5296 | BX99: -7934 | BY99: -5500 | BZ99: -5367 | CA99: -6779 | CB99: -5127 | CC99: -3236 | CD99: -3452 | CE99: -4227 | CF99: -2264 | CH99: =SUMIF($B$1:$CG$1,"<="&VALUE(RIGHT(CH$2,2)&IF(LEFT(CH$2,2)="1S",2,IF(LEFT(CH$2,2)="9M",3,4))),$B99:$CG99)- SUMIF($B$1:$CG$1,"<"&VALUE(RIGHT(CH$2,2))&"0",$B99:$CG99) -> -9481 | CI99: =SUMIF($B$1:$CG$1,"<="&VALUE(RIGHT(CI$2,2)&IF(LEFT(CI$2,2)="1S",2,IF(LEFT(CI$2,2)="9M",3,4))),$B99:$CG99)- SUMIF($B$1:$CG$1,"<"&VALUE(RIGHT(CI$2,2))&"0",$B99:$CG99) -> -18060 | CJ99: =SUMIF($B$1:$CG$1,"<="&VALUE(RIGHT(CJ$2,2)&IF(LEFT(CJ$2,2)="1S",2,IF(LEFT(CJ$2,2)="9M",3,4))),$B99:$CG99)- SUMIF($B$1:$CG$1,"<"&VALUE(RIGHT(CJ$2,2))&"0",$B99:$CG99) -> -35414 | CK99: =SUMIF($B$1:$CG$1,"<="&VALUE(RIGHT(CK$2,2)&IF(LEFT(CK$2,2)="1S",2,IF(LEFT(CK$2,2)="9M",3,4))),$B99:$CG99)- SUMIF($B$1:$CG$1,"<"&VALUE(RIGHT(CK$2,2))&"0",$B99:$CG99) -> -24623 | CL99: =SUMIF($B$1:$CG$1,"<="&VALUE(RIGHT(CL$2,2)&IF(LEFT(CL$2,2)="1S",2,IF(LEFT(CL$2,2)="9M",3,4))),$B99:$CG99)- SUMIF($B$1:$CG$1,"<"&VALUE(RIGHT(CL$2,2))&"0",$B99:$CG99) -> -45071 | CM99: =SUMIF($B$1:$CG$1,"<="&VALUE(RIGHT(CM$2,2)&IF(LEFT(CM$2,2)="1S",2,IF(LEFT(CM$2,2)="9M",3,4))),$B99:$CG99)- SUMIF($B$1:$CG$1,"<"&VALUE(RIGHT(CM$2,2))&"0",$B99:$CG99) -> -60738 | CN99: =SUMIF($B$1:$CG$1,"<="&VALUE(RIGHT(CN$2,2)&IF(LEFT(CN$2,2)="1S",2,IF(LEFT(CN$2,2)="9M",3,4))),$B99:$CG99)- SUMIF($B$1:$CG$1,"<"&VALUE(RIGHT(CN$2,2))&"0",$B99:$CG99) -> -26257 | CO99: =SUMIF($B$1:$CG$1,"<="&VALUE(RIGHT(CO$2,2)&IF(LEFT(CO$2,2)="1S",2,IF(LEFT(CO$2,2)="9M",3,4))),$B99:$CG99)- SUMIF($B$1:$CG$1,"<"&VALUE(RIGHT(CO$2,2))&"0",$B99:$CG99) -> -38602 | ... EL99: =SUMIF($B$1:$CG$1,"<="&VALUE(RIGHT(EL$2,2)&IF(LEFT(EL$2,2)="1S",2,IF(LEFT(EL$2,2)="9M",3,4))),$B99:$CG99)- SUMIF($B$1:$CG$1,"<"&VALUE(RIGHT(EL$2,2))&"0",$B99:$CG99) -> -13179
B100: Gerais e administrativas | C100: General and administrative | D100: =IF(Menu!$D$12="PT",'Dados Financeiros'!B100,'Dados Financeiros'!C100) -> Gerais e administrativas | E100: -7852 | F100: -9912 | G100: -9641 | H100: -12241 | I100: -11170 | J100: -15859 | K100: -16085 | L100: -21564 | M100: =-13107-996 -> -14103 | N100: -19001 | O100: -17999 | P100: -18796 | Q100: -15303 | R100: -19341 | S100: -19777 | T100: -28086 | U100: -23266 | V100: -26226 | W100: -29929 | X100: -32360 | Y100: -34268 | Z100: -33329 | AA100: -35352 | AB100: -34843 | AC100: -35543 | AD100: =-103235-AB100-Z100 -> -35063 | AE100: -48993 | AF100: -48060 | AG100: -34921 | AH100: -38977 | AI100: -43263 | AJ100: -42898 | AK100: -35263 | AL100: -39296 | AM100: -41837 | AN100: -41714 | AO100: -39878 | AP100: -38329 | AQ100: -33114 | AR100: -28094 | AS100: -25664 | AT100: -25069 | AU100: -27525 | AV100: -24350 | AW100: -21720 | AX100: -16289 | AY100: -14191 | AZ100: -16026 | BA100: -12889 | BB100: -12847 | BC100: -12524 | BD100: -12069 | BE100: -11069 | BF100: -12680 | BG100: -11459 | BH100: -12613 | BI100: -11659 | BJ100: -11588 | BK100: -12499 | BL100: -12717 | BM100: -13562 | BN100: -11225 | BO100: -12967 | BP100: -13203 | BQ100: -10072 | BR100: -11362 | BS100: -9811 | BT100: -11720 | BU100: -9767 | BV100: -5447 | BW100: -8772 | BX100: -10957 | BY100: -9525 | BZ100: -10017 | CA100: -10090 | CB100: -8893 | CC100: -9010 | CD100: -8648 | CE100: -8115 | CF100: -8808 | CH100: =SUMIF($B$1:$CG$1,"<="&VALUE(RIGHT(CH$2,2)&IF(LEFT(CH$2,2)="1S",2,IF(LEFT(CH$2,2)="9M",3,4))),$B100:$CG100)- SUMIF($B$1:$CG$1,"<"&VALUE(RIGHT(CH$2,2))&"0",$B100:$CG100) -> -17764 | CI100: =SUMIF($B$1:$CG$1,"<="&VALUE(RIGHT(CI$2,2)&IF(LEFT(CI$2,2)="1S",2,IF(LEFT(CI$2,2)="9M",3,4))),$B100:$CG100)- SUMIF($B$1:$CG$1,"<"&VALUE(RIGHT(CI$2,2))&"0",$B100:$CG100) -> -27405 | CJ100: =SUMIF($B$1:$CG$1,"<="&VALUE(RIGHT(CJ$2,2)&IF(LEFT(CJ$2,2)="1S",2,IF(LEFT(CJ$2,2)="9M",3,4))),$B100:$CG100)- SUMIF($B$1:$CG$1,"<"&VALUE(RIGHT(CJ$2,2))&"0",$B100:$CG100) -> -39646 | CK100: =SUMIF($B$1:$CG$1,"<="&VALUE(RIGHT(CK$2,2)&IF(LEFT(CK$2,2)="1S",2,IF(LEFT(CK$2,2)="9M",3,4))),$B100:$CG100)- SUMIF($B$1:$CG$1,"<"&VALUE(RIGHT(CK$2,2))&"0",$B100:$CG100) -> -27029 | CL100: =SUMIF($B$1:$CG$1,"<="&VALUE(RIGHT(CL$2,2)&IF(LEFT(CL$2,2)="1S",2,IF(LEFT(CL$2,2)="9M",3,4))),$B100:$CG100)- SUMIF($B$1:$CG$1,"<"&VALUE(RIGHT(CL$2,2))&"0",$B100:$CG100) -> -43114 | CM100: =SUMIF($B$1:$CG$1,"<="&VALUE(RIGHT(CM$2,2)&IF(LEFT(CM$2,2)="1S",2,IF(LEFT(CM$2,2)="9M",3,4))),$B100:$CG100)- SUMIF($B$1:$CG$1,"<"&VALUE(RIGHT(CM$2,2))&"0",$B100:$CG100) -> -64678 | CN100: =SUMIF($B$1:$CG$1,"<="&VALUE(RIGHT(CN$2,2)&IF(LEFT(CN$2,2)="1S",2,IF(LEFT(CN$2,2)="9M",3,4))),$B100:$CG100)- SUMIF($B$1:$CG$1,"<"&VALUE(RIGHT(CN$2,2))&"0",$B100:$CG100) -> -33104 | CO100: =SUMIF($B$1:$CG$1,"<="&VALUE(RIGHT(CO$2,2)&IF(LEFT(CO$2,2)="1S",2,IF(LEFT(CO$2,2)="9M",3,4))),$B100:$CG100)- SUMIF($B$1:$CG$1,"<"&VALUE(RIGHT(CO$2,2))&"0",$B100:$CG100) -> -51103 | ... EL100: =SUMIF($B$1:$CG$1,"<="&VALUE(RIGHT(EL$2,2)&IF(LEFT(EL$2,2)="1S",2,IF(LEFT(EL$2,2)="9M",3,4))),$B100:$CG100)- SUMIF($B$1:$CG$1,"<"&VALUE(RIGHT(EL$2,2))&"0",$B100:$CG100) -> -34581
B101: Honorários da administração | C101: Management fee | D101: =IF(Menu!$D$12="PT",'Dados Financeiros'!B101,'Dados Financeiros'!C101) -> Honorários da administração | E101: -760 | F101: -1647 | G101: -638 | H101: -794 | I101: -1345 | J101: -2203 | K101: -1475 | L101: -2125 | M101: -1701 | N101: -2475 | O101: -2197 | P101: -1727 | Q101: -1982 | R101: -2583 | S101: -2063 | T101: -8108 | U101: -3668 | V101: -3945 | W101: -2465 | X101: -2371 | Y101: -2445 | Z101: -2443 | AA101: -2383 | AB101: -2378 | AC101: -2477 | AD101: =-7292-AB101-Z101 -> -2471 | AE101: -7474 | AF101: -7481 | AG101: -5603 | AH101: -5747 | AI101: -4133 | AJ101: -4683 | AK101: -6612 | AL101: -5817 | AM101: -5673 | AN101: -5467 | AO101: -5434 | AP101: -7299 | AQ101: -8179 | AR101: -4799 | AS101: -2391 | AT101: -3403 | AU101: -2629 | AV101: -1779 | AW101: -2266 | AX101: -2214 | AY101: -2228 | AZ101: -865 | BA101: -2358 | BB101: -2366 | BC101: -2379 | BD101: -3090 | BE101: -3222 | BF101: -4261 | BG101: -4101 | BH101: -4082 | BI101: -4005 | BJ101: -4253 | BK101: -4869 | BL101: -4100 | BM101: -4939 | BN101: 595 | BO101: -3974 | BP101: -5239 | BQ101: -3390 | BR101: -2700 | BS101: -2862 | BT101: -12496 | BU101: -2934 | BV101: -3269 | BW101: -4101 | BX101: -13422 | BY101: -3805 | BZ101: -3983 | CA101: -3740 | CB101: -4802 | CC101: -5950 | CD101: -3171 | CE101: -3783 | CF101: -4686 | CH101: =SUMIF($B$1:$CG$1,"<="&VALUE(RIGHT(CH$2,2)&IF(LEFT(CH$2,2)="1S",2,IF(LEFT(CH$2,2)="9M",3,4))),$B101:$CG101)- SUMIF($B$1:$CG$1,"<"&VALUE(RIGHT(CH$2,2))&"0",$B101:$CG101) -> -2407 | CI101: =SUMIF($B$1:$CG$1,"<="&VALUE(RIGHT(CI$2,2)&IF(LEFT(CI$2,2)="1S",2,IF(LEFT(CI$2,2)="9M",3,4))),$B101:$CG101)- SUMIF($B$1:$CG$1,"<"&VALUE(RIGHT(CI$2,2))&"0",$B101:$CG101) -> -3045 | CJ101: =SUMIF($B$1:$CG$1,"<="&VALUE(RIGHT(CJ$2,2)&IF(LEFT(CJ$2,2)="1S",2,IF(LEFT(CJ$2,2)="9M",3,4))),$B101:$CG101)- SUMIF($B$1:$CG$1,"<"&VALUE(RIGHT(CJ$2,2))&"0",$B101:$CG101) -> -3839 | CK101: =SUMIF($B$1:$CG$1,"<="&VALUE(RIGHT(CK$2,2)&IF(LEFT(CK$2,2)="1S",2,IF(LEFT(CK$2,2)="9M",3,4))),$B101:$CG101)- SUMIF($B$1:$CG$1,"<"&VALUE(RIGHT(CK$2,2))&"0",$B101:$CG101) -> -3548 | CL101: =SUMIF($B$1:$CG$1,"<="&VALUE(RIGHT(CL$2,2)&IF(LEFT(CL$2,2)="1S",2,IF(LEFT(CL$2,2)="9M",3,4))),$B101:$CG101)- SUMIF($B$1:$CG$1,"<"&VALUE(RIGHT(CL$2,2))&"0",$B101:$CG101) -> -5023 | CM101: =SUMIF($B$1:$CG$1,"<="&VALUE(RIGHT(CM$2,2)&IF(LEFT(CM$2,2)="1S",2,IF(LEFT(CM$2,2)="9M",3,4))),$B101:$CG101)- SUMIF($B$1:$CG$1,"<"&VALUE(RIGHT(CM$2,2))&"0",$B101:$CG101) -> -7148 | CN101: =SUMIF($B$1:$CG$1,"<="&VALUE(RIGHT(CN$2,2)&IF(LEFT(CN$2,2)="1S",2,IF(LEFT(CN$2,2)="9M",3,4))),$B101:$CG101)- SUMIF($B$1:$CG$1,"<"&VALUE(RIGHT(CN$2,2))&"0",$B101:$CG101) -> -4176 | CO101: =SUMIF($B$1:$CG$1,"<="&VALUE(RIGHT(CO$2,2)&IF(LEFT(CO$2,2)="1S",2,IF(LEFT(CO$2,2)="9M",3,4))),$B101:$CG101)- SUMIF($B$1:$CG$1,"<"&VALUE(RIGHT(CO$2,2))&"0",$B101:$CG101) -> -6373 | ... EL101: =SUMIF($B$1:$CG$1,"<="&VALUE(RIGHT(EL$2,2)&IF(LEFT(EL$2,2)="1S",2,IF(LEFT(EL$2,2)="9M",3,4))),$B101:$CG101)- SUMIF($B$1:$CG$1,"<"&VALUE(RIGHT(EL$2,2))&"0",$B101:$CG101) -> -17590
B102: Equivalência Patrimonial | C102: Equity in subsidiaries | D102: =IF(Menu!$D$12="PT",'Dados Financeiros'!B102,'Dados Financeiros'!C102) -> Equivalência Patrimonial | E102: 0 | F102: 0 | G102: 0 | H102: 0 | I102: 0 | J102: 0 | K102: 0 | L102: 0 | M102: 0 | N102: 0 | O102: 0 | P102: 0 | Q102: 0 | R102: 0 | S102: 0 | T102: 0 | U102: 0 | V102: 0 | W102: 0 | X102: 0 | Y102: 0 | Z102: -6622 | AA102: 0 | AB102: 9871 | AC102: 0 | AD102: =3187-AB102-Z102 -> -62 | AE102: 0 | AF102: 421 | AG102: 11384 | AH102: 15305 | AI102: 14872 | AJ102: 19640 | AK102: 10192 | AL102: 3624 | AM102: 12128 | AN102: 4257 | AO102: 6144 | AP102: 1687 | AQ102: 2679 | AR102: -25149 | AS102: 19496 | AT102: -23395 | AU102: -9257 | AV102: -37598 | AW102: -8010 | AX102: -8687 | AY102: -4264 | AZ102: 10115 | BA102: 956 | BB102: 8636 | BC102: -9643 | BD102: -1986 | BE102: 11395 | BF102: 7672 | BG102: 13988 | BH102: 10490 | BI102: 8125 | BJ102: 1459 | BK102: 15827 | BL102: 20011 | BM102: 14300 | BN102: 16329 | BO102: 1778 | BP102: 544 | BQ102: 19500 | BR102: 9080 | BS102: 3760 | BT102: -3565 | BU102: 1330 | BV102: 4579 | BW102: 5190 | BX102: 12402 | BY102: 5646 | BZ102: 14627 | CA102: 14370 | CB102: 25045 | CC102: 27069 | CD102: 9032 | CE102: 29173 | CF102: 41285 | CH102: =SUMIF($B$1:$CG$1,"<="&VALUE(RIGHT(CH$2,2)&IF(LEFT(CH$2,2)="1S",2,IF(LEFT(CH$2,2)="9M",3,4))),$B102:$CG102)- SUMIF($B$1:$CG$1,"<"&VALUE(RIGHT(CH$2,2))&"0",$B102:$CG102) -> 0 | CI102: =SUMIF($B$1:$CG$1,"<="&VALUE(RIGHT(CI$2,2)&IF(LEFT(CI$2,2)="1S",2,IF(LEFT(CI$2,2)="9M",3,4))),$B102:$CG102)- SUMIF($B$1:$CG$1,"<"&VALUE(RIGHT(CI$2,2))&"0",$B102:$CG102) -> 0 | CJ102: =SUMIF($B$1:$CG$1,"<="&VALUE(RIGHT(CJ$2,2)&IF(LEFT(CJ$2,2)="1S",2,IF(LEFT(CJ$2,2)="9M",3,4))),$B102:$CG102)- SUMIF($B$1:$CG$1,"<"&VALUE(RIGHT(CJ$2,2))&"0",$B102:$CG102) -> 0 | CK102: =SUMIF($B$1:$CG$1,"<="&VALUE(RIGHT(CK$2,2)&IF(LEFT(CK$2,2)="1S",2,IF(LEFT(CK$2,2)="9M",3,4))),$B102:$CG102)- SUMIF($B$1:$CG$1,"<"&VALUE(RIGHT(CK$2,2))&"0",$B102:$CG102) -> 0 | CL102: =SUMIF($B$1:$CG$1,"<="&VALUE(RIGHT(CL$2,2)&IF(LEFT(CL$2,2)="1S",2,IF(LEFT(CL$2,2)="9M",3,4))),$B102:$CG102)- SUMIF($B$1:$CG$1,"<"&VALUE(RIGHT(CL$2,2))&"0",$B102:$CG102) -> 0 | CM102: =SUMIF($B$1:$CG$1,"<="&VALUE(RIGHT(CM$2,2)&IF(LEFT(CM$2,2)="1S",2,IF(LEFT(CM$2,2)="9M",3,4))),$B102:$CG102)- SUMIF($B$1:$CG$1,"<"&VALUE(RIGHT(CM$2,2))&"0",$B102:$CG102) -> 0 | CN102: =SUMIF($B$1:$CG$1,"<="&VALUE(RIGHT(CN$2,2)&IF(LEFT(CN$2,2)="1S",2,IF(LEFT(CN$2,2)="9M",3,4))),$B102:$CG102)- SUMIF($B$1:$CG$1,"<"&VALUE(RIGHT(CN$2,2))&"0",$B102:$CG102) -> 0 | CO102: =SUMIF($B$1:$CG$1,"<="&VALUE(RIGHT(CO$2,2)&IF(LEFT(CO$2,2)="1S",2,IF(LEFT(CO$2,2)="9M",3,4))),$B102:$CG102)- SUMIF($B$1:$CG$1,"<"&VALUE(RIGHT(CO$2,2))&"0",$B102:$CG102) -> 0 | ... EL102: =SUMIF($B$1:$CG$1,"<="&VALUE(RIGHT(EL$2,2)&IF(LEFT(EL$2,2)="1S",2,IF(LEFT(EL$2,2)="9M",3,4))),$B102:$CG102)- SUMIF($B$1:$CG$1,"<"&VALUE(RIGHT(EL$2,2))&"0",$B102:$CG102) -> 106559
B103: Outras receitas (despesas) operacionais | C103: Other operating revenues (expenses) | D103: =IF(Menu!$D$12="PT",'Dados Financeiros'!B103,'Dados Financeiros'!C103) -> Outras receitas (despesas) operacionais | E103: 456 | F103: 487 | G103: =820 -> 820 | H103: -2910 | I103: 20412 | J103: 5189 | K103: -80 | L103: -1242 | M103: -568 | N103: 6452 | O103: 1949 | P103: 835 | Q103: -1209 | R103: -390 | S103: -4471 | T103: -1748 | U103: -4406 | V103: -438 | W103: -4579 | X103: -16038 | Y103: -7201 | Z103: 3906 | AA103: -12991 | AB103: -6951 | AC103: -48951 | AD103: -32224 | AE103: -24689 | AF103: -24115 | AG103: -8 | AH103: -6619 | AI103: -8335 | AJ103: -7383 | AK103: -13761 | AL103: -12326 | AM103: -11181 | AN103: -14105 | AO103: -18389 | AP103: -24410 | AQ103: -27603 | AR103: 224121 | AS103: -7022 | AT103: -19984 | AU103: -19180 | AV103: -142864 | AW103: -8587 | AX103: -33630 | AY103: -77696 | AZ103: -121990 | BA103: -22297 | BB103: -43419 | BC103: -6609 | BD103: -28149 | BE103: -22111 | BF103: -106475 | BG103: -32195 | BH103: -42726 | BI103: -32975 | BJ103: -19726 | BK103: -16844 | BL103: -18311 | BM103: -8285 | BN103: -47167 | BO103: -260 | BP103: -16614 | BQ103: -2644 | BR103: 7638 | BS103: 9885 | BT103: 45163 | BU103: -301 | BV103: 5696 | BW103: 7196 | BX103: -5322 | BY103: 9950 | BZ103: -12135 | CA103: -9908 | CB103: -39108 | CC103: -462 | CD103: -8241 | CE103: -7146 | CF103: -25989 | CH103: =SUMIF($B$1:$CG$1,"<="&VALUE(RIGHT(CH$2,2)&IF(LEFT(CH$2,2)="1S",2,IF(LEFT(CH$2,2)="9M",3,4))),$B103:$CG103)- SUMIF($B$1:$CG$1,"<"&VALUE(RIGHT(CH$2,2))&"0",$B103:$CG103) -> 943 | CI103: =SUMIF($B$1:$CG$1,"<="&VALUE(RIGHT(CI$2,2)&IF(LEFT(CI$2,2)="1S",2,IF(LEFT(CI$2,2)="9M",3,4))),$B103:$CG103)- SUMIF($B$1:$CG$1,"<"&VALUE(RIGHT(CI$2,2))&"0",$B103:$CG103) -> 1763 | CJ103: =SUMIF($B$1:$CG$1,"<="&VALUE(RIGHT(CJ$2,2)&IF(LEFT(CJ$2,2)="1S",2,IF(LEFT(CJ$2,2)="9M",3,4))),$B103:$CG103)- SUMIF($B$1:$CG$1,"<"&VALUE(RIGHT(CJ$2,2))&"0",$B103:$CG103) -> -1147 | CK103: =SUMIF($B$1:$CG$1,"<="&VALUE(RIGHT(CK$2,2)&IF(LEFT(CK$2,2)="1S",2,IF(LEFT(CK$2,2)="9M",3,4))),$B103:$CG103)- SUMIF($B$1:$CG$1,"<"&VALUE(RIGHT(CK$2,2))&"0",$B103:$CG103) -> 25601 | CL103: =SUMIF($B$1:$CG$1,"<="&VALUE(RIGHT(CL$2,2)&IF(LEFT(CL$2,2)="1S",2,IF(LEFT(CL$2,2)="9M",3,4))),$B103:$CG103)- SUMIF($B$1:$CG$1,"<"&VALUE(RIGHT(CL$2,2))&"0",$B103:$CG103) -> 25521 | CM103: =SUMIF($B$1:$CG$1,"<="&VALUE(RIGHT(CM$2,2)&IF(LEFT(CM$2,2)="1S",2,IF(LEFT(CM$2,2)="9M",3,4))),$B103:$CG103)- SUMIF($B$1:$CG$1,"<"&VALUE(RIGHT(CM$2,2))&"0",$B103:$CG103) -> 24279 | CN103: =SUMIF($B$1:$CG$1,"<="&VALUE(RIGHT(CN$2,2)&IF(LEFT(CN$2,2)="1S",2,IF(LEFT(CN$2,2)="9M",3,4))),$B103:$CG103)- SUMIF($B$1:$CG$1,"<"&VALUE(RIGHT(CN$2,2))&"0",$B103:$CG103) -> 5884 | CO103: =SUMIF($B$1:$CG$1,"<="&VALUE(RIGHT(CO$2,2)&IF(LEFT(CO$2,2)="1S",2,IF(LEFT(CO$2,2)="9M",3,4))),$B103:$CG103)- SUMIF($B$1:$CG$1,"<"&VALUE(RIGHT(CO$2,2))&"0",$B103:$CG103) -> 7833 | ... EL103: =SUMIF($B$1:$CG$1,"<="&VALUE(RIGHT(EL$2,2)&IF(LEFT(EL$2,2)="1S",2,IF(LEFT(EL$2,2)="9M",3,4))),$B103:$CG103)- SUMIF($B$1:$CG$1,"<"&VALUE(RIGHT(EL$2,2))&"0",$B103:$CG103) -> -41838
B104: Resultado Financeiro | C104: Financial result | D104: =IF(Menu!$D$12="PT",'Dados Financeiros'!B104,'Dados Financeiros'!C104) -> Resultado Financeiro | E104: =+E106+E105 -> 4328 | F104: =+F106+F105 -> 8809 | G104: =+G106+G105 -> 6622 | H104: =+H106+H105 -> 6881 | I104: =+I106+I105 -> 7703 | J104: =+J106+J105 -> 9569 | K104: =+K106+K105 -> 10542 | L104: =+L106+L105 -> 9691 | ... BN104: =+BN106+BN105 -> -12083 | BO104: -17780 | BP104: =+BP106+BP105 -> -11595 | BQ104: -8233 | BR104: -3987 | BS104: 736 | BT104: -1512 | BU104: -1877 | BV104: -1707 | BW104: -2457 | BX104: =SUM(BX105:BX106) -> -2971 | BY104: =SUM(BY105:BY106) -> -7517 | BZ104: -6419 | CA104: -12466 | CB104: =SUM(CB105:CB106) -> -4602 | CC104: =SUM(CC105:CC106) -> -10188 | CD104: =SUM(CD105:CD106) -> -14039 | CE104: =SUM(CE105:CE106) -> -15197 | CF104: =SUM(CF105:CF106) -> -19415 | CH104: =SUMIF($B$1:$CG$1,"<="&VALUE(RIGHT(CH$2,2)&IF(LEFT(CH$2,2)="1S",2,IF(LEFT(CH$2,2)="9M",3,4))),$B104:$CG104)- SUMIF($B$1:$CG$1,"<"&VALUE(RIGHT(CH$2,2))&"0",$B104:$CG104) -> 13137 | CI104: =SUMIF($B$1:$CG$1,"<="&VALUE(RIGHT(CI$2,2)&IF(LEFT(CI$2,2)="1S",2,IF(LEFT(CI$2,2)="9M",3,4))),$B104:$CG104)- SUMIF($B$1:$CG$1,"<"&VALUE(RIGHT(CI$2,2))&"0",$B104:$CG104) -> 19759 | CJ104: =SUMIF($B$1:$CG$1,"<="&VALUE(RIGHT(CJ$2,2)&IF(LEFT(CJ$2,2)="1S",2,IF(LEFT(CJ$2,2)="9M",3,4))),$B104:$CG104)- SUMIF($B$1:$CG$1,"<"&VALUE(RIGHT(CJ$2,2))&"0",$B104:$CG104) -> 26640 | CK104: =SUMIF($B$1:$CG$1,"<="&VALUE(RIGHT(CK$2,2)&IF(LEFT(CK$2,2)="1S",2,IF(LEFT(CK$2,2)="9M",3,4))),$B104:$CG104)- SUMIF($B$1:$CG$1,"<"&VALUE(RIGHT(CK$2,2))&"0",$B104:$CG104) -> 17272 | CL104: =SUMIF($B$1:$CG$1,"<="&VALUE(RIGHT(CL$2,2)&IF(LEFT(CL$2,2)="1S",2,IF(LEFT(CL$2,2)="9M",3,4))),$B104:$CG104)- SUMIF($B$1:$CG$1,"<"&VALUE(RIGHT(CL$2,2))&"0",$B104:$CG104) -> 27814 | CM104: =SUMIF($B$1:$CG$1,"<="&VALUE(RIGHT(CM$2,2)&IF(LEFT(CM$2,2)="1S",2,IF(LEFT(CM$2,2)="9M",3,4))),$B104:$CG104)- SUMIF($B$1:$CG$1,"<"&VALUE(RIGHT(CM$2,2))&"0",$B104:$CG104) -> 37505 | CN104: =SUMIF($B$1:$CG$1,"<="&VALUE(RIGHT(CN$2,2)&IF(LEFT(CN$2,2)="1S",2,IF(LEFT(CN$2,2)="9M",3,4))),$B104:$CG104)- SUMIF($B$1:$CG$1,"<"&VALUE(RIGHT(CN$2,2))&"0",$B104:$CG104) -> 7351 | CO104: =SUMIF($B$1:$CG$1,"<="&VALUE(RIGHT(CO$2,2)&IF(LEFT(CO$2,2)="1S",2,IF(LEFT(CO$2,2)="9M",3,4))),$B104:$CG104)- SUMIF($B$1:$CG$1,"<"&VALUE(RIGHT(CO$2,2))&"0",$B104:$CG104) -> 14867 | ... EL104: =SUMIF($B$1:$CG$1,"<="&VALUE(RIGHT(EL$2,2)&IF(LEFT(EL$2,2)="1S",2,IF(LEFT(EL$2,2)="9M",3,4))),$B104:$CG104)- SUMIF($B$1:$CG$1,"<"&VALUE(RIGHT(EL$2,2))&"0",$B104:$CG104) -> -58839
B105: Despesas financeiras | C105: Financial expenses | D105: =IF(Menu!$D$12="PT",'Dados Financeiros'!B105,'Dados Financeiros'!C105) -> Despesas financeiras | E105: -6074 | F105: -1847 | G105: -2662 | H105: -2595 | I105: -1935 | J105: -5485 | K105: -4979 | L105: -4367 | M105: -3265 | N105: -4147 | O105: -4312 | P105: -1548 | Q105: -4989 | R105: -8162 | S105: -6637 | T105: -11887 | U105: -9821 | V105: -11771 | W105: -15710 | X105: -10124 | Y105: -10315 | Z105: -8717 | AA105: -11600 | AB105: -10176 | AC105: -16954 | AD105: =-34948-AB105-Z105 -> -16055 | AE105: -21825 | AF105: -20762 | AG105: -18401 | AH105: -27404 | AI105: -18856 | AJ105: -22458 | AK105: -8082 | AL105: -10192 | AM105: -12142 | AN105: -11752 | AO105: -12676 | AP105: -12884 | AQ105: -13335 | AR105: -13184 | AS105: -9289 | AT105: -11052 | AU105: -13623 | AV105: -15620 | AW105: -17741 | AX105: -28329 | AY105: -22748 | AZ105: -20890 | BA105: -19995 | BB105: -23148 | BC105: -22152 | BD105: -22296 | BE105: -19748 | BF105: -19334 | BG105: -14784 | BH105: -12644 | BI105: -13068 | BJ105: -6460 | BK105: -11362 | BL105: -14240 | BM105: -19427 | BN105: -18325 | BO105: -25812 | BP105: -17924 | BQ105: -15186 | BR105: -12604 | BS105: -7730 | BT105: -5063 | BU105: -10198 | BV105: -10464 | BW105: -9156 | BX105: -9354 | BY105: -12581 | BZ105: -12960 | CA105: -18188 | CB105: -13507 | CC105: -15114 | CD105: -17026 | CE105: -18904 | CF105: -21332 | CH105: =SUMIF($B$1:$CG$1,"<="&VALUE(RIGHT(CH$2,2)&IF(LEFT(CH$2,2)="1S",2,IF(LEFT(CH$2,2)="9M",3,4))),$B105:$CG105)- SUMIF($B$1:$CG$1,"<"&VALUE(RIGHT(CH$2,2))&"0",$B105:$CG105) -> -7921 | CI105: =SUMIF($B$1:$CG$1,"<="&VALUE(RIGHT(CI$2,2)&IF(LEFT(CI$2,2)="1S",2,IF(LEFT(CI$2,2)="9M",3,4))),$B105:$CG105)- SUMIF($B$1:$CG$1,"<"&VALUE(RIGHT(CI$2,2))&"0",$B105:$CG105) -> -10583 | CJ105: =SUMIF($B$1:$CG$1,"<="&VALUE(RIGHT(CJ$2,2)&IF(LEFT(CJ$2,2)="1S",2,IF(LEFT(CJ$2,2)="9M",3,4))),$B105:$CG105)- SUMIF($B$1:$CG$1,"<"&VALUE(RIGHT(CJ$2,2))&"0",$B105:$CG105) -> -13178 | CK105: =SUMIF($B$1:$CG$1,"<="&VALUE(RIGHT(CK$2,2)&IF(LEFT(CK$2,2)="1S",2,IF(LEFT(CK$2,2)="9M",3,4))),$B105:$CG105)- SUMIF($B$1:$CG$1,"<"&VALUE(RIGHT(CK$2,2))&"0",$B105:$CG105) -> -7420 | CL105: =SUMIF($B$1:$CG$1,"<="&VALUE(RIGHT(CL$2,2)&IF(LEFT(CL$2,2)="1S",2,IF(LEFT(CL$2,2)="9M",3,4))),$B105:$CG105)- SUMIF($B$1:$CG$1,"<"&VALUE(RIGHT(CL$2,2))&"0",$B105:$CG105) -> -12399 | CM105: =SUMIF($B$1:$CG$1,"<="&VALUE(RIGHT(CM$2,2)&IF(LEFT(CM$2,2)="1S",2,IF(LEFT(CM$2,2)="9M",3,4))),$B105:$CG105)- SUMIF($B$1:$CG$1,"<"&VALUE(RIGHT(CM$2,2))&"0",$B105:$CG105) -> -16766 | CN105: =SUMIF($B$1:$CG$1,"<="&VALUE(RIGHT(CN$2,2)&IF(LEFT(CN$2,2)="1S",2,IF(LEFT(CN$2,2)="9M",3,4))),$B105:$CG105)- SUMIF($B$1:$CG$1,"<"&VALUE(RIGHT(CN$2,2))&"0",$B105:$CG105) -> -7412 | CO105: =SUMIF($B$1:$CG$1,"<="&VALUE(RIGHT(CO$2,2)&IF(LEFT(CO$2,2)="1S",2,IF(LEFT(CO$2,2)="9M",3,4))),$B105:$CG105)- SUMIF($B$1:$CG$1,"<"&VALUE(RIGHT(CO$2,2))&"0",$B105:$CG105) -> -11724 | ... EL105: =SUMIF($B$1:$CG$1,"<="&VALUE(RIGHT(EL$2,2)&IF(LEFT(EL$2,2)="1S",2,IF(LEFT(EL$2,2)="9M",3,4))),$B105:$CG105)- SUMIF($B$1:$CG$1,"<"&VALUE(RIGHT(EL$2,2))&"0",$B105:$CG105) -> -72376
B106: Receitas financeiras | C106: Financial revenues | D106: =IF(Menu!$D$12="PT",'Dados Financeiros'!B106,'Dados Financeiros'!C106) -> Receitas financeiras | E106: 10402 | F106: 10656 | G106: 9284 | H106: 9476 | I106: 9638 | J106: 15054 | K106: 15521 | L106: 14058 | M106: 7223 | N106: 7540 | O106: 11828 | P106: 9939 | Q106: 17002 | R106: 13864 | S106: 16119 | T106: 14431 | U106: 25571 | V106: 35104 | W106: 23205 | X106: 26484 | Y106: 20889 | Z106: 15807 | AA106: 32308 | AB106: 22601 | AC106: 20372 | AD106: =51845-AB106-Z106 -> 13437 | AE106: 6914 | AF106: 2399 | AG106: 12536 | AH106: 18886 | AI106: 26585 | AJ106: 30519 | AK106: 27072 | AL106: 27873 | AM106: 21312 | AN106: 27050 | AO106: 35570 | AP106: 37546 | AQ106: 24871 | AR106: 26317 | AS106: 21624 | AT106: 13181 | AU106: 16271 | AV106: 13183 | AW106: 17419 | AX106: 7202 | AY106: 5000 | AZ106: 7555 | BA106: 5521 | BB106: 1489 | BC106: 13574 | BD106: 5655 | BE106: 8456 | BF106: 3650 | BG106: 4793 | BH106: 5134 | BI106: 7382 | BJ106: 6273 | BK106: 6000 | BL106: 6929 | BM106: 7845 | BN106: 6242 | BO106: 8032 | BP106: 6329 | BQ106: 6953 | BR106: 8617 | BS106: 8466 | BT106: 3551 | BU106: 8321 | BV106: 8757 | BW106: 6699 | BX106: 6383 | BY106: 5064 | BZ106: 6541 | CA106: 5722 | CB106: 8905 | CC106: 4926 | CD106: 2987 | CE106: 3707 | CF106: 1917 | CH106: =SUMIF($B$1:$CG$1,"<="&VALUE(RIGHT(CH$2,2)&IF(LEFT(CH$2,2)="1S",2,IF(LEFT(CH$2,2)="9M",3,4))),$B106:$CG106)- SUMIF($B$1:$CG$1,"<"&VALUE(RIGHT(CH$2,2))&"0",$B106:$CG106) -> 21058 | CI106: =SUMIF($B$1:$CG$1,"<="&VALUE(RIGHT(CI$2,2)&IF(LEFT(CI$2,2)="1S",2,IF(LEFT(CI$2,2)="9M",3,4))),$B106:$CG106)- SUMIF($B$1:$CG$1,"<"&VALUE(RIGHT(CI$2,2))&"0",$B106:$CG106) -> 30342 | CJ106: =SUMIF($B$1:$CG$1,"<="&VALUE(RIGHT(CJ$2,2)&IF(LEFT(CJ$2,2)="1S",2,IF(LEFT(CJ$2,2)="9M",3,4))),$B106:$CG106)- SUMIF($B$1:$CG$1,"<"&VALUE(RIGHT(CJ$2,2))&"0",$B106:$CG106) -> 39818 | CK106: =SUMIF($B$1:$CG$1,"<="&VALUE(RIGHT(CK$2,2)&IF(LEFT(CK$2,2)="1S",2,IF(LEFT(CK$2,2)="9M",3,4))),$B106:$CG106)- SUMIF($B$1:$CG$1,"<"&VALUE(RIGHT(CK$2,2))&"0",$B106:$CG106) -> 24692 | CL106: =SUMIF($B$1:$CG$1,"<="&VALUE(RIGHT(CL$2,2)&IF(LEFT(CL$2,2)="1S",2,IF(LEFT(CL$2,2)="9M",3,4))),$B106:$CG106)- SUMIF($B$1:$CG$1,"<"&VALUE(RIGHT(CL$2,2))&"0",$B106:$CG106) -> 40213 | CM106: =SUMIF($B$1:$CG$1,"<="&VALUE(RIGHT(CM$2,2)&IF(LEFT(CM$2,2)="1S",2,IF(LEFT(CM$2,2)="9M",3,4))),$B106:$CG106)- SUMIF($B$1:$CG$1,"<"&VALUE(RIGHT(CM$2,2))&"0",$B106:$CG106) -> 54271 | CN106: =SUMIF($B$1:$CG$1,"<="&VALUE(RIGHT(CN$2,2)&IF(LEFT(CN$2,2)="1S",2,IF(LEFT(CN$2,2)="9M",3,4))),$B106:$CG106)- SUMIF($B$1:$CG$1,"<"&VALUE(RIGHT(CN$2,2))&"0",$B106:$CG106) -> 14763 | CO106: =SUMIF($B$1:$CG$1,"<="&VALUE(RIGHT(CO$2,2)&IF(LEFT(CO$2,2)="1S",2,IF(LEFT(CO$2,2)="9M",3,4))),$B106:$CG106)- SUMIF($B$1:$CG$1,"<"&VALUE(RIGHT(CO$2,2))&"0",$B106:$CG106) -> 26591 | ... EL106: =SUMIF($B$1:$CG$1,"<="&VALUE(RIGHT(EL$2,2)&IF(LEFT(EL$2,2)="1S",2,IF(LEFT(EL$2,2)="9M",3,4))),$B106:$CG106)- SUMIF($B$1:$CG$1,"<"&VALUE(RIGHT(EL$2,2))&"0",$B106:$CG106) -> 13537
B107: Resultado operacional | C107: Operating result | D107: =IF(Menu!$D$12="PT",'Dados Financeiros'!B107,'Dados Financeiros'!C107) -> Resultado operacional | E107: =E96+E98+E104 -> 18588 | F107: =F96+F98+F104 -> 21706 | G107: =G96+G98+G104 -> 25917 | H107: =H96+H98+H104 -> 2111 | I107: =I96+I98+I104 -> 37246 | J107: =J96+J98+J104 -> 28207 | K107: =K96+K98+K104 -> 19606 | L107: =L96+L98+L104 -> 17107 | ... BN107: =BN96+BN98+BN104 -> -53175 | BO107: -44109.5 | BP107: =BP96+BP98+BP104 -> -58356.49 | BQ107: -5656 | BR107: =BR96+BR98+BR104 -> -8451 | BS107: 4954 | BT107: 18828 | BU107: 7663 | BV107: 7731 | BW107: -5423 | BX107: =+BX104+BX98+BX96 -> -53376 | BY107: =+BY104+BY98+BY96 -> -18521 | BZ107: =+BZ104+BZ98+BZ96 -> -28975 | CA107: =+CA104+CA98+CA96 -> -39939 | CB107: =+CB104+CB98+CB96 -> -50998 | CC107: =+CC104+CC98+CC96 -> -6309 | CD107: =+CD104+CD98+CD96 -> -58154 | CE107: =+CE104+CE98+CE96 -> -5881 | CF107: =+CF104+CF98+CF96 -> -23608 | CH107: =SUMIF($B$1:$CG$1,"<="&VALUE(RIGHT(CH$2,2)&IF(LEFT(CH$2,2)="1S",2,IF(LEFT(CH$2,2)="9M",3,4))),$B107:$CG107)- SUMIF($B$1:$CG$1,"<"&VALUE(RIGHT(CH$2,2))&"0",$B107:$CG107) -> 40294 | CI107: =SUMIF($B$1:$CG$1,"<="&VALUE(RIGHT(CI$2,2)&IF(LEFT(CI$2,2)="1S",2,IF(LEFT(CI$2,2)="9M",3,4))),$B107:$CG107)- SUMIF($B$1:$CG$1,"<"&VALUE(RIGHT(CI$2,2))&"0",$B107:$CG107) -> 66211 | CJ107: =SUMIF($B$1:$CG$1,"<="&VALUE(RIGHT(CJ$2,2)&IF(LEFT(CJ$2,2)="1S",2,IF(LEFT(CJ$2,2)="9M",3,4))),$B107:$CG107)- SUMIF($B$1:$CG$1,"<"&VALUE(RIGHT(CJ$2,2))&"0",$B107:$CG107) -> 68322 | CK107: =SUMIF($B$1:$CG$1,"<="&VALUE(RIGHT(CK$2,2)&IF(LEFT(CK$2,2)="1S",2,IF(LEFT(CK$2,2)="9M",3,4))),$B107:$CG107)- SUMIF($B$1:$CG$1,"<"&VALUE(RIGHT(CK$2,2))&"0",$B107:$CG107) -> 65453 | CL107: =SUMIF($B$1:$CG$1,"<="&VALUE(RIGHT(CL$2,2)&IF(LEFT(CL$2,2)="1S",2,IF(LEFT(CL$2,2)="9M",3,4))),$B107:$CG107)- SUMIF($B$1:$CG$1,"<"&VALUE(RIGHT(CL$2,2))&"0",$B107:$CG107) -> 85059 | CM107: =SUMIF($B$1:$CG$1,"<="&VALUE(RIGHT(CM$2,2)&IF(LEFT(CM$2,2)="1S",2,IF(LEFT(CM$2,2)="9M",3,4))),$B107:$CG107)- SUMIF($B$1:$CG$1,"<"&VALUE(RIGHT(CM$2,2))&"0",$B107:$CG107) -> 102166 | CN107: =SUMIF($B$1:$CG$1,"<="&VALUE(RIGHT(CN$2,2)&IF(LEFT(CN$2,2)="1S",2,IF(LEFT(CN$2,2)="9M",3,4))),$B107:$CG107)- SUMIF($B$1:$CG$1,"<"&VALUE(RIGHT(CN$2,2))&"0",$B107:$CG107) -> 70600 | CO107: =SUMIF($B$1:$CG$1,"<="&VALUE(RIGHT(CO$2,2)&IF(LEFT(CO$2,2)="1S",2,IF(LEFT(CO$2,2)="9M",3,4))),$B107:$CG107)- SUMIF($B$1:$CG$1,"<"&VALUE(RIGHT(CO$2,2))&"0",$B107:$CG107) -> 117838 | ... EL107: =SUMIF($B$1:$CG$1,"<="&VALUE(RIGHT(EL$2,2)&IF(LEFT(EL$2,2)="1S",2,IF(LEFT(EL$2,2)="9M",3,4))),$B107:$CG107)- SUMIF($B$1:$CG$1,"<"&VALUE(RIGHT(EL$2,2))&"0",$B107:$CG107) -> -93952
B109: Outras receitas (despesas) não operacionais | C109: Other non-operating revenues (expenses) | D109: =IF(Menu!$D$12="PT",'Dados Financeiros'!B109,'Dados Financeiros'!C109) -> Outras receitas (despesas) não operacionais | E109: -39509 | F109: 438 | G109: 291 | H109: -231 | I109: 0 | J109: 0 | K109: 0 | L109: 0 | M109: 0 | N109: 0 | O109: 0 | P109: 0 | Q109: 0 | R109: 0 | S109: 0 | T109: 0 | U109: 0 | V109: 0 | W109: 0 | X109: 0 | Y109: 0 | AA109: 0 | AC109: 0 | AE109: 0 | AF109: 0 | AG109: 0 | AH109: 0 | AI109: 0 | AJ109: 0 | AK109: 0 | AL109: 0 | AM109: 0 | AN109: 0 | AO109: 0 | AP109: 0 | AQ109: 0 | AR109: 0 | AS109: 0 | AT109: 0 | AU109: 0 | AV109: 0 | AW109: 0 | AX109: 0 | AY109: 0 | AZ109: 0 | BA109: 0 | BB109: 0 | BC109: 0 | BD109: 0 | BE109: 0 | BF109: 0 | BG109: 0 | BH109: 0 | BI109: 0 | BJ109: 0 | BK109: 0 | BL109: 0 | BM109: 0 | BN109: 0 | BO109: 0 | BP109: 0 | BQ109: 0 | BR109: 0 | BS109: 0 | BT109: 0 | BU109: 0 | BV109: 0 | BW109: 0 | BX109: 0 | BY109: 0 | BZ109: 0 | CA109: 0 | CB109: 0 | CC109: 0 | CD109: 0 | CE109: 0 | CF109: 0 | CH109: =SUMIF($B$1:$CG$1,"<="&VALUE(RIGHT(CH$2,2)&IF(LEFT(CH$2,2)="1S",2,IF(LEFT(CH$2,2)="9M",3,4))),$B109:$CG109)- SUMIF($B$1:$CG$1,"<"&VALUE(RIGHT(CH$2,2))&"0",$B109:$CG109) -> -39071 | CI109: =SUMIF($B$1:$CG$1,"<="&VALUE(RIGHT(CI$2,2)&IF(LEFT(CI$2,2)="1S",2,IF(LEFT(CI$2,2)="9M",3,4))),$B109:$CG109)- SUMIF($B$1:$CG$1,"<"&VALUE(RIGHT(CI$2,2))&"0",$B109:$CG109) -> -38780 | CJ109: =SUMIF($B$1:$CG$1,"<="&VALUE(RIGHT(CJ$2,2)&IF(LEFT(CJ$2,2)="1S",2,IF(LEFT(CJ$2,2)="9M",3,4))),$B109:$CG109)- SUMIF($B$1:$CG$1,"<"&VALUE(RIGHT(CJ$2,2))&"0",$B109:$CG109) -> -39011 | CK109: =SUMIF($B$1:$CG$1,"<="&VALUE(RIGHT(CK$2,2)&IF(LEFT(CK$2,2)="1S",2,IF(LEFT(CK$2,2)="9M",3,4))),$B109:$CG109)- SUMIF($B$1:$CG$1,"<"&VALUE(RIGHT(CK$2,2))&"0",$B109:$CG109) -> 0 | CL109: =SUMIF($B$1:$CG$1,"<="&VALUE(RIGHT(CL$2,2)&IF(LEFT(CL$2,2)="1S",2,IF(LEFT(CL$2,2)="9M",3,4))),$B109:$CG109)- SUMIF($B$1:$CG$1,"<"&VALUE(RIGHT(CL$2,2))&"0",$B109:$CG109) -> 0 | CM109: =SUMIF($B$1:$CG$1,"<="&VALUE(RIGHT(CM$2,2)&IF(LEFT(CM$2,2)="1S",2,IF(LEFT(CM$2,2)="9M",3,4))),$B109:$CG109)- SUMIF($B$1:$CG$1,"<"&VALUE(RIGHT(CM$2,2))&"0",$B109:$CG109) -> 0 | CN109: =SUMIF($B$1:$CG$1,"<="&VALUE(RIGHT(CN$2,2)&IF(LEFT(CN$2,2)="1S",2,IF(LEFT(CN$2,2)="9M",3,4))),$B109:$CG109)- SUMIF($B$1:$CG$1,"<"&VALUE(RIGHT(CN$2,2))&"0",$B109:$CG109) -> 0 | CO109: =SUMIF($B$1:$CG$1,"<="&VALUE(RIGHT(CO$2,2)&IF(LEFT(CO$2,2)="1S",2,IF(LEFT(CO$2,2)="9M",3,4))),$B109:$CG109)- SUMIF($B$1:$CG$1,"<"&VALUE(RIGHT(CO$2,2))&"0",$B109:$CG109) -> 0 | ... EL109: =SUMIF($B$1:$CG$1,"<="&VALUE(RIGHT(EL$2,2)&IF(LEFT(EL$2,2)="1S",2,IF(LEFT(EL$2,2)="9M",3,4))),$B109:$CG109)- SUMIF($B$1:$CG$1,"<"&VALUE(RIGHT(EL$2,2))&"0",$B109:$CG109) -> 0
